Workbook

Sheet Monitoring_eng
A1: questionID | B1: question | C1: Bakhmut | D1: Bakhmut_comment | E1: Berdychiv | F1: Berdychiv_comment | G1: Berdiansk | H1: Berdiansk_comment | I1: Bila Tserkva | J1: Bila Tserkva_comment | K1: Brovary | L1: Brovary_comment | M1: Vinnytsia | N1: Vinnytsia_comment | O1: Dnipro | P1: Dnipro_comment | Q1: Drohobych | R1: Drohobych_comment | S1: Zhytomyr | T1: Zhytomyr_comment | U1: Zaporizhzhia | V1: Zaporizhzhia_comment | W1: Ivano-Frankivsk | X1: Ivano-Frankivsk_comment | Y1: Izmail | Z1: Izmail_comment | AA1: Kamianets-Podilskyi | AB1: Kamianets-Podilskyi_comment | AC1: Kamianske | AD1: Kamianske_comment | AE1: Kyiv | AF1: Kyiv_comment | AG1: Kovel | AH1: Kovel_comment | AI1: Konotop | AJ1: Konotop_comment | AK1: Kostiantynivka | AL1: Kostiantynivka_comment | AM1: Kramatorsk | AN1: Kramatorsk_comment | AO1: Kremenchuk | AP1: Kremenchuk_comment | AQ1: Kryvyi Rih | AR1: Kryvyi Rih_comment | AS1: Kropyvnytskyi | AT1: Kropyvnytskyi_comment | AU1: Lysychansk | AV1: Lysychansk_comment | AW1: Lutsk | AX1: Lutsk_comment | AY1: Lviv | AZ1: Lviv_comment | BA1: Mariupol | BB1: Mariupol_comment | BC1: Melitopol | BD1: Melitopol_comment | BE1: Mykolaiv | BF1: Mykolaiv_comment | BG1: Mukacheve | BH1: Mukacheve_comment | BI1: Nizhyn | BJ1: Nizhyn_comment | BK1: Nikopol | BL1: Nikopol_comment | BM1: Novomoskovsk | BN1: Novomoskovsk_comment | BO1: Odesa | BP1: Odesa_comment | BQ1: Oleksandriia | BR1: Oleksandriia_comment | BS1: Pavlohrad | BT1: Pavlohrad_comment | BU1: Poltava | BV1: Poltava_comment | BW1: Rivne | BX1: Rivne_comment | BY1: Sievierodonetsk | BZ1: Sievierodonetsk_comment | CA1: Sloviansk | CB1: Sloviansk_comment | CC1: Sumy | CD1: Sumy_comment | CE1: Ternopil | CF1: Ternopil_comment | CG1: Uzhhorod | CH1: Uzhhorod_comment | CI1: Uman | CJ1: Uman_comment | CK1: Kharkiv | CL1: Kharkiv_comment | CM1: Kherson | CN1: Kherson_comment | CO1: Khmelnytskyi | CP1: Khmelnytskyi_comment | CQ1: Cherkasy | CR1: Cherkasy_comment | CS1: Chernivtsi | CT1: Chernivtsi_comment | CU1: Chernihiv | CV1: Chernihiv_comment | CW1: Shostka | CX1: Shostka_comment
A2: Q1 | B2: Is there an online platform for communication between citizens and the City Council available on the City Council website for filing complaints, suggestions and appeals, as well as requests for information? | C2: yes | D2: http://artemrada.gov.ua/8587 http://artemrada.gov.ua/28172 | E2: yes | F2: http://www.berdychiv.com.ua/index.php?do=feedback https://berdychiv.com.ua/%d0%b7%d0%b2%d0%b5%d1%80%d0%bd%d0%b5%d0%bd%d0%bd%d1%8f/ | G2: yes | H2: https://bmr.gov.ua/index.php?id=521 http://petition.bmr.gov.ua https://bmr.gov.ua/index.php?id=800000253 https://bmr.gov.ua/index.php?id=800000267 | I2: yes | J2: https://new.bc-rada.gov.ua/zhyteliam/zvernennia_bc.html | K2: yes | L2: http://brovary-rada.gov.ua/content/centr-nadannya-administrativnih-poslug.html http://brovary-rada.gov.ua/content/feedback.html | M2: yes | N2: https://www.vmr.gov.ua/Lists/Officials/Default.aspx https://1560.vmr.gov.ua/default.aspx; | O2: yes | P2: http://dmr.dp.ua/dniprorada/ | Q2: yes | R2: http://drohobych-rada.gov.ua/servisy/ https://drohobych-rada.gov.ua/%d0%bf%d1%80%d0%b8%d0%b9%d0%bc%d0%b0%d0%bb%d1%8c%d0%bd%d1%8f/%d0%b5%d0%bb%d0%b5%d0%ba%d1%82%d1%80%d0%be%d0%bd%d0%bd%d0%b5-%d0%b7%d0%b2%d0%b5%d1%80%d0%bd%d0%b5%d0%bd%d0%bd%d1%8f/ | S2: no | U2: yes | V2: https://zp.gov.ua/uk/page/council_email https://1580.zp.gov.ua/ https://zp.gov.ua/uk/page/contact-form | W2: yes | X2: http://www.emvk.if.ua/ http://www.mvk.if.ua/advisor | Y2: partially | Z2: http://izmail-rada.gov.ua/component/content/article/164-2011-01-31-07-52-55/2448-2012-08-14-05-12-27 | AA2: yes | AB2: http://kam-pod.gov.ua/gromadianam/zapitannia-do-vladi | AC2: yes | AD2: http://ez.kam.gov.ua/ | AE2: yes | AF2: https://kyivcity.gov.ua/publichna_informatsiya_257928/podati_zapit_onlayn_257949.html https://1551.gov.ua/ zvernen@kmda.gov.ua https://kmr.gov.ua/uk/content/korysna-informaciya zapyt@kmr.gov.ua | AG2: yes | AH2: http://kovelrada.gov.ua/appeals_citizens.html | AI2: yes | AJ2: https://konotop-rada.gov.ua/zvorotnij-zviazok/ | AK2: yes | AL2: http://konstrada.gov.ua/zvernennya-gromadyan | AM2: yes | AN2: http://www.krm.gov.ua/zapit/view/135 http://www.krm.gov.ua/zapit/view/29 | AO2: yes | AP2: https://petition.kremen.gov.ua/ | AQ2: yes | AR2: http://kr.gov.ua/ua/consultationform/ | AS2: yes | AT2: http://www.kr-rada.gov.ua/contacts_g/ http://kr-rada.gov.ua/contacts/ | AU2: yes | AV2: complaint@lis.gov.ua. | AW2: yes | AX2: https://www.lutskrada.gov.ua/public-information/request https://www.lutskrada.gov.ua/pages/elektronne-zvernennia | AY2: yes | AZ2: https://city-adm.lviv.ua/services/application | BA2: yes | BB2: https://mariupolrada.gov.ua/login | BC2: yes | BD2: https://cabinet.mlt.gov.ua/ | BE2: yes | BF2: https://mkrada.gov.ua/ | BG2: yes | BH2: https://mukachevo-rada.gov.ua/golovna/instrumenti-meshkancya/zvernennya-gromadyan/elektronne-zvernennya | BI2: yes | BJ2: https://nizhynrada.gov.ua/login | BK2: yes | BL2: http://nikopol-mrada.dp.gov.ua/servisi/pytannia-meru | BM2: no | BN2: https://novomoskovsk-rada.dp.gov.ua/ua/gromadskosti/zvernennya-gromadyan/zvernennya-gromadyan-do-miskoyi-vladi | BO2: yes | BP2: https://1535.odessa.ua/ https://www.omr.gov.ua/ua/city/departments/gorzdrav/appeal/ | BQ2: yes | BR2: http://olexrada.gov.ua/zapmg | BS2: yes | BT2: https://pavlogradmrada.dp.gov.ua/napisat-pismo-mehru https://pavlogradmrada.dp.gov.ua/dostup-do-publichno%d1%97-informaci%d1%97/oformlennya-zapitu.html | BU2: yes | BV2: http://www.rada-poltava.gov.ua/petition/ | BW2: yes | BX2: www.city-adm.rv.ua http://medrivne.com.ua; http://rivnerada.gov.ua/PublicServices/add-citizen-appeal; https://rivnerada.gov.ua/petitions/home | BY2: yes | BZ2: https://sed-rada.gov.ua/ | CA2: yes | CB2: http://ez.slavrada.gov.ua/ | CC2: yes | CD2: https://petition.e-dem.ua/sumy https://smr.gov.ua/uk/elektronne-zvernennia/8179-elektronne-zvernennya.html https://smr.gov.ua/uk/dokumenti/dostup-do-publichnoji-informatsiji/2180-pro-dostup-do-publichnoji-informatsiji-u-sumskij-miskij-radi.html | CE2: yes | CF2: https://ternopilcity.gov.ua/municipal-data-map/form-elektronnogo-zapitu/ https://ternopilcity.gov.ua/municipal-data-map/form-elektronnogo-zvernennya/ | CG2: yes | CH2: https://rada-uzhgorod.gov.ua/zvernennya-gromadyan/ https://rada-uzhgorod.gov.ua/zvernennya-gromadyan-1-1 https://opencity.in.ua/issuelist#r=UA2110100000 https://rada-uzhgorod.gov.ua/dostup-do-publichnoyi-informatsiyi/ | CI2: yes | CJ2: https://uman-rada.gov.ua/index.php/hromadskosti | CK2: yes | CL2: https://www.city.kharkov.ua/uk/gorodskaya-vlast/gorodskoj-golova/obratnaya-svyaz/vopros-gorodskomu-golove.html http://www.citv.kharkov.ua/ukypublichnava-infonnacziva.html http://cdr.citynet.kharkov.ua/webdocprof | CM2: yes | CN2: http://mvk.kherson.ua/zvernenya http://www.city.kherson.ua/c/publichna-informaciya/s/publichna-informaciya http://www.city.kherson.ua/guestbook/ https://igov.org.ua/service/161/general | CO2: yes | CP2: https://khm.gov.ua/uk/content/elektronni-zvernennya | CQ2: yes | CR2: http://chmr.gov.ua/ua/text.php?s=4&s1=34 | CS2: yes | CT2: http://zvernennya.chernivtsy.eu/ | CU2: yes | CV2: https://petition.e-dem.ua/chernihiv https://igov.org.ua/service/659/general | CW2: yes | CX2: http://shostka-smartcity.com/
A3: Q2 | B3: Do the responds to citizens' appeals, suggestions, and complaints are available on the respective online platform for public observation? | C3: no | E3: no | G3: no | I3: no | K3: no | M3: yes | N3: https://www.vmr.gov.ua/Lists/CitizenAddressResponses/Default.aspx | O3: no | Q3: no | S3: no | U3: no | W3: no | Y3: yes | Z3: http://izmail-rada.gov.ua/component/content/article/164-2011-01-31-07-52-55/2448-2012-08-14-05-12-27 | AA3: yes | AB3: http://kam-pod.gov.ua/gromadianam/zapitannia-do-vladi | AC3: no | AE3: yes | AF3: https://old.kyivcity.gov.ua/public-info/ | AG3: no | AI3: no | AK3: no | AM3: no | AO3: no | AQ3: no | AS3: no | AU3: yes | AV3: http://lis.gov.ua/2011-03-25-08-36-56/2011-06-10-10-24-37.html | AW3: no | AY3: no | BA3: no | BC3: no | BE3: no | BG3: no | BI3: no | BK3: yes | BL3: http://nikopol-mrada.dp.gov.ua/servisi/vidpovidi | BM3: no | BO3: yes | BP3: 1535.odessa.ua - https://1535.odessa.ua/petition/i-MjgxMTQ3/ | BQ3: no | BS3: yes | BT3: https://pavlogradmrada.dp.gov.ua/category/otvety-mehra-zhitelyam-goroda | BU3: no | BV3: https://petition.rada-poltava.gov.ua/petition/view?id=1 | BW3: partially | BX3: https://rivnerada.gov.ua/petitions/view-petition/6631 | BY3: no | CA3: no | CC3: yes | CD3: https://petition.e-dem.ua/sumy | CE3: no | CG3: partially | CH3: https://opencity.in.ua/issuelist#r=UA2110100000 | CI3: no | CK3: no | CM3: no | CO3: yes | CP3: https://opencity.e-dem.ua/map/UA6810100000 | CQ3: no | CS3: yes | CT3: http://zvernennya.chernivtsy.eu/ | CU3: yes | CV3: https://petition.e-dem.ua/chernihiv | CW3: no
A4: Q3 | B4: Are the responds to citizens' appeals, suggestions, and complaints sent/published on the respective online platform within ten working days? | C4: no | E4: partially | F4: https://berdychiv.com.ua/wp-content/uploads/2020/10/%D0%92%D0%B5%D1%80%D0%B5%D1%81%D0%B5%D0%BD%D1%8C-2020.pdf | G4: no | I4: no | K4: no | M4: yes | N4: https://www.vmr.gov.ua/Lists/CitizenAddressResponses/Default.aspx | O4: no | Q4: yes | S4: yes | T4: http://zt-rada.gov.ua | U4: no | W4: yes | X4: http://www.emvk.if.ua/ | Y4: yes | Z4: http://izmail-rada.gov.ua/component/content/article/164-2011-01-31-07-52-55/2448-2012-08-14-05-12-27 | AA4: yes | AB4: http://kam-pod.gov.ua/gromadianam/zapitannia-do-vladi http://kam-pod.gov.ua/gromadianam/zapitannia-do-vladi http://kam-pod.gov.ua/gromadianam/zapitannia-do-vladi | AC4: yes | AE4: yes | AF4: https://old.kyivcity.gov.ua/public-info/ | AG4: yes | AI4: no | AK4: no | AM4: no | AO4: no | AQ4: no | AS4: no | AU4: no | AW4: no | AY4: no | BA4: no | BC4: no | BE4: no | BG4: yes | BI4: yes | BK4: yes | BL4: http://nikopol-mrada.dp.gov.ua/servisi/vidpovidi | BM4: no | BO4: yes | BP4: https://1535.odessa.ua/petition/i-Mjg0MTg3/ | BQ4: no | BS4: no | BU4: no | BV4: https://petition.rada-poltava.gov.ua/petition/view?id=1 | BW4: partially | BX4: https://rivnerada.gov.ua/petitions/view-petition/6632 | BY4: no | CA4: no | CC4: yes | CD4: https://petition.e-dem.ua/sumy/Petition/View/2519 | CE4: yes | CG4: partially | CH4: https://rada-uzhgorod.gov.ua/uploads/sites/2/2017/05/ZAKON-UKRAYIN1Pro-zvernen.gromad.zi-zminamy.pdf http://old.rada-uzhgorod.gov.ua/download/v/R_455_vidkrute_misto_12.11.14.pdf | CI4: yes | CK4: no | CM4: no | CO4: yes | CQ4: no | CS4: yes | CU4: yes | CV4: https://petition.e-dem.ua/chernihiv | CW4: yes | CX4: http://shostka-smartcity.com/statement/index
A5: Q4 | B5: Is there a possibility to track the progress of appeals, complaints, and suggestions on the respective online platform through the indication of information on acceptance for consideration, employee responsible for processing, as well as the term of consideration? | C5: no | E5: no | G5: no | I5: no | K5: no | M5: yes | N5: https://transparent.vmr.gov.ua/LicencingProceduresCheckLib/LPCheck.aspx | O5: yes | P5: https://hotline.dniprorada.gov.ua/ | Q5: yes | R5: https://drohobych-rada.gov.ua/%d0%bf%d1%80%d0%b8%d0%b9%d0%bc%d0%b0%d0%bb%d1%8c%d0%bd%d1%8f/%d0%b5%d0%bb%d0%b5%d0%ba%d1%82%d1%80%d0%be%d0%bd%d0%bd%d0%b5-%d0%b7%d0%b2%d0%b5%d1%80%d0%bd%d0%b5%d0%bd%d0%bd%d1%8f/ | S5: no | U5: no | W5: yes | X5: http://www.emvk.if.ua/stan | Y5: no | AA5: yes | AB5: http://kam-pod.gov.ua/gromadianam/zapitannia-do-vladi | AC5: yes | AD5: http://ez.kam.gov.ua/ua/appeal_go_add/ | AE5: no | AG5: no | AI5: no | AK5: no | AM5: no | AO5: no | AQ5: yes | AR5: http://kr.gov.ua/ua/consultationform/ | AS5: no | AU5: no | AW5: no | AY5: yes | AZ5: https://city-adm.lviv.ua/services/results | BA5: no | BC5: no | BE5: no | BG5: yes | BH5: https://mukachevo-rada.gov.ua/golovna/instrumenti-meshkancya/zvernennya-gromadyan/perevirka-zvernennya | BI5: no | BK5: no | BM5: no | BO5: yes | BP5: 1535.odessa.ua https://1535.odessa.ua/petition/i-MjgxMTQ3/ | BQ5: no | BS5: no | BU5: yes | BV5: https://petition.rada-poltava.gov.ua/petition/view?id=1 | BW5: partially | BX5: https://rivnerada.gov.ua/petitions/view-petition/6633 | BY5: no | CA5: yes | CB5: http://ez.slavrada.gov.ua/stan | CC5: yes | CD5: https://petition.e-dem.ua/sumy/Petition/View/2519 | CE5: no | CG5: partially | CI5: yes | CK5: no | CM5: no | CO5: yes | CP5: https://opencity.e-dem.ua/map/UA6810100000 | CQ5: no | CS5: yes | CU5: no | CV5: https://petition.e-dem.ua/chernihiv | CW5: no
A6: Q5 | B6: Does the municipality provide the responce to requests for information within the statutory deadlines (within five days from the date of receipt of request)? (filling in the questionnaire) | C6: yes | D6: response received in time | E6: yes | F6: receipt of the letter confirmed | G6: yes | H6: response received in time | I6: no | J6: receipt of the letter confirmed | K6: yes | L6: response received in time | M6: yes | N6: response received in time | O6: yes | P6: response received in time | Q6: no | S6: yes | T6: response received in time | U6: yes | V6: response received in time | W6: yes | X6: response received in time | Y6: yes | Z6: response received in time | AA6: yes | AB6: response received in time | AC6: yes | AD6: response received in time | AE6: no | AG6: no | AH6: 10 | AI6: yes | AJ6: response received in time | AK6: yes | AL6: response received in time | AM6: yes | AN6: response received in time | AO6: yes | AP6: response received in time | AQ6: yes | AR6: response received in time | AS6: yes | AT6: response received in time | AU6: yes | AW6: yes | AX6: response received in time | AY6: no | AZ6: receipt of the letter confirmed | BA6: no | BB6: response received in 10 days | BC6: yes | BD6: response received in time | BE6: yes | BF6: response received in time | BG6: no | BI6: no | BK6: yes | BL6: response received in time | BM6: yes | BN6: response received in time | BO6: yes | BP6: response received in time | BQ6: yes | BR6: response received in time | BS6: yes | BT6: response received in time | BU6: yes | BV6: response received in time | BW6: yes | BX6: response received in time | BY6: no | CA6: no | CB6: receipt of the letter confirmed | CC6: yes | CD6: response received in time | CE6: yes | CF6: response received in time | CG6: yes | CH6: response received in time | CI6: no | CK6: yes | CL6: response received in time | CM6: yes | CN6: response received in time | CO6: yes | CP6: response received in time | CQ6: yes | CR6: response received in time | CS6: yes | CT6: response received in time | CU6: yes | CV6: response received in time | CW6: yes | CX6: response received in time
A7: Q6 | B7: Does the municipality provide the responce to requests for information in full? (filling in the questionnaire) | C7: yes | D7: response received in full | E7: yes | F7: response received in full | G7: yes | H7: response received in full | I7: no | K7: yes | L7: response received in full | M7: yes | N7: response received in full | O7: yes | P7: response received in time | Q7: yes | R7: response received in full | S7: yes | T7: response received in time | U7: yes | V7: response received in time | W7: yes | X7: response received in time | Y7: yes | Z7: response received in full | AA7: yes | AB7: response received in full | AC7: yes | AD7: response received in full | AE7: no | AG7: yes | AH7: response received in full | AI7: yes | AJ7: response received in full | AK7: yes | AL7: response received in full | AM7: yes | AN7: response received in full | AO7: yes | AP7: response received in full | AQ7: yes | AR7: response received in full | AS7: yes | AT7: response received in full | AU7: no | AW7: yes | AX7: response received in full | AY7: no | BA7: yes | BB7: response received in full | BC7: yes | BD7: response received in full | BE7: yes | BF7: response received in full | BG7: no | BI7: no | BK7: yes | BL7: response received in full | BM7: yes | BN7: response received in full | BO7: yes | BP7: response received in full | BQ7: yes | BR7: response received in full | BS7: yes | BT7: response received in full | BU7: yes | BV7: response received in full | BW7: yes | BX7: response received in full | BY7: no | CA7: no | CC7: yes | CD7: response received in full | CE7: yes | CF7: response received in full | CG7: yes | CH7: response received in full | CI7: no | CK7: yes | CL7: response received in full | CM7: yes | CN7: response received in full | CO7: yes | CP7: response received in full | CQ7: yes | CR7: response received in full | CS7: yes | CT7: response received in full | CU7: yes | CV7: response received in full | CW7: yes | CX7: response received in full
A8: Q7 | B8: Does the municipality provide the responce to requests for information within the statutory deadlines (within five days from the date of receipt of request)? (response to the 'Secret shopper’s request') | C8: yes | D8: response received in time | E8: no | F8: response received in 10 days | G8: yes | H8: response received in time | I8: no | K8: yes | L8: response received in time | M8: yes | N8: response received in time | O8: no | Q8: no | R8: response received in 10 days | S8: yes | T8: response received in time | U8: yes | V8: received a timely response to extend the term of consideration of the request to 10 days | W8: yes | X8: response received in time | Y8: yes | Z8: response received in time | AA8: yes | AB8: response received in time | AC8: yes | AD8: response received in time | AE8: no | AF8: response received in 10 days | AG8: no | AH8: response received in 10 days | AI8: no | AJ8: response received in 10 days | AK8: no | AM8: yes | AN8: response received in time | AO8: no | AQ8: yes | AR8: response received in time | AS8: no | AT8: response received in 9 days | AU8: yes | AV8: response received in time | AW8: yes | AX8: response received in time | AY8: partially | AZ8: receipt of the letter confirmed | BA8: no | BB8: response received in 10 days | BC8: no | BD8: response received in 10 days | BE8: yes | BF8: response received in time | BG8: yes | BH8: response received in time | BI8: yes | BJ8: response received in time | BK8: no | BL8: response received in 10 days | BM8: no | BN8: response received in 10 days | BO8: no | BP8: response received in 10 days | BQ8: no | BR8: response received in 10 days | BS8: no | BU8: no | BV8: response received in 10 days | BW8: no | BX8: response received in 10 days | BY8: no | CA8: no | CB8: response received in 10 days | CC8: no | CD8: response received in 10 days | CE8: yes | CF8: response received in time | CG8: yes | CH8: response received in time | CI8: yes | CJ8: response received in time | CK8: yes | CL8: response received in time | CM8: yes | CN8: response received in time | CO8: yes | CP8: response received in time | CQ8: yes | CR8: response received in time | CS8: yes | CT8: response received in time | CU8: yes | CV8: response received in time | CW8: yes | CX8: response received in time
A9: Q8 | B9: Does the municipality provide the responce to requests for information in full? (response to the 'Secret shopper’s request') | C9: yes | D9: response received in full | E9: yes | F9: response received in full | G9: no | H9: refusal to provide documents in electronic format | I9: no | K9: no | L9: issued an invoice for payment and did not provide anything, even 10 free pages. there is no need to pay for electronic format. | M9: yes | N9: issued an invoice for payment for the electronic format of reply. | O9: no | Q9: partially | S9: yes | T9: response received in time | U9: yes | V9: 10 | W9: yes | X9: response received in time | Y9: yes | Z9: response received in time | AA9: yes | AB9: response received in full | AC9: yes | AD9: response received in full | AE9: yes | AF9: response received in full | AG9: partially | AI9: yes | AJ9: response received in full | AK9: no | AM9: yes | AN9: response received in full | AO9: no | AQ9: yes | AR9: response received in time | AS9: partially | AU9: no | AW9: partially | AY9: partially | AZ9: after filing a complaint, the Lviv City Council sent an answer to the questions | BA9: partially | BC9: partially | BE9: partially | BG9: partially | BI9: partially | BK9: yes | BL9: response received in full | BM9: yes | BN9: response received in full | BO9: yes | BP9: response received in full | BQ9: yes | BR9: response received in full | BS9: no | BU9: yes | BV9: response received in full | BW9: yes | BX9: response received in full | BY9: no | CA9: yes | CB9: response received in full | CC9: yes | CD9: response received in full | CE9: yes | CF9: response received in full | CG9: yes | CH9: response received in full | CI9: yes | CJ9: response received in full | CK9: yes | CL9: response received in full | CM9: yes | CN9: response received in full | CO9: yes | CP9: response received in full | CQ9: yes | CR9: response received in full | CS9: yes | CT9: response received in full | CU9: yes | CV9: response received in full | CW9: yes | CX9: response received in full
A10: Q9 | B10: Are the reports on the processing of requests for public information published periodically (at least annually) on the City Council website? | C10: yes | D10: http://artemrada.gov.ua/2083 | E10: yes | F10: https://berdychiv.com.ua/%d0%bf%d1%80%d0%be%d0%b7%d0%be%d1%80%d1%96%d1%81%d1%82%d1%8c/%d0%b7%d0%b2%d1%96%d1%82%d0%b8-%d0%b7-%d0%bd%d0%b0%d0%b4%d1%85%d0%be%d0%b4%d0%b6%d0%b5%d0%bd%d0%bd%d1%8f-%d0%b7%d0%b0%d0%bf%d0%b8%d1%82%d1%96%d0%b2-%d0%bd%d0%b0-%d1%96%d0%bd%d1%84%d0%be%d1%80%d0%bc/ | G10: yes | H10: http://bmr.gov.ua/index.php?id=800000514 | I10: yes | J10: https://new.bc-rada.gov.ua/zhyteliam/publichna_informatsiia_new.html | K10: yes | L10: http://brovary-rada.gov.ua/content/dostup-do-publichnoi-informacii1.html | M10: yes | N10: https://www.vmr.gov.ua/TransparentCity/SitePages/AppealsRequestsInfo.aspx | O10: yes | P10: https://dniprorada.gov.ua/uk/page/zviti-pro-zapiti-na-publichnu-informaciyu | Q10: yes | R10: https://opendata.drohobych-rada.gov.ua/dataset/%D0%B7%D0%B2%D1%96%D1%82%D0%B8-%D0%B2-%D1%82%D0%BE%D0%BC%D1%83-%D1%87%D0%B8%D1%81%D0%BB%D1%96-%D1%89%D0%BE-%D0%B4%D0%BE-%D0%B7%D0%B0%D0%B4%D0%BE%D0%B2%D0%BE%D0%BB%D0%B5%D0%BD%D0%BD%D1%8F-%D0%B7%D0%B0%D0%BF%D0%B8%D1%82%D1%96%D0%B2-%D0%BD%D0%B0-%D1%96%D0%BD%D1%84%D0%BE%D1%80%D0%BC%D0%B0%D1%86%D1%96%D1%8E | S10: no | T10: http://zt-rada.gov.ua/?3506[0]=29 | U10: yes | V10: https://zp.gov.ua/uk/page/zviti-pro-zadovolennya-zapitiv-na-publichnu-informaciyu | W10: yes | X10: http://www.mvk.if.ua/pinfzv | Y10: no | AA10: yes | AB10: http://kam-pod.gov.ua/documents/dostup-do-publ-informatsii/zviti-ta-poshireni-vidpovidi | AC10: yes | AD10: http://kam.gov.ua/dostup_do_publichnoi_informatsii/zviti | AE10: yes | AF10: http://kmr.gov.ua/uk/content/zvity | AG10: yes | AH10: http://www.kovelrada.gov.ua/zviti_cshodo_zadovolennya_zapitiv_na_publichnu_informaciyu.html | AI10: no | AK10: no | AM10: no | AO10: partially | AP10: https://kremen.gov.ua/index.php?view=single-str&dep-id=14&page_id_two=805 2020 | AQ10: yes | AR10: https://kr.gov.ua/ua/st/pg/40121188543109_s/ | AS10: yes | AT10: https://kr-rada.gov.ua/informatsiya-pro-stan-vikonannya-zakonu-ukrayini-pro-dostup-do-publichnoyi-informatsiyi-pomisyachno-2020/ | AU10: yes | AV10: http://lis.gov.ua/2013-08-07-05-49-53/2013-08-09-08-37-38.html | AW10: yes | AX10: https://www.lutskrada.gov.ua/pages/zvity-pro-nadkhodzhennia-zapytiv | AY10: yes | AZ10: https://city-adm.lviv.ua/public-information/gov-officials/sadovyi-andrii-ivanovych/zvit | BA10: yes | BB10: https://mariupolrada.gov.ua/page/zviti-z-nadhodzhennja-zapitiv-na-informaciju | BC10: yes | BD10: http://mlt.gov.ua/index.php?option=com_content&task=view&id=4370&Itemid=296 | BE10: yes | BF10: http://mkrada.gov.ua/content/zviti.html | BG10: yes | BH10: https://mukachevo-rada.gov.ua/timeline?&type=all&tag=%D0%9F%D1%80%D0%BE%20%D0%B7%D0%B0%D0%B4%D0%BE%D0%B2%D0%BE%D0%BB%D0%B5%D0%BD%D0%BD%D1%8F%20%D0%B7%D0%B0%D0%BF%D0%B8%D1%82%D1%96%D0%B2%20%D0%BD%D0%B0%20%D0%BF%D1%83%D0%B1%D0%BB%D1%96%D1%87%D0%BD%D1%83%20%D1%96%D0%BD%D1%84%D0%BE%D1%80%D0%BC%D0%B0%D1%86%D1%96%D1%8E | BI10: yes | BJ10: https://nizhynrada.gov.ua/nmr/miskiy-golova/zvernennya-gromadyan/informaciya-pro-stan-roboti-iz-zvernennyami-gromadyan | BK10: yes | BL10: http://nikopol-mrada.dp.gov.ua/publichna-informatsiia/zvit-po-informatsiinym-zapytam | BM10: partially | BN10: https://novomoskovsk-rada.dp.gov.ua/ua/gromadskosti/zvernennya-gromadyan/zviti-po-zvernennyam-gromadyan 2017-2020 . | BO10: yes | BP10: https://omr.gov.ua/ua/open-city/public/otcheti/ | BQ10: no | BS10: yes | BT10: http://pavlogradmrada.dp.gov.ua/category/vikonkom-2/zapiti-na-publichnu-informaciyu | BU10: yes | BV10: http://www.rada-poltava.gov.ua/documents/public_reports/; https://rada-poltava.gov.ua/public/reports/ | BW10: no | BY10: yes | BZ10: http://sed-rada.gov.ua/dostup-do-publichnoyi-informaciyi/zviti-shchodo-zadovolennya-zapitiv-na-publichnu-informaciyu | CA10: yes | CB10: http://www.slavrada.gov.ua/?view=public_info | CC10: yes | CD10: https://smr.gov.ua/uk/dokumenti/dostup-do-publichnoji-informatsiji.html; https://docs.google.com/viewer?url=http://smr.gov.ua/images/misto/Gorodyanuny/Dostup_do_publichnoi_inform/2021/01-2021_vikonavci_organi_SMR.docx&embedded=true | CE10: yes | CF10: https://ternopilcity.gov.ua/normative-documents/dostup-do-publichnoi-informatsii/4349.html | CG10: yes | CH10: http://rada-uzhgorod.gov.ua/rada_docs_taxonomy/zvity-pro-zapyty-na-informatsiyu/ | CI10: partially | CJ10: https://uman-rada.gov.ua/index.php/hromadskosti/dostup-do-publichnoi-informatsii | CK10: yes | CL10: https://www.city.kharkov.ua/uk/publichnaya-informacziya.html | CM10: yes | CN10: http://www.city.kherson.ua/c/publichna-informaciya | CO10: yes | CP10: https://khm.gov.ua/uk/content/zvity | CQ10: yes | CR10: http://chmr.gov.ua/ua/files.php?s=40&s1=453 | CS10: partially | CT10: http://chernivtsy.eu/portal/zvity-chernivetskogo-miskogo-golovy 2018-2020 . | CU10: yes | CV10: http://chernigiv-rada.gov.ua/project/info-access | CW10: no
A11: Q10 | B11: Are materials of the City Council sessions published on the City Council website (including transcripts, audio/video recording of the sessions, minutes of the sessions and the results of roll-call votes)? | C11: yes | D11: http://artemrada.gov.ua/protocols | E11: yes | F11: https://berdychiv.com.ua/2021/01/%d0%b7%d0%b0%d1%81%d1%96%d0%b4%d0%b0%d0%bd%d0%bd%d1%8f-4-%d0%bf%d0%be%d0%b7%d0%b0%d1%87%d0%b5%d1%80%d0%b3%d0%be%d0%b2%d0%be%d1%97-%d1%81%d0%b5%d1%81%d1%96%d1%97-online/ | G11: yes | H11: http://bmr.gov.ua/index.php?id=800000269 https://bmr.gov.ua/index.php? id-800000839 https://bmr.gov.ua/index.php?%20id=800000598&no_cache=%201%20&tx_bmrfeusers_bmrfeusers%20%5BlrontendUserBmr%5D=%201%20203&tx_bmrfeusers_bmrfeus%20ers%5Baction%5D=show&tx%20_bm%20rfeusers_bmrfeusers%%205B%20controller%5D=FrontendUser%20Bmr&cHash=77f25b84038dd%20ed0b439066a74cc52e6 | I11: partially | J11: http://bc-rada.gov.ua/node/9457 https://www.youtube.com/channel/UCHXNEneGtYx0jMpYwiSY_PA/live | K11: yes | L11: http://brovary-rada.gov.ua/content/arhiv-sesiy-miskoi-radi.html | M11: yes | N11: https://www.vmr.gov.ua/Lists/CityCouncil/ShowContent.aspx?ID=97 | O11: yes | P11: https://dniprorada.gov.ua/uk/articles/category/protokoli-provedennya/ https://dniprorada.gov.ua/uk/articles/item/20259/rezultati-poimennogo-golosuvannya http://edeputat.dniprorada.gov.ua/uk/deputies https://dniprorada.gov.ua/uk/page/poshuk-prijnyatih-dokumentiv-dniprovskoi-miskoi-radi https://dniprorada.gov.ua/uk/page/onlajn-translyacii | Q11: yes | R11: https://doc.drohobych-rada.gov.ua/category/miska-rada/%d0%bf%d0%be%d1%96%d0%bc%d0%b5%d0%bd%d0%bd%d0%b5-%d0%b3%d0%be%d0%bb%d0%be%d1%81%d1%83%d0%b2%d0%b0%d0%bd%d0%bd%d1%8f-%d0%bc%d1%96%d1%81%d1%8c%d0%ba%d0%be%d1%97-%d1%80%d0%b0%d0%b4%d0%b8/ https://doc.drohobych-rada.gov.ua/category/miska-rada/%d0%bf%d1%80%d0%be%d1%82%d0%be%d0%ba%d0%be%d0%bb%d0%b8-%d0%b7%d0%b0%d1%81%d1%96%d0%b4%d0%b0%d0%bd%d1%8c-%d1%80%d0%b0%d0%b4%d0%b8/ https://doc.drohobych-rada.gov.ua/category/miska-rada/%d0%bf%d1%80%d0%be%d0%b5%d0%ba%d1%82%d0%b8-%d1%80%d1%96%d1%88%d0%b5%d0%bd%d1%8c-%d1%81%d0%b5%d1%81%d1%96%d1%97/ | S11: yes | T11: http://zt-rada.gov.ua/?3398[0]=54 | U11: yes | V11: https://zp.gov.ua/uk/sessions/107/votes | W11: yes | X11: http://www.mvk.if.ua/livevideo http://www.namvk.if.ua/rishses/ http://www.namvk.if.ua/przas/ | Y11: yes | Z11: http://www.izmail-rada.gov.ua/2011-11-16-07-26-09/2016-07-27-07-41-28 http://www.izmail-rada.gov.ua/2011-11-16-07-26-09/2011-11-16-07-31-32 | AA11: yes | AB11: http://kam-pod.gov.ua/miska-vlada/videotransliatsii-zasidan-sesii-miskoi-rady ( ) http://kam-pod.gov.ua/documents/of-docs-miskradi/rishennia-miskradi | AC11: yes | AD11: http://kam.gov.ua/miska_vlada/miska_rada/ plenarni_zasidannya | AE11: yes | AF11: https://kmr.gov.ua/uk/protokolu https://kmr.gov.ua/uk/stenogramu https://kmr.gov.ua/uk/result_golosuvanya | AG11: yes | AH11: http://www.kovelrada.gov.ua/councildecision.html | AI11: no | AJ11: https://www.youtube.com/channel/UCE6WG2rNq13noTl0TeBrWnA/videos | AK11: yes | AL11: https://www.youtube.com/watch?v=qq358Ol3-Qk http://konstrada.gov.ua/component/documents/?menu=&typedoc=2&Itemid=181 | AM11: partially | AN11: http://www.krm.gov.ua/article/view/429 http://www.krm.gov.ua/article/view/587 https://odp.krm.gov.ua/dataset/pe3yjibtatn-noimehhnx-rojiocybahb-njiehaphnx-3acidahb-kpamatopcbkoi-micbkoi-padn-vii-ckjinkahhr https://odp.krm.gov.ua/dataset/id_090720191037 https://odp.krm.gov.ua/dataset/id_090820191447 | AO11: yes | AP11: https://kremen.gov.ua/?view=project-journals https://kremen.gov.ua/?view=projects-city-rada-archive&session=233 https://www.youtube.com/playlist?list=PL_WXRuoXDYJTlZ2XvJrUaN63AFposFSK1 | AQ11: yes | AR11: https://www.youtube.com/channel/UCXkUQmyeQTrVl2np1vciQ2Q https://kr.gov.ua/ua/st/pg/270121925683749_s/index.html https://kr.gov.ua/ua/st/pg/200120508001814_s/ | AS11: yes | AT11: http://www.kr-rada.gov.ua/sesiyi/protokoli-zasidan/ http://www.kr-rada.gov.ua/sesiyi/rezultati-golosuvannya/ http://www.kr-rada.gov.ua/sesiyi/on-line-translyatsiya/ | AU11: yes | AV11: https://lis.gov.ua/2011-03-25-08-36-56/resheniya/resheniya-sessij-gorodskogo-soveta/785-resheniya-sessij-gorodskogo-soveta-7-sozyva/rishennya-84-sesiji-7-sklikannya.html https://www.youtube.com/watch?v=jAE3PUh5EpU | AW11: yes | AX11: https://www.lutskrada.gov.ua/video-news/on-line https://www.lutskrada.gov.ua/documents?term=&number=&type=18 https://www.lutskrada.gov.ua/pages/rezuaty-holosuvan-zasidan-sesii http://www.lutskrada.gov.ua/sesiyi-miskoyi-rady | AY11: yes | AZ11: https://www.lvivrada.gov.ua/zasidannia/poryadok-dennyy https://www.lvivrada.gov.ua/zasidannia/rezultaty-golosuvan https://www.lvivrada.gov.ua/zasidannia/protokolu-zasidan-radu | BA11: yes | BB11: http://marsovet.org.ua/articles/show/article/2335 http://marsovet.org.ua/videogallery | BC11: no | BE11: partially | BF11: https://mkrada.gov.ua/content/rezultati-golosuvannya-deputativ_2.html | BG11: yes | BH11: https://www.youtube.com/channel/UCzW60VEq1f-AchMKI6ox7PQ https://mukachevo-rada.gov.ua/upravlinnya-mistom/miska-rada/rezultati-golosuvannya-deputativ-miskoyi-radi https://mukachevo-rada.gov.ua/npasearch?&category=7 | BI11: yes | BJ11: https://nizhynrada.gov.ua/nmr/miska-rada/protokoli-sesiy-miskoji-radi/protokoli-sesiy-miskoji-radi-viii-cklikannya https://nizhynrada.gov.ua/nmr/zagalna-informaciya/rezultati-golosuvannya https://nizhynrada.gov.ua/videos | BK11: yes | BL11: http://nikopol-mrada.dp.gov.ua/publichna-informatsiia/protokoly-sesii-miskoi-rady | BM11: yes | BN11: https://novomoskovsk-rada.dp.gov.ua/ua/rada/rezultati-poimennogo-golosuvannya https://novomoskovsk-rada.dp.gov.ua/ua/rada/protokoli-sesij/2020 | BO11: yes | BP11: https://www.youtube.com/playlist?list=PL9kCLTOesuyx-zIrGXg9Fm39nXONRB7Fs https://www.omr.gov.ua/ua/city/council/protocols/ https://omr.gov.ua/ua/acts/council/ | BQ11: yes | BR11: https://www.youtube.com/playlist?list=PLq8C9AriSeZBkiRrcyqqjHBKe9xEk6uFW http://olexrada.gov.ua/category/city_rada/plenary-sessions | BS11: yes | BT11: https://www.youtube.com/channel/UCoJewoomOCN2IHoEZChg7sA https://pavlogradmrada.dp.gov.ua/poimenne-golosuvannya | BU11: yes | BV11: http://www.rada-poltava.gov.ua/rule/rada/videosesia/ http://www.rada-poltava.gov.ua/documents/inshi_dokumenti/ http://www.rada-poltava.gov.ua/rule/rada/voting_result/ | BW11: yes | BX11: http://rivnerada.gov.ua/portal/view-content/9373 | BY11: yes | BZ11: https://www.youtube.com/channel/UCrDkiyGatc5Pj7U330UshYQ : http://sed-rada.gov.ua/plenarni-zasidannya/protokoli-zasidan : http://sed-rada.gov.ua/plenarni-zasidannya/poimenne-golosuvannya : http://sed-rada.gov.ua/normativna-baza | CA11: yes | CB11: http://e-deputat.slavrada.gov.ua/uk/plenary_sessions http://docs.slavrada.gov.ua/pdzas/ http://docs.slavrada.gov.ua/przas/ http://slavrada.gov.ua/?view=live | CC11: yes | CD11: https://smr.gov.ua/uk/miska-vlada/miska-rada/protokoli-sesij.html | CE11: yes | CF11: https://ternopilcity.gov.ua/sesiya/rishennya-sesii/ https://ternopilcity.gov.ua/sesiya/protokoli-sesii/ https://ternopilcity.gov.ua/sesiya/prisutnist-deputativ-ternopilskoi-miskoi-radi-viii-sklikannya-na-plenarnih-zasidannyah-sesiy-miskoi-radi/ https://ternopilcity.gov.ua/archiv-video/ | CG11: partially | CH11: https://rada-uzhgorod.gov.ua/rada_docs/protokoly-sesij-2019/ https://rada-uzhgorod.gov.ua/search?utf8=%E2%9C%93&q=%D0%B0%D1%83%D0%B4%D1%96%D0%BE%D0%B7%D0%B0%D0%BF%D0%B8%D1%81%D0%B8 https://rada-uzhgorod.gov.ua/search?page=1&q=%D1%80%D0%BE%D0%B7%D0%B4%D1%80%D1%83%D0%BA%D1%96%D0%B2%D0%BA%D0%B0+%D1%80%D0%B5%D0%B7%D1%83%D0%BB%D1%8C%D1%82%D0%B0%D1%82%D1%96%D0%B2&utf8=%E2%9C%93 , 2020 | CI11: yes | CJ11: https://drive.google.com/drive/u/1/folders/1WhmVYGX7jOiFRQ8pTZOtA4DeY8FOaG2h https://uman-rada.gov.ua/index.php/dokumenty/protokoly-sesii https://uman-rada.gov.ua/index.php/dokumenty/rishennia-miskoi-rady | CK11: partially | CL11: https://doc.city.kharkov.ua/uk/profile/document/protocols | CM11: yes | CN11: http://www.city.kherson.ua/articles/protokoli-zasidan-sesiy-miskoyi-radi-vii-sklikannya https://www.youtube.com/channel/UCrkFOrT5GwUEWaW7a9gzxbA http://www.city.kherson.ua/articles/rezultati-golosuvan-miskoyi-radi-viii-sklikannya | CO11: yes | CP11: https://khm.gov.ua/uk/video-translation https://khm.gov.ua/uk/protocols https://khm.gov.ua/uk/city-council-decision | CQ11: yes | CR11: http://chmr.gov.ua/ua/files.php?s=2&s1=168&s2=391 http://rada.ck.ua/golos/golos http://chmr.gov.ua/ua/text.php?s=24&s1=430 | CS11: yes | CT11: http://chernivtsy.eu/portal/plenarni-zasidannya-rady http://chernivtsy.eu/portal/protokoly-pogodzhuvalnoyi-rady | CU11: yes | CV11: chernigiv-rada.gov.ua/rishennya-sesii/sid-59/id-46186/ http://chernigiv-rada.gov.ua/vote-results/ | CW11: no
A12: Q11 | B12: Are materials of the City Council standing committees' sessions published on the City Council website (including transcripts, audio/video recording of the meetings, minutes of the meetings and the results of roll-call votes)? | C12: yes | D12: http://artemrada.gov.ua/18265 | E12: yes | F12: https://berdychiv.com.ua/2020/10/%d0%bf-%d1%80-%d0%be-%d1%82-%d0%be-%d0%ba-%d0%be-%d0%bb-%e2%84%96-31-%d0%b7%d0%b0%d1%81%d1%96%d0%b4%d0%b0%d0%bd%d0%bd%d1%8f-%d0%ba%d0%be%d0%bc%d1%96%d1%81%d1%96%d1%97-%d0%b7-%d0%bf%d0%b8%d1%82%d0%b0/ | G12: yes | H12: https://bmr.gov.ua/index.php? id-800000714 https://bmr.gov.ua/index.php?id=800000317&no_cache=1&L=456 | I12: partially | J12: http://bc-rada.gov.ua/node/1838 | K12: yes | L12: http://brovary-rada.gov.ua/content/protokoli-postiynih-deputatskih-komisiy-vii-sklikannya.html | M12: yes | N12: https://www.vmr.gov.ua/Lists/CityCouncil/ShowContent.aspx?ID=90 | O12: yes | P12: https://dniprorada.gov.ua/uk/page/onlajn-translyacii-zasidan-postijnih-komisij-miskoi-radi | Q12: no | S12: yes | T12: http://zt-rada.gov.ua/graficcomisiy | U12: yes | V12: https://zp.gov.ua/uk/organizations/category/postijni-komisii-miskoi-radi-8-sklikannya/ https://zp.gov.ua/uk/organizations/item/166/postijna-komisiya-z-pitan-osviti-nauki-kulturi-sportu-molodi-ta-turizmu | W12: yes | X12: https://www.mrada.if.ua/%D0%BF%D1%80%D0%BE-%D0%BC%D1%96%D1%81%D1%8C%D0%BA%D1%83-%D1%80%D0%B0%D0%B4%D1%83/%D0%B4%D0%B5%D0%BF%D1%83%D1%82%D0%B0%D1%82%D1%81%D1%8C%D0%BA%D1%96-%D0%BA%D0%BE%D0%BC%D1%96%D1%81%D1%96%D1%97 | Y12: yes | Z12: https://izmail-rada.gov.ua/2011-11-16-07-26-09/2011-11-16-07-31-59 | AA12: yes | AB12: http://kam-pod.gov.ua/miska-vlada/videotransliatsii-zasidan-postiinykh-komisii-miskoi-rady ( ) http://kam-pod.gov.ua/rada/deputatsky-korpus/post-komisii-miskradi/arkhiv-protokoliv-zasidan-postiinykh-komisii-miskoi-rady ( ) | AC12: yes | AD12: http://kam.gov.ua/miska_vlada/miska_rada/postiyni_komisii_miskoi_radi_vii_sklikannya | AE12: partially | AF12: https://kmr.gov.ua/uk/comisii/31/zasidannya. (https://kmr.gov.ua/uk/comisii/28/zasidannya); (https://kmr.gov.ua/uk/comisii/28/video-archive); (https://kmr.gov.ua/uk/comisii/28/protokol); https://kmr.gov.ua/uk/comisii/26 (http://kmr.gov.ua/uk/comisii/21); (https://kmr.gov.ua/uk/comisii/21/video); (https://kmr.gov.ua/uk/comisii/21/protokol); (https://kmr.gov.ua/uk/comisii/21/video-archive) | AG12: yes | AH12: http://kovelrada.gov.ua/protokoli_zasidan_postijnih_komisij_za_2020_rik.html - | AI12: no | AJ12: https://konotop-rada.gov.ua/zasidannia-miskoi-komisii-z-pytan-tekhnohenno-ekolohichnoi-bezpeky-ta-nadzvychajnykh-sytuatsij-vid-27-03-2020-roku/ | AK12: no | AM12: yes | AN12: http://www.krm.gov.ua/article/view/824 | AO12: yes | AP12: https://kremen.gov.ua/?view=project-journals | AQ12: yes | AR12: https://kr.gov.ua/ua/st/pg/240117320165686_s/ http://kr.gov.ua/ua/st/pg/20415937626381_s/ | AS12: yes | AT12: http://www.kr-rada.gov.ua/arhiv-zasidan/ http://www.kr-rada.gov.ua/postiyni-deputatski-komisiyi/ | AU12: yes | AV12: https://lis.gov.ua/2011-03-25-08-36-56/resheniya/protokoli-postijnikh-komisij.html | AW12: yes | AX12: https://www.lutskrada.gov.ua/pages/protokoly-zasidan-postiinykh-komisii https://www.lutskrada.gov.ua/video-news/on-line | AY12: yes | AZ12: https://www.lvivrada.gov.ua/miska-rada/postiyni-komisii | BA12: yes | BB12: http://marsovet.org.ua/articles/show/article/2336 | BC12: no | BE12: partially | BG12: yes | BH12: https://mukachevo-rada.gov.ua/committees/postijna-deputatska-komisiya-z-pitan-byudzhetu-ta-socialno-ekonomichnogo-rozvitku https://www.youtube.com/channel/UCzW60VEq1f-AchMKI6ox7PQ | BI12: yes | BJ12: https://nizhynrada.gov.ua/nmr/miska-rada/protokoli-postiynih-deputatskih-komisiy/protokoli-zasidan-postiynoji-komisiji-miskoji-radi-z-pitan-socialnogo-zahistu-naselennya-osviti-ohoroni-zdorov-ya-kulturi-sim-ji-ta-molodi-fizichnoji-kulturi-i-sportu https://nizhynrada.gov.ua/news/novini/vidbulasya-komisiji-z-pitan-socialno-ekonomichnogo-rozvitku-mista https://nizhynrada.gov.ua/videos?page=3 | BK12: yes | BL12: http://nikopol-mrada.dp.gov.ua/publichna-informatsiia/protokoly-zasidan-postiinykh-komisii-miskoi-rady | BM12: no | BO12: yes | BP12: https://deputat.odessa.ua/commissions/ | BQ12: yes | BR12: http://olexrada.gov.ua/category/city_rada/cg_st_komis | BS12: yes | BT12: https://pavlogradmrada.dp.gov.ua/category/miska-rada/protokoli-zasidan-postijjnikh-deputatskikh-komisijj | BU12: yes | BV12: http://www.rada-poltava.gov.ua/documents/inshi_dokumenti/ | BW12: yes | BX12: http://rivnerada.gov.ua/portal/commissions | BY12: yes | BZ12: http://sed-rada.gov.ua/miska-rada/postiyni-komisiyi-miskoyi-radi-vii-sklikannya | CA12: partially | CB12: http://e-deputat.slavrada.gov.ua/uk/commissions http://docs.slavrada.gov.ua/pdzas/ http://slavrada.gov.ua/?view=live http://slavrada.gov.ua/?view=live | CC12: yes | CD12: https://smr.gov.ua/uk/miska-vlada/miska-rada/postijni-komisiji/38-postijni-komisiji.html https://smr.gov.ua/uk/miska-vlada/miska-rada/postijni-komisiji/56-komisiji/19648-komisiya-5.html | CE12: yes | CF12: https://ternopilcity.gov.ua/sesiya/protokoli-visnovki-rekomendatsii-ta-grafik-provedennya-zasidan-postiynih-komisiy/8go-sklikannya/ | CG12: partially | CH12: https://rada-uzhgorod.gov.ua/miska_rada#mtbqsjodqz https://rada-uzhgorod.gov.ua/miska_rada#3lr0o7stngj | CI12: yes | CJ12: http://uman-rada.gov.ua/index.php/dokumenty/protokoly-komisii | CK12: yes | CL12: https://doc.city.kharkov.ua/uk/profile/document/protocols | CM12: yes | CN12: http://www.city.kherson.ua/articles/protokoli-postiynih-komisiy-miskoyi-radi-viii-sklikannya-2020-2021-roki http://www.city.kherson.ua/articles/visnovki-ta-rekomendaciyi-postiynih-komisiy-miskoyi-radi-viii-sklikannya-2020-2021-roki | CO12: yes | CP12: https://khm.gov.ua/uk/commission-protocols | CQ12: yes | CR12: http://chmr.gov.ua/ua/sections.php?s=2 http://chmr.gov.ua/ua/files.php?s=2&s1=168&s2=398 http://chmr.gov.ua/ua/files.php?s=2&s1=168&s2=396 | CS12: yes | CT12: http://chernivtsy.eu/portal/postijni-deputatski-komisiyi-chernivetskoyi-miskoyi-rady | CU12: yes | CV12: https://chernigiv-rada.gov.ua/comisii/id-1411/ | CW12: no
A13: Q12 | B13: Are the regular reports of the mayor on his work published on the City Council website (at least annually)? | C13: yes | D13: http://artemrada.gov.ua/15891 | E13: no | G13: no | I13: partially | J13: https://new.bc-rada.gov.ua/miska_rada/zvitnist/zvituvannia_miskoho_holovy/zvituvannia_miskoho_holovy_20.html , | K13: yes | L13: http://brovary-rada.gov.ua/content/zvit-miskogo-golovi.html 2020 | M13: yes | N13: https://www.vmr.gov.ua/Lists/CityMajor/ShowContent.aspx?ID=3 | O13: yes | P13: https://dniprorada.gov.ua/uk/articles/item/36711/rishennya-dniprovskoi-miskoi-radi-vid-22-01-2020-11053-pro-zvit-miskogo-golovi-schodo-zdijsnennya-derzhavnoi-regulyatornoi-politiki-vikonavchimi-organami-miskoi-radi-u-2019-roci | Q13: yes | R13: https://drohobych-rada.gov.ua/%d0%bc%d1%96%d1%81%d1%8c%d0%ba%d0%b0-%d1%80%d0%b0%d0%b4%d0%b0/taras-kuchma/ | S13: yes | T13: http://zt-rada.gov.ua/?3505[0]=1 | U13: no | W13: yes | X13: http://www.mvk.if.ua/news/51631 http://www.mvk.if.ua/video/ | Y13: no | AA13: yes | AB13: http://kam-pod.gov.ua/files/zvit-mg.pdf http://kam-pod.gov.ua/novini/video-novini/item/51-zvit-miskoho-holovy-za-100-dniv | AC13: yes | AD13: http://kam.gov.ua/ua/person/pg/250116793923950_p8/ | AE13: yes | AF13: https://kyivcity.gov.ua/kyiv_ta_miska_vlada/richni_zviti_kmda/ | AG13: yes | AH13: http://www.kovelrada.gov.ua/news-8635.html | AI13: no | AK13: no | AM13: yes | AN13: http://www.krm.gov.ua/article/view/32 | AO13: yes | AP13: https://www.kremen.gov.ua/?view=kremen-page&page-id=10 | AQ13: yes | AR13: https://kr.gov.ua/ua/news/pg/241220602642854_s/ | AS13: yes | AT13: http://www.kr-rada.gov.ua/zviti/ http://www.kr-rada.gov.ua/miskiy-golova/ | AU13: yes | AW13: yes | AX13: https://www.lutskrada.gov.ua/pages/zvit-miskoho-holovy-pro-zdiisnennia-derzhavnoi-rehuliatornoi-polityky-vykonavchymy-orhanamy; | AY13: no | BA13: yes | BB13: http://marsovet.org.ua/articles/show/menu/3226 | BC13: no | BE13: yes | BF13: https://mkrada.gov.ua/content/zvit-miskogo-golovi.html | BG13: partially | BH13: https://mukachevo-rada.gov.ua/profiles/baloga-andriy-viktorovich 2018 | BI13: yes | BJ13: https://nizhynrada.gov.ua/nmr/miskiy-golova/zvituvannya-miskogo-golovi | BK13: yes | BL13: http://nikopol-mrada.dp.gov.ua/vlada/zvity-miskoho-holovy http://nikopol-mrada.dp.gov.ua/pbinf/2021_R/2-4-8.rar | BM13: no | BO13: yes | BP13: https://www.omr.gov.ua/ua/city/mayor/report/ https://truhanov.od.ua/ | BQ13: partially | BR13: 2010 - 2014 - http://olexrada.gov.ua/doc/zmg1014.pdf 2013 - http://olexrada.gov.ua/news/zvit-miskogo-golovy-s-tsapyuka-pro-robo.html/nggallery/page/1 2018 - http://olexrada.gov.ua/news/oleksandrijtsi-zatverdyly-zvit-miskogo-golovy.html . | BS13: yes | BT13: https://pavlogradmrada.dp.gov.ua/kerivnictvo-mista | BU13: yes | BV13: http://www.rada-poltava.gov.ua/documents/public_reports/ ( ) | BW13: yes | BX13: 2020 http://rvrada.gov.ua/portalfiles/1/34/9153/zvitReg2020.pdf; http://rivnerada.gov.ua/portal/mayor | BY13: partially | BZ13: http://sed-rada.gov.ua/miska-rada/zviti-miskogo-golovi-yogo-zastupnikiv-ta-sekretarya-radi | CA13: partially | CB13: http://slavrada.gov.ua/?view=news&newsID=23012 http://slavrada.gov.ua/?view=news&newsID=16883 http://slavrada.gov.ua/?view=news&newsID=13187 | CC13: yes | CD13: https://smr.gov.ua/uk/miska-vlada/miskij-golova/zviti.html ( 2006 ) | CE13: yes | CF13: http://zvit.nadal.te.ua/ | CG13: yes | CH13: https://rada-uzhgorod.gov.ua/rada_docs/show/zvit-miskoho-holovy-pro-zdiisnennia-derzhavnoi-rehuliatornoi-polityky-vykonavchymy-orhanamy-miskoi-rady-za-2020-rik https://rada-uzhgorod.gov.ua/publichniy-zvit-miskogo-golovi-nazhivo | CI13: yes | CJ13: https://uman-rada.gov.ua/index.php/dokumenty/proiekty-rishen-miskoi-rady/item/16917-zvit-miskoho-holovy-pro-zdiisnennia-derzhavnoi-rehuliatornoi-polityky-umanskoiu-miskoiu-radoiu-ta-ii-vykonavchym-komitetom-u-2020-rotsi | CK13: no | CM13: yes | CN13: 2018 - http://www.city.kherson.ua/articles/zviti-miskogo-golovi 2019 - http://www.city.kherson.ua/news_detail/miskiy-golova-volodimir-mikolayenko-prozvituvav-na-ua:herson | CO13: yes | CP13: http://khm.gov.ua/uk/mayor-reports | CQ13: yes | CR13: http://chmr.gov.ua/ua/ | CS13: partially | CT13: http://chernivtsy.eu/portal/zvity-chernivetskogo-miskogo-golovy 2018-2020 . | CU13: yes | CV13: 2018 http://chernigiv-rada.gov.ua/news/id-450/ 2019 https://chernigiv-rada.gov.ua/news/id-38817/ | CW13: yes | CX13: http://shostka-rada.gov.ua/zvti_organu_vladi/
A14: Q13 | B14: Is the information about the city mayor, City Council deputies (including CVs or biographical information, contact information, time and place of reception of citizens) published on the City Council website? | C14: yes | D14: http://artemrada.gov.ua/mayor http://artemrada.gov.ua/28281 | E14: partially | F14: https://berdychiv.com.ua/%d0%bc%d1%96%d1%81%d1%8c%d0%ba%d0%b8%d0%b9-%d0%b3%d0%be%d0%bb%d0%be%d0%b2%d0%b0/ https://berdychiv.com.ua/%d1%81%d0%b0%d0%bc%d0%be%d0%b2%d1%80%d1%8f%d0%b4%d1%83%d0%b2%d0%b0%d0%bd%d0%bd%d1%8f/%d1%81%d0%ba%d0%bb%d0%b0%d0%b4/ | G14: yes | H14: https://bmr.gov.ua/index.php?id=212&no_cache-l https://bmr.gov.ua/index.php?id=522 https://bmr.gov.ua/index.php?%20id=800000598&no_cache=%201 https://bmr.gov.ua/index.php? id=63 https://bmr.gov.ua/index.php?id=53 | I14: yes | J14: http://bc-rada.gov.ua/node/1835 | K14: yes | L14: http://brovary-rada.gov.ua/content/biografichna-dovidka.html http://brovary-rada.gov.ua/content/povnovazhennya.html http://brovary-rada.gov.ua/content/deputatskiy-korpus.html http://brovary-rada.gov.ua/content/grafik-priyomu-deputativ.html | M14: yes | N14: http://drv.vmr.gov.ua/deputaty.aspx https://www.vmr.gov.ua/Lists/CityMajor/Default.aspx | O14: yes | P14: https://dniprorada.gov.ua/uk/persons/item/211/filatov-boris-albertovich https://dniprorada.gov.ua/uk/persons/category/deputati-viii-sklikannya/ http://edeputat.dniprorada.gov.ua/uk/deputies | Q14: yes | R14: https://drohobych-rada.gov.ua/%d0%bc%d1%96%d1%81%d1%8c%d0%ba%d0%b0-%d1%80%d0%b0%d0%b4%d0%b0/taras-kuchma/ https://drohobych-rada.gov.ua/%d0%bc%d1%96%d1%81%d1%8c%d0%ba%d0%b0-%d1%80%d0%b0%d0%b4%d0%b0/depytatu/ | S14: yes | T14: http://zt-rada.gov.ua/depytatu http://zt-rada.gov.ua/?3505[0]=27 | U14: yes | V14: https://zp.gov.ua/uk/persons/item/3/buryak-volodimir-viktorovich https://zp.gov.ua/uk/persons/category/deputati-miskoi-radi/ | W14: yes | X14: http://www.mvk.if.ua/biografija http://www.mrada.if.ua/%D0%B4%D0%B5%D0%BF%D1%83%D1%82%D0%B0%D1%82%D0%B8-%D0%BC%D1%96%D1%81%D1%8C%D0%BA%D0%BE%D1%97-%D1%80%D0%B0%D0%B4%D0%B8/%D0%B4%D0%B5%D0%BF%D1%83%D1%82%D0%B0%D1%82%D1%81%D1%8C%D0%BA%D0%B8%D0%B9-%D0%BA%D0%BE%D1%80%D0%BF%D1%83%D1%81 | Y14: partially | Z14: http://www.izmail-rada.gov.ua/2009-09-14-09-14-45 http://www.izmail-rada.gov.ua/2011-11-16-07-26-09/2011-11-16-07-30-33 http://www.izmail-rada.gov.ua/2011-11-16-07-26-09/2011-11-16-07-28-13 | AA14: yes | AB14: http://kam-pod.gov.ua/miskiy-golova/biografiya http://kam-pod.gov.ua/rada/deputatsky-korpus/deputati-misk-radi/zagalnij-spisok-deputativ ( ) http://kam-pod.gov.ua/rada/deputatsky-korpus/deputati-misk-radi/spisok-deputativ-kam-yanets-podilskoji-miskoji-radi-v-bagatomandatnomu-viborchomu-okruzi ( , ) | AC14: yes | AD14: http://kam.gov.ua/miska_vlada/kerivnitstvo_miskoi_radi http://kam.gov.ua/miska_vlada/miska_rada/deputati_miskoi_radi_viii_sklikannya | AE14: yes | AF14: https://kyivcity.gov.ua/kyiv_ta_miska_vlada/kyivskyi_miskyi_holova/ https://kmr.gov.ua/uk/deputats | AG14: yes | AH14: http://www.kovelrada.gov.ua/council.html | AI14: no | AJ14: https://konotop-rada.gov.ua/7530-2019-08-20-14-00-50/ - | AK14: yes | AL14: http://konstrada.gov.ua/vlada/miskij-golova http://konstrada.gov.ua/vlada/miska-rada/32-miska-rada/deputati-miskoji-radi | AM14: yes | AN14: http://www.krm.gov.ua/article/view/32 :http://www.krm.gov.ua/person | AO14: yes | AP14: https://kremen.gov.ua/?view=mayor-info https://opendata.kremen.gov.ua/dataset/%D0%B4%D0%B0%D0%BD%D1%96-%D0%BF%D1%80%D0%BE-%D0%B4%D0%B5%D0%BF%D1%83%D1%82%D0%B0%D1%82%D1%96%D0%B2-%D0%BA%D1%80%D0%B5%D0%BC%D0%B5%D0%BD%D1%87%D1%83%D1%86%D1%8C%D0%BA%D0%BE%D1%97-%D0%BC%D1%96%D1%81%D1%8C%D0%BA%D0%BE%D1%97-%D1%80%D0%B0%D0%B4%D0%B8-%D1%83-%D1%82%D0%BE%D0%BC%D1%83-%D1%87%D0%B8%D1%81%D0%BB%D1%96-%D0%BA%D0%BE%D0%BD%D1%82%D0%B0%D0%BA%D1%82%D0%BD%D1%96-%D0%B4%D0%B0%D0%BD%D1%96-%D1%82%D0%B0-%D0%B3%D1%80%D0%B0%D1%84%D1%96%D0%BA-2#{} | AQ14: yes | AR14: https://kr.gov.ua/miskiy_golova https://kr.gov.ua/deputatskiy_korpus | AS14: yes | AT14: http://www.kr-rada.gov.ua/miskiy-golova/ http://www.kr-rada.gov.ua/deputats/ | AU14: yes | AV14: https://lis.gov.ua/vijskovo-tsivilna-administratsiya/kerivnuk-vtsa.html https://lis.gov.ua/vijskovo-tsivilna-administratsiya/zastupniki-kerivnika-vtsa.html https://lis.gov.ua/2011-03-25-08-36-56/494-2010-11-23-14-00-52/deputatskij-korpus.html | AW14: yes | AX14: https://www.lutskrada.gov.ua/sekretar-miskoi-rady/sekretar-miskoi-rady https://www.lutskrada.gov.ua/deputies https://www.lutskrada.gov.ua/pages/pryiom-hromadian-deputatamy https://www.lutskrada.gov.ua/city-government | AY14: yes | AZ14: https://www.lvivrada.gov.ua/deputaty/deputaty-miskoi-rady | BA14: yes | BB14: http://marsovet.org.ua/articles/show/article/2366 | BC14: partially | BD14: http://mlt.gov.ua/index.php?option=com_content&task=view&id=6100 http://mlt.gov.ua/index.php?option=com_content&task=view&id=4276&Itemid=283 | BE14: yes | BF14: https://mkrada.gov.ua/content/miskiy-golova.html | BG14: yes | BH14: https://mukachevo-rada.gov.ua/profiles/baloga-andriy-viktorovich https://mukachevo-rada.gov.ua/profiles/berdishev-oleksandr-vadimovich-8 | BI14: yes | BJ14: https://nizhynrada.gov.ua/nmr/departments/deputati-miskoji-radi https://nizhynrada.gov.ua/nmr/profiles/kodola-oleksandr-mihaylovich | BK14: partially | BL14: http://nikopol-mrada.dp.gov.ua/vlada/miskyi-holova http://nikopol-mrada.dp.gov.ua/obrgrag/preemy/rada.doc http://nikopol-mrada.dp.gov.ua/vlada/deputatskyi-korpus/miska-rada http://nikopol-mrada.dp.gov.ua/vlada/deputatskyi-korpus/pryiom-hromadian-deputatamy | BM14: partially | BN14: https://novomoskovsk-rada.dp.gov.ua/ua/vikonkom/team , | BO14: partially | BP14: https://omr.gov.ua/ua/city/mayor/ https://omr.gov.ua/ua/essential/218464 https://deputat.odessa.ua/deputies/ | BQ14: yes | BR14: http://olexrada.gov.ua/category/mer http://olexrada.gov.ua/category/citizens_treats/info_for_citizens http://olexrada.gov.ua/doc/zvern/zvt022021.pdf http://olexrada.gov.ua/category/city_rada/dep_8_conv | BS14: partially | BT14: https://pavlogradmrada.dp.gov.ua/kerivnictvo-mista https://pavlogradmrada.dp.gov.ua/kerivnictvo-mista/biografichna-dovidka-3.html https://pavlogradmrada.dp.gov.ua/miska-rada/deputati.html | BU14: yes | BV14: http://www.rada-poltava.gov.ua/rule/rada/secretary/ http://www.rada-poltava.gov.ua/rule/rada/delegate/ http://www.rada-poltava.gov.ua/rule/rada/secretary/ http://www.rada-poltava.gov.ua/rule/rada/delegate/ | BW14: yes | BX14: http://rivnerada.gov.ua/portal/deputies; http://rivnerada.gov.ua/portal/view-deputy/44; http://rivnerada.gov.ua/portal/mayor | BY14: yes | BZ14: http://sed-rada.gov.ua/miska-rada/deputati http://sed-rada.gov.ua/novini-mista/informaciya-dlya-viborciv-sievierodonecka_09-09-2019 | CA14: yes | CB14: http://e-deputat.slavrada.gov.ua/uk/deputies | CC14: yes | CD14: https://smr.gov.ua/uk/miska-vlada/miskij-golova/biografiya.html https://smr.gov.ua/uk/zvorotnij-zv-yazok.html https://smr.gov.ua/uk/zvorotnij-zv-yazok/9503-polozhennia-pro-poriadok-roboty-zi-zvernenniamy-ta-orhanizatsii-osobystoho-pryiomu-hromadian-u-sumskii-miskii-radi-ta-ii-vykonavchykh-orhanakh.html https://smr.gov.ua/uk/miska-vlada/miska-rada/deputati/36-deputati.html https://smr.gov.ua/uk/miska-vlada/miska-rada/grafiki-prijomu-kerivnikiv-deputativ-ta-deputatskikh-fraktsij-i-grup-mista/1823-grafik-prijomu-deputatskikh-fraktsij-i-grup-v-sumskij-miskij-radi-vii-sklikannya-2016-2020-rr.html https://smr.gov.ua/uk/miska-vlada/miska-rada/grafiki-prijomu-kerivnikiv-deputativ-ta-deputatskikh-fraktsij-i-grup-mista/1827-grafiki-prijomu-deputativ-miskoji-radi.html | CE14: yes | CF14: https://ternopilcity.gov.ua/vikonavchiy-komitet/sklad-vikonavchogo-komitetu/4563.html https://ternopilcity.gov.ua/deputy/deputati-viii-cklikannya/deputatskiy-korpus/ | CG14: yes | CH14: https://rada-uzhgorod.gov.ua/aparat/mer https://rada-uzhgorod.gov.ua/miska_rada#vvhap6fxmz, https://rada-uzhgorod.gov.ua/miska_rada#sqdyfl5ti9s – | CI14: yes | CJ14: http://uman-rada.gov.ua/index.php/miska-vlada https://uman-rada.gov.ua/index.php/miska-vlada/deputaty https://uman-rada.gov.ua/index.php/miska-vlada/deputaty/deputatski-fraktsii-ta-hrupy | CK14: yes | CL14: http://www.city.kharkov.ua/uk/gorodskaya-vlast/gorodskoj-golova/biografiya.html https://www.city.kharkov.ua/uk/gorodskaya-vlast/gorodskoj-golova/obratnaya-svyaz/obratitsya-k-gorodskomu-golove.-lichnyij-priem.html https://www.city.kharkov.ua/uk/gorodskaya-vlast/gorodskoj-sovet/deputatyi.html | CM14: partially | CN14: http://www.city.kherson.ua/c/miska-vlada/s/kerivniki http://mvk.kherson.ua/DepList.php | CO14: yes | CP14: http://khm.gov.ua/uk/content/biografiya http://khm.gov.ua/uk/content/pryymalnya http://khm.gov.ua/uk/content/zvernennya-gromadyan https://khm.gov.ua/uk/user/203 | CQ14: yes | CR14: http://chmr.gov.ua/ua/rada.php?s=2&s1=168&s2=456 http://chmr.gov.ua/ua/text.php?s=2&s1=89&s2=103#bio | CS14: yes | CT14: http://chernivtsy.eu/portal/4091-2; http://chernivtsy.eu/portal/11651-2; http://chernivtsy.eu/portal/8629-2 http://chernivtsy.eu/portal/9/842-842.html | CU14: yes | CV14: http://chernigiv-rada.gov.ua/mr-golova-biografiya/ http://chernigiv-rada.gov.ua/deputat/ | CW14: yes | CX14: http://www.old.shostka-rada.gov.ua/government/miska_rada/
A15: Q14 | B15: Is the information on the list and contact details of the City Council standing committees, as well as names of Council standing committees’ members published on the City Council website? | C15: yes | D15: http://artemrada.gov.ua/28323 http://artemrada.gov.ua/deputy_committee | E15: yes | F15: https://berdychiv.com.ua/%d1%81%d0%b0%d0%bc%d0%be%d0%b2%d1%80%d1%8f%d0%b4%d1%83%d0%b2%d0%b0%d0%bd%d0%bd%d1%8f/%d0%ba%d0%be%d0%bc%d1%96%d1%81%d1%96%d1%97/ | G15: yes | H15: https://bmr.gov.ua/index.php? id=58&L=456 https://bmr.gov.ua/index.php?id=58 | I15: yes | J15: http://bc-rada.gov.ua/node/1838 | K15: yes | L15: http://brovary-rada.gov.ua/content/postiyni-komisii.html | M15: yes | N15: https://www.vmr.gov.ua/Lists/CityCouncil/ShowContent.aspx?ID=64 | O15: yes | P15: https://dniprorada.gov.ua/uk/page/postijni-komissii-miskoi-radi | Q15: yes | R15: https://drohobych-rada.gov.ua/%d0%bc%d1%96%d1%81%d1%8c%d0%ba%d0%b0-%d1%80%d0%b0%d0%b4%d0%b0/%d0%ba%d0%be%d0%bc%d1%96%d1%81%d1%96%d1%97-%d0%b2%d0%b8%d0%ba%d0%be%d0%bd%d0%b0%d0%b2%d1%87%d0%be%d0%b3%d0%be-%d0%ba%d0%be%d0%bc%d1%96%d1%82%d0%b5%d1%82%d1%83/ | S15: yes | T15: http://zt-rada.gov.ua/graficcomisiy | U15: yes | V15: https://zp.gov.ua/uk/organizations/item/165/postijna-komisiya-z-pitan-deputatskoi-diyalnosti-reglamentu-zakonnosti-pravoporyadku-ta-zapobigannya-korupcii- https://zp.gov.ua/uk/organizations/category/postijni-komisii-miskoi-radi-8-sklikannya/ | W15: yes | X15: https://www.mrada.if.ua/%D0%BF%D1%80%D0%BE-%D0%BC%D1%96%D1%81%D1%8C%D0%BA%D1%83-%D1%80%D0%B0%D0%B4%D1%83/%D0%B4%D0%B5%D0%BF%D1%83%D1%82%D0%B0%D1%82%D1%81%D1%8C%D0%BA%D1%96-%D0%BA%D0%BE%D0%BC%D1%96%D1%81%D1%96%D1%97 | Y15: partially | Z15: http://www.izmail-rada.gov.ua/2011-11-16-07-26-09/2011-11-16-07-28-44 | AA15: yes | AB15: https://kam-pod.gov.ua/rada/deputatsky-korpus/post-komisii-miskradi/sklad-postijnikh-komisij-miskoji-radi | AC15: yes | AD15: http://kam.gov.ua/miska_vlada/miska_rada/postiyni_komisii_miskoi_radi_viii_sklikannya | AE15: yes | AF15: https://kmr.gov.ua/uk/comisii https://kmr.gov.ua/uk/comisii/28/sklad (http://kmr.gov.ua/uk/comisii/21/sklad) https://kyivcity.gov.ua/kyiv_ta_miska_vlada/kmr/postiini_komisii/ | AG15: yes | AH15: http://kovelrada.gov.ua/commission.html | AI15: yes | AJ15: https://konotop-rada.gov.ua/postijni-komisii-miskoi-rady-8-sklykannia/ | AK15: yes | AL15: http://konstrada.gov.ua/vlada/miska-rada/35-miska-rada/postijni-komisiji | AM15: yes | AN15: http://www.krm.gov.ua/article/view/45 : http://www.krm.gov.ua/article/view/46 :http://www.krm.gov.ua/article/view/821 | AO15: yes | AP15: https://kremen.gov.ua/?view=kremen-page&page-id=101 | AQ15: yes | AR15: https://kr.gov.ua/ua/st/pg/181018802279585_s/ | AS15: yes | AT15: http://www.kr-rada.gov.ua/postiyni-deputatski-komisiyi/ | AU15: yes | AV15: https://lis.gov.ua/vijskovo-tsivilna-administratsiya/vikonavchi-organi/strukturni-pidrozdili.html | AW15: yes | AX15: https://www.lutskrada.gov.ua/pages/postiini-komisii-miskoi-rady https://www.lutskrada.gov.ua/komisii-lutskoi-miskoi-rady | AY15: yes | AZ15: https://www.lvivrada.gov.ua/miska-rada/postiyni-komisii | BA15: yes | BB15: http://marsovet.org.ua/articles/show/article/2366 | BC15: no | BE15: yes | BG15: yes | BH15: https://mukachevo-rada.gov.ua/committees | BI15: yes | BJ15: https://nizhynrada.gov.ua/nmr/miska-rada/deputati-miskoji-radi/frakciji-ta-postiyni-deputatski-komisiji | BK15: partially | BL15: http://nikopol-mrada.dp.gov.ua/vlada/deputatskyi-korpus/postiini-komisii-nikopolskoi-miskoi-rady-vii-sklykannia | BM15: yes | BN15: https://novomoskovsk-rada.dp.gov.ua/ua/rada/postijni-komisiyi | BO15: partially | BP15: https://deputat.odessa.ua/commissions/ | BQ15: partially | BR15: http://olexrada.gov.ua/category/city_rada/cg_st_komis http://olexrada.gov.ua/base/sesiya/8/r-4.zip | BS15: partially | BT15: https://pavlogradmrada.dp.gov.ua/miska-rada/postoyannaya-deputatskaya-komissiya-po-voprosam-zakonnosti-deputatskojj-ehtiki-svyazyam-s-politicheskimi-partiyami-obshhestvennymi-organizaciyami-i-sredstvami-massovojj-informacii.html | BU15: yes | BV15: https://rada-poltava.gov.ua/rule/rada/comission/ | BW15: yes | BX15: http://rivnerada.gov.ua/portal/commissions | BY15: yes | BZ15: http://sed-rada.gov.ua/postiyni-komisiyi-miskoyi-radi-vii-sklikannya/personalniy-sklad-postiynih-komisiy-miskoyi-radi-vii-sklikannya | CA15: yes | CB15: http://e-deputat.slavrada.gov.ua/uk/commissions | CC15: yes | CD15: https://smr.gov.ua/uk/miska-vlada/miska-rada/postijni-komisiji/38-postijni-komisiji.html | CE15: yes | CF15: https://ternopilcity.gov.ua/deputy/deputati-viii-cklikannya/deputatski-komisii/ | CG15: partially | CH15: https://rada-uzhgorod.gov.ua/miska_rada#3lr0o7stngj - | CI15: yes | CJ15: http://uman-rada.gov.ua/index.php/postiini-komisii | CK15: partially | CL15: https://www.city.kharkov.ua/uk/gorodskaya-vlast/gorodskoj-sovet/komissii.html | CM15: partially | CN15: http://www.city.kherson.ua/upload/Komisii_VIII_%20281220.pdf | CO15: yes | CP15: https://khm.gov.ua/uk/content/postiyni-komisiyi | CQ15: yes | CR15: http://chmr.gov.ua/ua/komis.php?s=2&s1=168&s2=456 | CS15: yes | CT15: http://chernivtsy.eu/portal/9/872-872.html | CU15: yes | CV15: http://chernigiv-rada.gov.ua/comisii/ | CW15: yes | CX15: http://shostka-rada.gov.ua/government/miska_rada/deputatsk_koms_shostkinsko_msko_radi_v_sklikannya/
A16: Q15 | B16: Is the information on the contact details of the City Council executive committee and names of its members published on the City Council website? | C16: yes | D16: http://artemrada.gov.ua/executivecommittee/members | E16: yes | F16: https://berdychiv.com.ua/%d1%81%d0%b0%d0%bc%d0%be%d0%b2%d1%80%d1%8f%d0%b4%d1%83%d0%b2%d0%b0%d0%bd%d0%bd%d1%8f/%d1%81%d0%ba%d0%bb%d0%b0%d0%b4-%d0%b2%d0%b8%d0%ba%d0%be%d0%bd%d0%ba%d0%be%d0%bc%d1%83/ | G16: yes | H16: https://bmr.gov.ua/index.php?%20id=225&L=%D%201%20%96%D0%%20BD%D1%84%D0%BE | I16: yes | J16: http://bc-rada.gov.ua/node/1841 | K16: yes | L16: http://brovary-rada.gov.ua/content/chleni-vikonavchogo-komitetu.html | M16: yes | N16: https://www.vmr.gov.ua/Lists/TheExecutiveCommittee/ShowContent.aspx?ID=24 | O16: yes | P16: https://dniprorada.gov.ua/uk/page/vikonkom-miskoi-radi | Q16: yes | R16: https://drohobych-rada.gov.ua/%d0%bc%d1%96%d1%81%d1%8c%d0%ba%d0%b0-%d1%80%d0%b0%d0%b4%d0%b0/%d1%81%d0%ba%d0%bb%d0%b0%d0%b4-%d0%b2%d0%b8%d0%ba%d0%be%d0%bd%d0%b0%d0%b2%d1%87%d0%be%d0%b3%d0%be-%d0%ba%d0%be%d0%bc%d1%96%d1%82%d0%b5%d1%82%d1%83/ | S16: yes | T16: http://zt-rada.gov.ua/?3506[0]=3 | U16: yes | V16: https://zp.gov.ua/uk/persons/category/vykonkom/ | W16: yes | X16: http://www.mvk.if.ua/sclad | Y16: partially | Z16: http://www.izmail-rada.gov.ua/2009-09-14-09-14-45/2010-02-23-10-11-08 | AA16: yes | AB16: http://kam-pod.gov.ua/vikonkom/sklad-vikonavchogo-komitetu | AC16: yes | AD16: http://kam.gov.ua/vikonavchiy_komitet_miskoi_radi/sklad_10 | AE16: yes | AF16: https://kyivcity.gov.ua/ | AG16: yes | AH16: http://www.kovelrada.gov.ua/executive.html | AI16: yes | AJ16: https://konotop-rada.gov.ua/7375-2018-12-14-13-02-34/ | AK16: no | AM16: yes | AN16: http://www.krm.gov.ua/article/view/58 | AO16: yes | AP16: https://kremen.gov.ua/?view=kremen-page&page-id=78 | AQ16: yes | AR16: https://kr.gov.ua/sklad_vikonavchogo_komitetu/viddili_upravlinnya_inshi_vikonavchi_organi_miskoi_radi http://kr.gov.ua/sklad_vikonavchogo_komitetu | AS16: yes | AT16: http://kr-rada.gov.ua/vikonavchiy-komitet/ | AU16: yes | AV16: https://lis.gov.ua/2011-03-25-08-36-56/executive-powers/672-shtatnoe-raspisanie-ispolnitelnykh-organov.html | AW16: yes | AX16: https://www.lutskrada.gov.ua/city-government/committee http://www.lutskrada.gov.ua/executive-committee | AY16: yes | AZ16: https://www.lvivrada.gov.ua/miska-rada/vykonavchi-organy | BA16: yes | BB16: http://marsovet.org.ua/articles/show/article/36 | BC16: partially | BD16: http://mlt.gov.ua/index.php?option=com_frontpage&Itemid=1 | BE16: yes | BF16: https://mkrada.gov.ua/content/sklad-vikonkomu.html | BG16: yes | BH16: https://mukachevo-rada.gov.ua/executive-committee | BI16: yes | BJ16: https://nizhynrada.gov.ua/nmr/departments/vikonavchiy-komitet | BK16: partially | BL16: http://www.nikopol-mrada.dp.gov.ua/vykonavchyi-komitet/sklad-vykonavchoho-komitetu-nikopolskoi-miskoi-rady http://www.nikopol-mrada.dp.gov.ua/vykonavchyi-komitet/sklad-vykonavchoho-komitetu-nikopolskoi-miskoi-rady | BM16: no | BO16: yes | BP16: https://omr.gov.ua/ua/city/committee/members/ https://omr.gov.ua/ua/city/deputy/orlovskiy/ | BQ16: yes | BR16: http://olexrada.gov.ua/category/vkk/sklad_vk | BS16: partially | BT16: https://pavlogradmrada.dp.gov.ua/vikonkom-2/sklad-vikonkomu.html | BU16: yes | BV16: https://rada-poltava.gov.ua/rule/vykonkom/membership/ | BW16: yes | BX16: http://rivnerada.gov.ua/portal/execcommittee | BY16: yes | BZ16: http://sed-rada.gov.ua/vikonavchiy-komitet/sklad-vikonavchogo-komitetu | CA16: yes | CB16: http://slavrada.gov.ua/?view=sostav_ispolkom | CC16: yes | CD16: https://smr.gov.ua/uk/miska-vlada/vikonavchi-organi/vikonavchij-komitet/46-vikonavchij-komitet.html | CE16: yes | CF16: https://ternopilcity.gov.ua/vikonavchiy-komitet/sklad-vikonavchogo-komitetu/ | CG16: yes | CH16: https://rada-uzhgorod.gov.ua/chleni-vukonkomu | CI16: yes | CJ16: https://uman-rada.gov.ua/index.php/miska-vlada/vykonavchyi-komitet | CK16: partially | CL16: - http://www.city.kharkov.ua/uk/gorodskaya-vlast/ispolnitelnyie-organyi/sostav-ispolkoma.html | CM16: partially | CN16: http://www.city.kherson.ua/articles/personalniy-sklad-vikonavchogo-komitetu http://www.city.kherson.ua/c/miska-vlada/s/kerivniki | CO16: yes | CP16: http://khm.gov.ua/uk/composition_executive_committee | CQ16: yes | CR16: http://chmr.gov.ua/ua/text.php?s=2&s1=457 | CS16: yes | CT16: http://chernivtsy.eu/portal/11491-2 | CU16: yes | CV16: http://chernigiv-rada.gov.ua/comitet/ | CW16: yes | CX16: http://shostka-rada.gov.ua/government/ http://www.shostka-rada.gov.ua/government/vikonavchij_komitet
A17: Q16 | B17: Is the information on the approved socio-economic and cultural development programs, target programs, as well as reports on their implementation published on the City Council website. | C17: yes | D17: http://artemrada.gov.ua/cityprogram | E17: yes | F17: https://berdychiv.com.ua/wp-content/uploads/2020/11/%D0%9F%D1%80%D0%BE-%D1%85%D1%96%D0%B4-%D0%B2%D0%B8%D0%BA%D0%BE%D0%BD%D0%B0%D0%BD%D0%BD%D1%8F-%D0%BF%D1%80%D0%BE%D0%B3%D1%80%D0%B0%D0%BC%D0%B8-%D1%81%D0%BE%D1%86%D1%96%D0%B0%D0%BB%D1%8C%D0%BD%D0%BE%D0%B3%D0%BE-%D1%96-%D0%B5%D0%BA%D0%BE%D0%BD%D0%BE%D0%BC%D1%96%D1%87%D0%BD%D0%BE%D0%B3%D0%BE-%D1%80%D0%BE%D0%B7%D0%B2%D0%B8%D1%82%D0%BA%D1%83.pdf | G17: yes | H17: https://bmr.gov.ua/index.php?id=800000272 | I17: yes | J17: https://new.bc-rada.gov.ua/miska_rada/normatyvni_akty/1673_2-11_pro_zatverdzhennia_prohramy_sotsialno-ekonomichnoho_ta_kulturnoho_rozvytku_mista_bila_tserkva_na_2020_rik.html | K17: yes | L17: http://brovary-rada.gov.ua/documents/33438.html | M17: yes | N17: https://www.vmr.gov.ua/TransparentCity/Lists/Vinnytsia2020/ShowContent.aspx?ID=14 | O17: yes | P17: https://dniprorada.gov.ua/uk/articles/category/programa-ekonomichnogo-i-socialnogo-rozvitku-mista/). https://dniprorada.gov.ua/uk/page/dokumenti-miskoi-radi). https://dniprorada.gov.ua/uk/page/vikonavchi-organi-miskoi-radi - , , . | Q17: yes | R17: https://drohobych-rada.gov.ua/%d0%b5%d0%ba%d0%be%d0%bd%d0%be%d0%bc%d1%96%d0%ba%d0%b0/%d0%bf%d1%80%d0%be%d0%b3%d1%80%d0%b0%d0%bc%d0%b8-%d1%80%d0%be%d0%b7%d0%b2%d0%b8%d1%82%d0%ba%d1%83/ | S17: yes | T17: http://zt-rada.gov.ua/?3445[0]=42 | U17: yes | V17: https://zp.gov.ua/uk/documents/item/43842 https://zp.gov.ua/uk/documents/item/43812 | W17: yes | X17: http://www.mvk.if.ua/mvkprog http://www.mrada.if.ua/%D0%B4%D0%BE%D0%BA%D1%83%D0%BC%D0%B5%D0%BD%D1%82%D0%B8-%D1%80%D0%B0%D0%B4%D0%B8/%D0%BF%D1%80%D0%BE%D0%B3%D1%80%D0%B0%D0%BC%D0%B8-%D1%80%D0%B0%D0%B4%D0%B8 | Y17: partially | Z17: http://www.izmail-rada.gov.ua/2010-05-05-12-39-15 | AA17: yes | AB17: http://kam-pod.gov.ua/economika/economika-mista/programa-sotsialno-ekonomichnogo-rozvitku-mista | AC17: yes | AD17: http://kam.gov.ua/ekonomichniy_rozvitok | AE17: yes | AF17: https://kmr.gov.ua/uk/comisii/20/development | AG17: yes | AH17: http://www.kovelrada.gov.ua/programeconomic.html | AI17: yes | AJ17: https://konotop-rada.gov.ua/107-2009-05-05-06-08-53/ | AK17: yes | AL17: http://konstrada.gov.ua/sotsialno-ekonomichnij-rozvitok/programi | AM17: yes | AN17: http://www.krm.gov.ua/article/view/816 2019: http://www.krm.gov.ua/article/view/823 1 http://www.krm.gov.ua/article/view/890 http://www.krm.gov.ua/article/view/833 . 2019-2020 http://www.krm.gov.ua/article/view/840 | AO17: yes | AP17: https://kremen.gov.ua/?view=search&search_type=all&search_all=%D0%9F%D1%80%D0%BE+%D0%B7%D0%B0%D1%82%D0%B2%D0%B5%D1%80%D0%B4%D0%B6%D0%B5%D0%BD%D0%BD%D1%8F+%D0%BF%D1%80%D0%BE%D0%B3%D1%80%D0%B0%D0%BC%D0%B8+%D0%B5%D0%BA%D0%BE%D0%BD%D0%BE%D0%BC%D1%96%D1%87%D0%BD%D0%BE%D0%B3%D0%BE+%D1%96+%D1%81%D0%BE%D1%86%D1%96%D0%B0%D0%BB%D1%8C%D0%BD%D0%BE%D0%B3%D0%BE+%D1%80%D0%BE%D0%B7%D0%B2%D0%B8%D1%82%D0%BA%D1%83+%D0%BC%D1%96%D1%81%D1%82%D0%B0+%D0%9A%D1%80%D0%B5%D0%BC%D0%B5%D0%BD%D1%87%D1%83%D0%BA%D0%B0+%D0%BD%D0%B0+2020+%D1%80%D1%96%D0%BA | AQ17: yes | AR17: https://kr.gov.ua/sotsialno_ekonomichniy_rozvitok | AS17: yes | AT17: http://www.kr-rada.gov.ua/upravlinnya-sotsialnoyi-pidtrimki-naselennya/publichna-informatsiya-soc-pidtrimka/ http://kr-rada.gov.ua/ekonomika/programa-ekonomichnogo-i-sotsialnogo-rozvitku-ek/ http://kr-rada.gov.ua/investitsiyna-diyalnist http://kr-rada.gov.ua/pidprimnitstvo | AU17: yes | AV17: http://lis.gov.ua/lisichansk-today/programs.html | AW17: yes | AX17: https://www.lutskrada.gov.ua/pages/informatsiia-pro-ekonomichnyi-ta-sotsialnyi-stan-rozvytku-mista-lutska https://www.lutskrada.gov.ua/documents/pro-zatverdzhennya-programy-rozvytku-kultury-u-misti-lucku-na-2018-2020-roky | AY17: yes | AZ17: https://www.lvivrada.gov.ua/informacia/programy-rozvytku-mista | BA17: yes | BB17: http://mariapolrada.gov.ua/citv-council-solution-proiects/pro-progjamu-ekonomichnogo--socialnogo-rozvitku-m.-mariupolia-na-2018-rik - , 01.11.2017 01.11.2017 http://mariupolrada.gov.ua/citv-council-solutions/pro-zvit-postijnoi-komisii-z-pitan-socialno-ekonomichnogo-rozvitku-biudzhetu-ta-finansam-pro-dijalnist-z-01.11.2017-do- 01.01.2017 http://mariupolrada.gov.ua/citv-counci]-solutions/pro-vnesennia-zmin-do-rishennia-miskoi-radi-vid-28.01.2017-74-39-%C2%ABpro-perejmenuvannia-obektiv- toponimiki-mista%C2%BB / http://mariupolrada.gov.ua/page/dokumenti-mariupolskoi-miskoi-radi | BC17: yes | BD17: http://mlt.gov.ua/index.php?option=com_content&task=view&id=2662&Itemid=240 | BE17: yes | BF17: https://mkrada.gov.ua/documents/28345.html https://mkrada.gov.ua/content/programi-ekonomichnogo-i-socialnogo-rozvitku-mmikolaeva-na-20152018-roki.html https://mkrada.gov.ua/documents/26383.html http://uprns.mkrada.gov.ua/?page_id=708 | BG17: yes | BH17: https://mukachevo-rada.gov.ua/upravlinnya-mistom/meshkancyu/ekonomika/programa-ekonomichnogo-i-socialnogo-rozvitku/programa-ekonomichnogo-i-socialnogo-rozvitku-mukachivskoyi-miskoyi-obyednanoyi-teritorialnoyi-gromadi-na-2020-rik-ta-osnovni-napryamki-rozvitku-na-2021-2022-roki | BI17: yes | BJ17: https://nizhynrada.gov.ua/nmr/ekonomichniy-rozvitok/programa-ekonomichnogo-ta-socialnogo-rozvitku/programa-ekonomichnogo-i-socialnogo-rozvitku-nizhinskoji-teritorialnoji-gromadi-na-2021-rik https://nizhynrada.gov.ua/nmr/ekonomichniy-rozvitok/programa-ekonomichnogo-ta-socialnogo-rozvitku | BK17: partially | BL17: http://nikopol-mrada.dp.gov.ua/publichna-informatsiia/miski-tsilovi-prohramy http://nikopol-mrada.dp.gov.ua/publichna-informatsiia/dokumentinmr/rishennia-miskoi-rady http://nikopol-mrada.dp.gov.ua/prijmalnya/koshty-mista/zvity-pro-vykorystannia-pasportiv-biudzhetnykh-prohram | BM17: yes | BN17: https://novomoskovsk-rada.dp.gov.ua/ua/normativni-akti/vsi-normativni-akti/pro-shvalennya-zvitu-pro-vikonannya-programi-socialnogo-zahistu-naselennya-mnovomoskovsku-na-2016-2020-rr-ta-znyattya-z-kontrolyu | BO17: yes | BP17: https://omr.gov.ua/ua/acts/council/ https://omr.gov.ua/ua/open-city/programs/ https://www.omr.gov.ua/ua/acts/council/91050/ https://omr.gov.ua/ua/acts/committee/177648/ https://www.omr.gov.ua/ua/open-city/programs/reports/ https://www.omr.gov.ua/ua/open-city/programs/reports/otcheti-za-2019-god/ | BQ17: yes | BR17: http://olexrada.gov.ua/category/target_gov_prog http://olexrada.gov.ua/category/development_strategy/ | BS17: yes | BT17: http://pavlogradmrada.dp.gov.ua/news/perelik-diyuchikh-miscevikh-program.html https://pavlogradmrada.dp.gov.ua/wp-content/uploads/2020/12/1007-%D0%9F%D1%80%D0%BE-%D1%80%D0%B5%D0%B7%D1%83%D0%BB%D1%8C%D1%82%D0%B0%D1%82%D0%B8-%D0%B2%D0%B8%D0%BA%D0%BE%D0%BD%D0%B0%D0%BD%D0%BD%D1%8F-%D0%9F%D1%80%D0%BE%D0%B3%D1%80%D0%B0%D0%BC%D0%B8-%D1%81%D0%BF%D1%80%D0%B8%D1%8F%D0%BD%D0%BD%D1%8F-%D1%80%D0%BE%D0%B7%D0%B2%D0%B8%D1%82%D0%BA%D1%83-%D0%BF%D1%96%D0%B4%D0%BF%D1%80%D0%B8%D1%94%D0%BC%D0%BD%D0%B8%D1%86%D1%82%D0%B2%D0%B0.doc | BU17: yes | BV17: https://rada-poltava.gov.ua/documents/ | BW17: yes | BX17: www.city-adm.rv.ua http://medrivne.com.ua | BY17: yes | BZ17: http://sed-rada.gov.ua/ekonomika/programa-socialno-ekonomichnogo-i-kulturnogo-rozvitku-m-sievierodonecka http://sed-rada.gov.ua/miski-cilovi-programi/diyuchi-programi-sievierodoneckoyi-miskoyi-radi http://sed-rada.gov.ua/miski-cilovi-programi/zviti-pro-vikonannya-program | CA17: yes | CB17: http://www.slavrada.gov.ua/?view=econom http://docs.slavrada.gov.ua/prdt/15541/ http://docs.slavrada.gov.ua/dt/14622/ http://docs.slavrada.gov.ua/dt/2265/ http://docs.slavrada.gov.ua/dt/1239/ | CC17: yes | CD17: https://smr.gov.ua/uk/dokumenti/programi-rozvitku-mista/1749-programi-rozvitku-mista.html ; https://smr.gov.ua/uk/dokumenti/programi-rozvitku-mista/1749-programi-rozvitku-mista.html | CE17: yes | CF17: https://ternopilcity.gov.ua/strategichni-ta-programni-dokumenti/programa-sotsialno-ekonomichnogo-rozvitku/ | CG17: yes | CH17: https://rada-uzhgorod.gov.ua/sotsialno-ekonomichniy-rozvitok-mista https://rada-uzhgorod.gov.ua/rada_docs/show/%E2%84%96-273-vid-26082020-roku-pro-vykonannia-tsilovykh-prohram-upravlinnia-ekonomichnoho-rozvytku-mista-uzhhorod-za-i-pivrichchia-2020-roku | CI17: yes | CJ17: http://uman-rada.gov.ua/index.php/sotsialno-ekonomichnyi-rozvytok-mista | CK17: partially | CL17: (http://www.city.kharkov.ua/uk/dokumentyi/important-docs.html) . https://doc.citynet.kharkov.ua/uk/profile/ | CM17: yes | CN17: http://www.city.kherson.ua/articles/programa-ekonomichnogo-i-socialnogo-rozvitku-m-hersona http://www.city.kherson.ua/articles/perelik-diyuchih-program http://www.city.kherson.ua/act_search/3?number=&text=&date_from=&date_to=&search=1 | CO17: yes | CP17: https://khm.gov.ua/uk/city_programms_eco https://khm.gov.ua/uk/city_programms_economy https://khm.gov.ua/uk/city_programms_pravo https://khm.gov.ua/uk/city_programms_jkg https://khm.gov.ua/uk/city_programms_zmi https://khm.gov.ua/uk/city_programms_kultura https://khm.gov.ua/uk/city_programms_osvita https://khm.gov.ua/uk/city_programms_ozsz https://khm.gov.ua/uk/city_programms_struct https://khm.gov.ua/uk/city_programms_kp https://khm.gov.ua/uk/city_programms_transport https://khm.gov.ua/uk/city_programms_dpi https://khm.gov.ua/uk/content/pidtrymka-pidpryyemnyctva https://khm.gov.ua/uk/content/pro-zatverdzhennya-programy-byudzhetuvannya-za-uchasti-gromadskosti-byudzhet-uchasti-mista-1 https://khm.gov.ua/uk/content/pro-zatverdzhennya-koncepciyi-industrialnogo-parku-hmelnyckyy-ta-stvorennya-industrialnogo-0 “ ” https://khm.gov.ua/uk/content/pro-zatverdzhennya-programy-gromadski-iniciatyvy-mhmelnyckogo-na-2016-2020-roky https://khm.gov.ua/uk/content/pro-zatverdzhennya-programy-mizhnarodnogo-spivrobitnyctva-ta-promociyi-mista-hmelnyckogo-na | CQ17: yes | CR17: http://chmr.gov.ua/ua/textex.php?s=2&s1=206 http://chmr.gov.ua/ua/text.php?s=2&s1=207&s2=344 http://chmr.gov.ua/ua/files.php?s=33&s1=368&s2=522 | CS17: yes | CT17: http://chernivtsy.eu/portal/12832-2 | CU17: yes | CV17: http://chernigiv-rada.gov.ua/miski-programy/ https://chernigiv-rada.gov.ua/programy-2020/ | CW17: yes | CX17: http://shostka-rada.gov.ua/economy/programa_rozvitku1/ http://shostka-rada.gov.ua/documents/rishennya_rada/
A18: Q17 | B18: Is the information on the City Council executive committee meetings and the approved decisions published on the City Council website? | C18: yes | D18: http://artemrada.gov.ua/documents/regulations/committee | E18: yes | F18: https://berdychiv.com.ua/2020/05/%d0%bf%d1%80%d0%be-%d1%82%d0%b5-%d1%8f%d0%ba%d0%b8%d1%85-%d0%b7%d0%bc%d1%96%d0%bd-%d0%b7%d0%b0%d0%b7%d0%bd%d0%b0%d1%8e%d1%82%d1%8c-%d0%bf%d1%80%d0%be%d1%82%d0%b8%d0%b5%d0%bf%d1%96%d0%b4%d0%b5%d0%bc/ | G18: yes | H18: http://bmr.gov.ua/index.php?id=800000883 | I18: yes | J18: http://bc-rada.gov.ua/node/4924 | K18: yes | L18: http://brovary-rada.gov.ua/documents/?c=l | M18: yes | N18: https://www.vmr.gov.ua/Docs/ExecutiveCommitteeDecisions/Forms/AllItems.aspx https://www.vmr.gov.ua/Lists/TheExecutiveCommittee/ShowContent.aspx?ID=23 | O18: yes | P18: https://dniprorada.gov.ua/uk/page/poshuk-prijnyatih-dokumentiv-dniprovskoi-miskoi-radi | Q18: yes | R18: https://doc.drohobych-rada.gov.ua/category/vykonavchij-komitet/%d1%80%d1%96%d1%88%d0%b5%d0%bd%d0%bd%d1%8f-%d0%b2%d0%b8%d0%ba%d0%be%d0%bd%d0%ba%d0%be%d0%bc%d1%83/ https://doc.drohobych-rada.gov.ua/category/vykonavchij-komitet/%d0%bf%d0%be%d1%96%d0%bc%d0%b5%d0%bd%d0%bd%d1%96-%d0%b3%d0%be%d0%bb%d0%be%d1%81%d1%83%d0%b2%d0%b0%d0%bd%d0%bd%d1%8f-%d0%b2%d0%b8%d0%ba%d0%be%d0%bd%d0%b0%d0%b2%d1%87%d0%be%d0%b3%d0%be-%d0%ba%d0%be/ https://doc.drohobych-rada.gov.ua/category/vykonavchij-komitet/%d0%bf%d1%80%d0%be%d1%82%d0%be%d0%ba%d0%be%d0%bb%d0%b8-%d0%b7%d0%b0%d1%81%d1%96%d0%b4%d0%b0%d0%bd%d1%8c-%d0%b2%d0%b8%d0%ba%d0%be%d0%bd%d0%b0%d0%b2%d1%87%d0%be%d0%b3%d0%be-%d0%ba%d0%be%d0%bc%d1%96/ | S18: yes | T18: http://zt-rada.gov.ua/?3998[0]=8763, http://zt-rada.gov.ua/documents?4026=23 | U18: yes | V18: https://zp.gov.ua/uk/articles/item/9124/zaporizki-deputati-zatverdili-plan-roboti-na-pershe-pivrichchya; https://zp.gov.ua/uk/articles/item/9113/tretya-sesiya-zaporizkoi-miskoi-radi https://zp.gov.ua/uk/documents/category/rishennya-miskvikonkomu/ | W18: yes | X18: http://www.mvk.if.ua/prmvk http://www.mvk.if.ua/prorish http://www.mvk.if.ua/anons/54344 | Y18: yes | Z18: http://www.izmail-rada.gov.ua/2012-04-02-13-48-01/2012-04-02-13-49-56 | AA18: yes | AB18: http://kam-pod.gov.ua/vikonkom/zasidannya-vikonavchogo-komitetu http://kam-pod.gov.ua/documents/of-docs-miskradi/rishennia-vikonkom | AC18: yes | AD18: http://so.kam.gov.ua/ua/treezas_so/pg/1_d6/%d0%a0%d1%96%d1%88%d0%b5%d0%bd%d0%bd%d1%8fhttp:/so.dndz.gov.ua/ua/treezas_so/pg/1_d2/ | AE18: yes | AF18: https://kyivcity.gov.ua/ | AG18: yes | AH18: http://www.kovelrada.gov.ua/decisioncommittee.html | AI18: yes | AJ18: https://konotop-rada.gov.ua/category/dokumenty/rishennia-vykonkom/ | AK18: no | AM18: yes | AN18: http://www.krm.gov.ua/docs/vikonkom | AO18: yes | AP18: https://kremen.gov.ua/?view=comitet-agenda | AQ18: yes | AR18: https://kr.gov.ua/ua/ispolkom_sessii/pg/5156_s/ | AS18: yes | AT18: http://kr-rada.gov.ua/vikonavchiy-komitet/anonsi-zasidan-vikonkom/ http://kr-rada.gov.ua/rishennya/ | AU18: yes | AV18: https://lis.gov.ua/2011-03-25-08-36-56/executive-powers/2011-02-24-14-47-23.html | AW18: yes | AX18: https://www.lutskrada.gov.ua/video-news/on-line https://www.lutskrada.gov.ua/pages/rezultaty-holosuvan-vykonavchoho-komitetu https://www.lutskrada.gov.ua/documents?term=&number=&type=24 | AY18: yes | AZ18: https://www8.city-adm.lviv.ua/info/plan_VK.nsf/main | BA18: yes | BB18: http://marsovet.org.ua/news/index/sect/6 http://marsovet.org.ua/documents/show/menu/16493 | BC18: yes | BD18: http://mlt.gov.ua/index.php?option=com_content&task=blogcategory&id=88&Itemid=327 http://mlt.gov.ua/index.php?option=com_content&task=blogcategory&id=109&Itemid=362 | BE18: yes | BF18: https://mkrada.gov.ua/content/proekti-rishen-vikonkomu.html | BG18: yes | BH18: https://mukachevo-rada.gov.ua/upravlinnya-mistom/vikonavchij-komitet/plan-grafik-provedennya-zasidan-vikonavchogo-komitetu https://mukachevo-rada.gov.ua/npasearch?&category=5 | BI18: yes | BJ18: https://nizhynrada.gov.ua/nmr/vikonkom/rishennya-vikonavchogo-komitetu https://nizhynrada.gov.ua/news/novini/vidbulosya-zasidannya-vikonavchogo-komitetu-6 | BK18: yes | BL18: http://nikopol-mrada.dp.gov.ua/publichna-informatsiia/dokumenti-nmr/rishennia-vykonavchoho-komitetu | BM18: yes | BN18: http://www.novomoskovsk-rada.gov.ua/sites/default/files/protokoly_zasidan_vykonkomu_2020.rar | BO18: yes | BP18: https://omr.gov.ua/ua/acts/committee/ | BQ18: yes | BR18: - http://olexrada.gov.ua/category/vkk/protokol_vk - http://zakon.olexrada.gov.ua/rvk.php | BS18: yes | BT18: http://pavlogradmrada.dp.gov.ua/category/vikonkom-2/rishennya-vikonkomu | BU18: yes | BV18: https://rada-poltava.gov.ua/documents/ | BW18: yes | BX18: : http://rivnerada.gov.ua/PublicServices/draft-decisions/committee; http://rivnerada.gov.ua/PublicServices/decisions/committee | BY18: yes | BZ18: http://sed-rada.gov.ua/ http://sed-rada.gov.ua/vikonavchiy-komitet/ogoloshennya-pro-sklikannya http://sed-rada.gov.ua/normativna-baza/arhiv-proektiv-rishen-vikonavchogo-komitetu http://sed-rada.gov.ua/normativna-baza/arhiv-rishen-vikonavchogo-komitetu | CA18: yes | CB18: http://docs.slavrada.gov.ua/pdzas/ http://docs.slavrada.gov.ua/przas/ http://docs.slavrada.gov.ua/rishmvk/ | CC18: yes | CD18: https://smr.gov.ua/uk/miska-vlada/vikonavchi-organi/vikonavchij-komitet.html#vk19 https://smr.gov.ua/uk/dokumenti/rishennya-vikonavchogo-komitetu/2019-vk.html ( 2004 ) | CE18: yes | CF18: https://ternopilcity.gov.ua/vikonavchiy-komitet/rishennya-vikonavchogo-komitetu-2019/ https://ternopilcity.gov.ua/vikonavchiy-komitet/poryadok-denniy-zasidan-vikonavchogo-komitetu/ | CG18: yes | CH18: https://rada-uzhgorod.gov.ua/protokoli-vikonkomu https://rada-uzhgorod.gov.ua/protokoli-vikonkomu#fh99kanruqs https://rada-uzhgorod.gov.ua/rada_docs/rishennya-vykonkomu https://rada-uzhgorod.gov.ua/plani-vikonkomu | CI18: yes | CJ18: http://uman-rada.gov.ua/index.php/dokumenty/rishennia-vykonavchoho-komitetu | CK18: yes | CL18: https://doc.citynet.kharkov.ua/ru/profile/ | CM18: yes | CN18: http://www.city.kherson.ua/act_search/1 http://www.city.kherson.ua/ http://www.city.kherson.ua/act_search/2 | CO18: yes | CP18: http://khm.gov.ua/uk/content/plany-zasidan, https://khm.gov.ua/uk/-agenda-of-the-executive-committee, https://khm.gov.ua/uk/executive-committee-decision | CQ18: yes | CR18: http://chmr.gov.ua/ua/text.php?s=2&s1=27&s2=22 | CS18: yes | CT18: http://chernivtsy.eu/portal/13104-2 http://chernivtsy.eu/portal/1196-2 | CU18: yes | CV18: https://chernigiv-rada.gov.ua/plany-zasidan-vikonkomu/ https://chernigiv-rada.gov.ua/poekty-rishen-vikonkomu/sid-62/ https://chernigiv-rada.gov.ua/rishennya-vikonkomu/sid-63/ | CW18: yes | CX18: http://shostka-rada.gov.ua/ogoloshennya_pro_sklikannya_sesj/ http://shostka-rada.gov.ua/documents/rishennya_vikonkom/
A19: Q18 | B19: Is the procedure for the general meetings of citizens by place of residence (shall be approved by the charter of the territorial community) published on the City Council website? | C19: yes | D19: http://artemrada.gov.ua/meeting | E19: no | G19: yes | H19: https://bmr.gov.ua/fileadmin/documentation/inf-komunik.resursi/2017/Statut_teritor_gromadi_mista.pdf | I19: yes | J19: http://bc-rada.gov.ua/node/1901 https://new.bc-rada.gov.ua/miska_rada/hromadianske_suspilstvo/7_statut_terytorialnoi_hromady_mista_bila_tserkva.html | K19: yes | L19: http://brovary-rada.gov.ua/news/15594.html | M19: yes | N19: https://www.vmr.gov.ua/Lists/VinnytsyaCity/ShowContent.aspx?ID=3 | O19: yes | P19: https://dniprorada.gov.ua/uk/page/statut-teritorialnoi-gromadi-mista - . 18 | Q19: yes | R19: https://drohobych-rada.gov.ua/%d0%b3%d1%80%d0%be%d0%bc%d0%b0%d0%b4%d1%81%d1%8c%d0%ba%d0%be%d1%81%d1%82%d1%96/%d1%81%d1%82%d0%b0%d1%82%d1%83%d1%82-%d0%b3%d1%80%d0%be%d0%bc%d0%b0%d0%b4%d0%b8-%d0%bc%d1%96%d1%81%d1%82%d0%b0/ | S19: yes | T19: http://zt-rada.gov.ua/statutZt | U19: yes | V19: https://zp.gov.ua/uk/page/statut | W19: yes | X19: http://www.namvk.if.ua/dt/20813/ | Y19: no | Z19: http://www.izmail-rada.gov.ua/images/0511171.rar | AA19: yes | AB19: https://onedrive.live.com/?authkey=%21AJkowX0xBaYgE80&cid=ECE43D51F9A9D478&id=ECE43D51F9A9D478%216625&parId=ECE43D51F9A9D478%212523&o=OneUp | AC19: yes | AD19: http://sok.kam.gov.ua/ua/treezas_so/pg/190619438897157_d5/ | AE19: yes | AF19: https://kmr.gov.ua/uk/content/zagalni-zbory | AG19: no | AI19: no | AK19: no | AM19: yes | AN19: http://www.krm.gov.ua/article/view/629 | AO19: no | AQ19: yes | AR19: http://kr.gov.ua/statut_teritorialnoi_gromadi_m.krivogo_rogu | AS19: yes | AT19: http://kr-rada.gov.ua/zagalni-zbori http://www.kr-rada.gov.ua/site/uploads/files/Vyconavchi%20organy/Viddil-z-pitan-vnutrishnoi-polotiki/%D0%A1%D1%82%D0%B0%D1%82%D1%83%D1%82%202019%20%D1%81%D0%B0%D0%B9%D1%82.pdf | AU19: yes | AW19: yes | AX19: https://www.lutskrada.gov.ua/pages/stattia-26-zahalni-zbory-hromadian-za-mistsem-prozhyvannia | AY19: yes | AZ19: https://lvivrada.gov.ua/gromadska-uchast/zagalyni-zbory | BA19: no | BC19: no | BE19: yes | BF19: https://mkrada.gov.ua/content/statut-mista.html. | BG19: yes | BH19: https://mukachevo-rada.gov.ua/pro-misto/statut-teritorialnoyi-gromadi | BI19: yes | BJ19: https://nizhynrada.gov.ua/nmr/pro-misto-about-city/statut-teritorialnoji-gromadi-statute-of-the-territorial-community-of-nizhyn-chernihiv-region-content.html | BK19: yes | BL19: http://nikopol-mrada.dp.gov.ua/prijmalnya/statut-mista2 | BM19: no | BO19: yes | BP19: https://omr.gov.ua/ua/open-city/statute/ | BQ19: yes | BR19: http://olexrada.gov.ua/category/gov_history/sity_statut | BS19: no | BU19: partially | BV19: https://www.google.com/url?q=http://www.rada-poltava.gov.ua/files/Statut%2520ter%2520gromadu.doc&sa=U&ved=0ahUKEwiMu5qTkcLQAhXDVywKHXojBaIQFggEMAA&client=internal-uds-cse&usg=AFQjCNFp-2zYIG8490WWUWDppooqeyaFdw | BW19: yes | BX19: http://rivnerada.gov.ua/portal/view-content/2430, http://rivnerada.gov.ua/portal/view-content/4468; http://rivnerada.gov.ua/portal/view-content/4473 | BY19: yes | BZ19: http://sed-rada.gov.ua/nashe-misto/statut-teritorialnoyi-gromadi | CA19: no | CC19: yes | CD19: http://www.meria.sumy.ua/index.php?docid=8634 ( ); https://smr.gov.ua/uk/dokumenti/statut-mista.html | CE19: yes | CF19: https://ternopilcity.gov.ua/normative-documents/statut-gromadi-mista-ternopolya/28630.html | CG19: yes | CH19: https://rada-uzhgorod.gov.ua/uploads/old_docs/rada/PR_pro_zatver_polozh_pro_zagal_zboru_gromadjan_19.09.14.pdf | CI19: no | CK19: yes | CL19: https://www.city.kharkov.ua/uk/dokumentyi/ustav-territorialnoj-gromadyi.html | CM19: yes | CN19: http://www.city.kherson.ua/acts/s1353_1.zip | CO19: yes | CP19: http://khm.gov.ua/uk/content/statut-terytorialnoyi-gromady-m-hmelnyckogo http://khm.gov.ua/uk/public_consultation | CQ19: yes | CR19: http://chmr.gov.ua/_upload/Statutu_terytorialnoyi_hromady_mista.pdf | CS19: yes | CT19: chernivtsy.eu/portal/f/mr/ses2015069-1726-d2.doc | CU19: yes | CV19: http://chernigiv-rada.gov.ua/statut-gromady | CW19: yes | CX19: http://shostka-rada.gov.ua/vzaemodiya_z_gromadskistyu/polozhennya-pro-zagaln-zbori-gromadyan-za-mscem-prozhivannya-v-ukran/
A20: Q19 | B20: Is the procedure for submitting local initiative for consideration of the Council published on the City Council website? | C20: yes | D20: http://artemrada.gov.ua/inventions | E20: no | G20: yes | H20: https://bmr.gov.ua/fileadmin/documentation/inf-komunik.resursi/2017/Statut_teritor_gromadi_mista.pdf | I20: no | K20: yes | M20: yes | N20: https://www.vmr.gov.ua/TransparentCity/Lists/PublicDiscussion/ShowContent.aspx?ID=1 | O20: yes | P20: https://dniprorada.gov.ua/uk/page/statut-teritorialnoi-gromadi-mista - . 19 | Q20: yes | R20: https://drohobych-rada.gov.ua/category/news/announcements/ | S20: yes | T20: http://zt-rada.gov.ua/?3398[0]=8750 http://zt-rada.gov.ua/?3398[0]=8751 | U20: yes | V20: https://zp.gov.ua/uk/page/elektronni-peticii | W20: yes | X20: http://www.namvk.if.ua/dt/20814/ | Y20: no | Z20: http://www.izmail-rada.gov.ua/images/0511171.rar | AA20: no | AC20: yes | AD20: http://so.kam.gov.ua/ua/treezas_so/pg/1557_d1/ | AE20: yes | AF20: https://kmr.gov.ua/uk/content/poryadok-vnesennya-ta-rozglyadu-miscevyh-iniciatyv | AG20: no | AI20: no | AK20: no | AM20: yes | AN20: http://www.krm.gov.ua/article/view/498 | AO20: no | AQ20: yes | AR20: https://gb.kr.gov.ua/ | AS20: yes | AT20: http://kr-rada.gov.ua/zagalni-zbori http://www.kr-rada.gov.ua/site/uploads/files/Vyconavchi%20organy/Viddil-z-pitan-vnutrishnoi-polotiki/%D0%A1%D1%82%D0%B0%D1%82%D1%83%D1%82%202019%20%D1%81%D0%B0%D0%B9%D1%82.pdf | AU20: no | AW20: yes | AX20: https://www.lutskrada.gov.ua/pages/bu | AY20: yes | AZ20: https://lvivrada.gov.ua/gromadska-uchast/miscevi-iniciatyvy | BA20: no | BC20: yes | BD20: https://melitopol-online.gov.ua/ | BE20: yes | BF20: https://mkrada.gov.ua/content/statut-mista.html. https://mkrada.gov.ua/content/reglament-mikolaivskoi-miskoi-radi-vi-sklikannya_2.html. | BG20: yes | BH20: https://mukachevo-rada.gov.ua/images/docs/rishennya_mr/7/38_7_20180329/Rish_981.doc | BI20: yes | BJ20: https://nizhynrada.gov.ua/nmr/miska-gromada/instrumenti-miscevoji-demokratiji/gromadski-sluhannya | BK20: yes | BL20: http://nikopol-mrada.dp.gov.ua/prijmalnya/statut-mista2 | BM20: no | BO20: yes | BP20: https://omr.gov.ua/ua/open-city/statute/ | BQ20: yes | BR20: http://olexrada.gov.ua/category/gov_history/sity_statu | BS20: no | BT20: https://pavlogradmrada.dp.gov.ua/2083-2 | BU20: no | BW20: no | BX20: http://rivnerada.gov.ua/portal/view-content/2430 | BY20: yes | BZ20: http://sed-rada.gov.ua/nashe-misto/statut-teritorialnoyi-gromadi : http://sed-rada.gov.ua/external-link/polozhennya-pro-miscevi-iniciativi-v-misti-sievierodonecku | CA20: no | CC20: yes | CD20: https://smr.gov.ua/uk/2016-03-14-08-10-17/mistseva-initsiativa/1855-poryadok-vnesennya-mistsevikh-initsiativ-na-rozglyad-sumskoji-miskoji-radi.html | CE20: yes | CF20: https://ternopilcity.gov.ua/normative-documents/rozporyadgennya-miskogo-golovi/29774.html https://ternopilcity.gov.ua/uchast-gromadskosti/gromadski-obgovorennya-sluhannya-mistsevi-initsiativi/ | CG20: yes | CH20: http://old.rada-uzhgorod.gov.ua/download/s/R_1268_pro_miscevi_iniciatuvu.pdf | CI20: yes | CJ20: https://uman-rada.gov.ua/index.php/dokumenty/tsilovi-prohramy?start=0 | CK20: yes | CL20: https://www.city.kharkov.ua/uk/dokumentyi/ustav-territorialnoj-gromadyi.html | CM20: yes | CN20: http://www.city.kherson.ua/acts/s1353_1.zip | CO20: yes | CP20: https://khm.gov.ua/uk/content/statut-terytorialnoyi-gromady-m-hmelnyckogo | CQ20: yes | CR20: http://chmr.gov.ua/_upload/Statutu_terytorialnoyi_hromady_mista.pdf | CS20: yes | CT20: chernivtsy.eu/portal/f/mr/ses2015069-1726-d3.doc | CU20: yes | CV20: http://chernigiv-rada.gov.ua/statut-gromady | CW20: yes | CX20: https://e-dem.in.ua/shostka, https://pb.shostka.net/
A21: Q20 | B21: Is there a separate section on the City Council website for publishing information on the ongoing and completed local initiatives? | C21: yes | D21: http://artemrada.gov.ua/inventions | E21: yes | F21: https://berdychiv.com.ua/%d0%bc%d1%96%d1%81%d1%86%d0%b5%d0%b2%d1%96-%d1%96%d0%bd%d1%96%d1%86%d1%96%d0%b0%d1%82%d0%b8%d0%b2%d0%b8/ | G21: yes | H21: https://bmr.gov.ua/index.php?%20id=800000125&tx_news_pi1%5Bnews%5D=13873&tx_ne%20ws_pi%201%20%5%20Bcontroller%5D=N%20ews&tx_news_pi%201%20%5Baction%20%5D=detail&cHash=f9056fd%201%20db7bb09f939bc9579b5043a%206 https://berdiansk.pb.org.ua/ | I21: yes | J21: https://bc-rada.gov.ua/node/6987 | K21: yes | L21: http://brovary-rada.gov.ua/content/gromadske-obgovorennya.html | M21: yes | N21: https://www.vmr.gov.ua/TransparentCity/Lists/CitInitiative/News.aspx | O21: yes | P21: https://dniprorada.gov.ua/uk/page/gromadski-iniciativi | Q21: yes | R21: https://drohobych-rada.gov.ua/category/%d0%b3%d1%80%d0%be%d0%bc%d0%b0%d0%b4%d1%81%d1%8c%d0%ba%d1%96-%d0%be%d0%b1%d0%b3%d0%be%d0%b2%d0%be%d1%80%d0%b5%d0%bd%d0%bd%d1%8f/ | S21: yes | T21: http://zt-rada.gov.ua/?3445[0]=82 | U21: yes | V21: http://ep.zp.gov.ua/uk | W21: yes | X21: http://www.namvk.if.ua/dt/28350/ http://www.namvk.if.ua/dt/28352/ http://www.namvk.if.ua/dt/28353/ | Y21: no | AA21: yes | AB21: https://kam-pod.pb.org.ua/ | AC21: yes | AD21: http://kam.gov.ua/byudzhet_uchasti | AE21: yes | AF21: https://kmr.gov.ua/uk/comisii/26/local-initiatives | AG21: no | AI21: no | AK21: no | AM21: yes | AO21: no | AQ21: yes | AR21: https://gb.kr.gov.ua/ | AS21: yes | AT21: http://kr-rada.gov.ua/mistsevi-initsiativi http://kr-rada.gov.ua/mistsevi-initsiativi/perelik-mistsevih-initsiativ/ | AU21: no | AW21: yes | AX21: https://www.lutskrada.gov.ua/pages/initiatives https://www.lutskrada.gov.ua/pages/bu | AY21: yes | AZ21: https://lvivrada.gov.ua/gromadska-uchast/miscevi-iniciatyvy | BA21: yes | BB21: http://mariupolrada.gov.ua/public-participation | BC21: yes | BD21: https://melitopol-online.gov.ua/ http://mlt.gov.ua/index.php?option=com_content&task=view&id=T 1945&Itemid=1 | BE21: no | BG21: yes | BH21: https://mukachevo-rada.gov.ua/golovna/instrumenti-meshkancya/gromadska-uchast | BI21: no | BK21: no | BM21: no | BO21: yes | BP21: https://omr.gov.ua/ua/open-city/policy/initiative/ | BQ21: no | BS21: no | BU21: yes | BV21: http://www.rada-poltava.gov.ua/people/parcutupator/ | BW21: no | BY21: yes | BZ21: http://sed-rada.gov.ua/konsultaciyi-z-gromadskistyu | CA21: no | CC21: yes | CD21: https://smr.gov.ua/uk/2016-03-14-08-10-17/mistseva-initsiativa.html ( ) https://smr.gov.ua/uk/2016-03-14-08-10-17/mistseva-initsiativa/1861-perelik-mistsevikh-initsiativ.html https://smr.gov.ua/uk/2016-03-14-08-10-17/mistseva-initsiativa/13876-dovidkovi-materiali.html | CE21: yes | CF21: https://ternopilcity.gov.ua/uchast-gromadskosti/gromadski-obgovorennya-sluhannya-mistsevi-initsiativi/mistsevi-initsiativi/ | CG21: partially | CH21: https://rada-uzhgorod.gov.ua/rada_docs/rishennya-sesij-miskoyi-rady | CI21: yes | CJ21: https://uman-rada.gov.ua/index.php/dokumenty/tsilovi-prohramy?start=0 | CK21: no | CM21: no | CO21: yes | CP21: https://khm.gov.ua/uk/content/miscevi-iniciatyvy ( 2020 ) | CQ21: yes | CR21: http://chmr.gov.ua/ua/text.php?s=34&s1=468 | CS21: yes | CT21: http://chernivtsy.eu/portal/mistsevi-initsiatyvy | CU21: yes | CV21: http://chernigiv-rada.gov.ua/statut-gromady | CW21: yes | CX21: https://e-dem.in.ua/shostka, https://pb.shostka.net/
A22: Q21 | B22: Is the procedure for the public access to the City Council sessions published on the City Council website? | C22: yes | D22: http://artemrada.gov.ua/deputy/6_convocation/reglament | E22: no | G22: yes | H22: https://bmr.gov.ua/flleadmin/Miska_rada/Normativno-pravova_baza_Berdjanskoji_ miskoji_radi/Reglament_BM R VII sklikannja.pdf | I22: yes | J22: http://bc-rada.gov.ua http://bc-rada.gov.ua/node/1839 | K22: yes | M22: yes | N22: https://www.vmr.gov.ua/Lists/CityCouncil/ShowContent.aspx?ID=83 | O22: yes | P22: https://cnap.dniprorada.gov.ua/dpregistration/ | Q22: yes | R22: https://drohobych-rada.gov.ua/%d0%b3%d1%80%d0%be%d0%bc%d0%b0%d0%b4%d1%81%d1%8c%d0%ba%d0%be%d1%81%d1%82%d1%96/%d1%81%d1%82%d0%b0%d1%82%d1%83%d1%82-%d0%b3%d1%80%d0%be%d0%bc%d0%b0%d0%b4%d0%b8-%d0%bc%d1%96%d1%81%d1%82%d0%b0/ | S22: yes | T22: http://zt-rada.gov.ua/files/upload/sitefiles/doc1609853507.pdf | U22: yes | V22: https://zp.gov.ua/uk/articles/item/9113/tretya-sesiya-zaporizkoi-miskoi-radi | W22: yes | X22: http://www.mrada.if.ua/images/info/Reglament.pdf | Y22: no | Z22: http://www.izmail-rada.gov.ua/images/0511171.rar | AA22: yes | AB22: http://kam-pod.gov.ua/rada/reglament | AC22: yes | AD22: http://kam.gov.ua/ua/osxfile/pg/250116511410522_p1_1o/1746225768.doc | AE22: yes | AF22: https://kmr.gov.ua/uk/plan_zasidanya | AG22: no | AI22: no | AK22: yes | AL22: http://konstrada.gov.ua/power/30-reglament-roboti | AM22: yes | AO22: no | AQ22: yes | AR22: https://kr.gov.ua/ua/st/pg/181018813267956_s/ | AS22: yes | AT22: http://www.kr-rada.gov.ua/sesiyi/on-line-restratsiya-na-zasidannya-miskoyi-radi/ | AU22: yes | AW22: yes | AX22: https://www.lutskrada.gov.ua/pages/rehlament-miskoi-rady | AY22: yes | AZ22: https://www.lvivrada.gov.ua/gromadska-uchast/vystupy-na-sesii | BA22: no | BC22: no | BE22: yes | BG22: yes | BH22: https://mukachevo-rada.gov.ua/upravlinnya-mistom/miska-rada/reglament-miskoyi-radi https://mukachevo-rada.gov.ua/upravlinnya-mistom/miska-rada/plan-grafik-provedennya-plenarnih-zasidan | BI22: yes | BJ22: https://nizhynrada.gov.ua/nmr/miska-gromada/instrumenti-miscevoji-demokratiji/gromadski-sluhannya | BK22: no | BM22: partially | BO22: yes | BP22: https://www.omr.gov.ua/ru/acts/council/77409/ | BQ22: yes | BR22: http://olexrada.gov.ua/category/city_rada/cg_reglament | BS22: yes | BT22: https://pavlogradmrada.dp.gov.ua/2083-2 | BU22: yes | BV22: http://www.rada-poltava.gov.ua/rule/ http://www.rada-poltava.gov.ua/files/rada_reglament7.zip | BW22: no | BX22: http://rivnerada.gov.ua/portal/view-content/2432 | BY22: yes | BZ22: http://sed-rada.gov.ua/miska-rada/reglament-sievierodoneckoyi-miskoyi-radi-vii-sklikannya | CA22: no | CC22: partially | CD22: https://smr.gov.ua/uk/miska-vlada/miska-rada/reglament.html | CE22: yes | CF22: https://ternopilcity.gov.ua/normative-documents/dostup-do-publichnoi-informatsii/ | CG22: yes | CH22: https://rada-uzhgorod.gov.ua/media/1/%D0%A0%D0%A1_81_08.02.2021.pdf | CI22: yes | CJ22: https://uman-rada.gov.ua/index.php/hromadskosti/hromadska-rada/item/4561-pro-zatverdzhennia-polozhennia-pro-hromadsku-radu-pry-vykonavchomu-komiteti-umanskoi-miskoi-rady | CK22: yes | CL22: https://www.city.kharkov.ua/uk/gorodskaya-vlast/gorodskoj-sovet/reglament.html | CM22: yes | CN22: http://www.city.kherson.ua/acts/ps-4517-1120-5_1.zip | CO22: yes | CP22: https://khm.gov.ua/uk/content/pro-zatverdzhennya-poryadku-uchasti-gromadskosti-u-diyalnosti-hmelnyckoyi-miskoyi-rady | CQ22: no | CS22: yes | CT22: http://chernivtsy.eu/portal/6032-2 | CU22: yes | CW22: yes
A23: Q22 | B23: Is there the information on convening the session published on the City Council website no later than 10 days prior to the session (indicating time, venue and issues expected to be considered by the Council)? | C23: yes | D23: http://artemrada.gov.ua/news/26650 | E23: yes | F23: https://berdychiv.com.ua/2020/04/%d0%b7%d0%b0%d1%81%d1%96%d0%b4%d0%b0%d0%bd%d0%bd%d1%8f-64-%d1%87%d0%b5%d1%80%d0%b3%d0%be%d0%b2%d0%be%d1%97-%d1%81%d0%b5%d1%81%d1%96%d1%97-%d0%b1%d0%b5/ | G23: yes | H23: https://bmr.gov.ua/index.php?id=2&no_cache=1&no_cache=1 | I23: yes | J23: https://bc-rada.gov.ua/node/12149 | K23: yes | L23: http://brovary-rada.gov.ua/documents/34420.html | M23: yes | N23: https://www.vmr.gov.ua/Lists/CityCouncil/ShowContent.aspx?ID=55 | O23: yes | P23: https://dniprorada.gov.ua/uk/page/poshuk-prijnyatih-dokumentiv-dniprovskoi-miskoi-radi | Q23: yes | R23: https://drohobych-rada.gov.ua/%d1%83-%d0%b2%d1%96%d0%b2%d1%82%d0%be%d1%80%d0%be%d0%ba-5-%d1%81%d1%96%d1%87%d0%bd%d1%8f-%d0%b2%d1%96%d0%b4%d0%b1%d1%83%d0%b4%d0%b5%d1%82%d1%8c%d1%81%d1%8f-%d1%96%d1%96-%d0%bf%d0%bb%d0%b5%d0%bd/ https://doc.drohobych-rada.gov.ua/category/miska-rada/%d0%bf%d1%80%d0%be%d0%b5%d0%ba%d1%82%d0%b8-%d1%80%d1%96%d1%88%d0%b5%d0%bd%d1%8c-%d1%81%d0%b5%d1%81%d1%96%d1%97/ | S23: yes | T23: http://zt-rada.gov.ua/announce http://zt-rada.gov.ua/?3398%5B0%5D=12462 | U23: partially | V23: https://zp.gov.ua/uk/articles/item/9113/tretya-sesiya-zaporizkoi-miskoi-radi https://zp.gov.ua/uk/sessions/current/projects/ | W23: yes | X23: http://www.mvk.if.ua/anons/54269 | Y23: yes | Z23: http://www.izmail-rada.gov.ua/images/stories/2021/2001211.doc | AA23: yes | AB23: http://kam-pod.gov.ua/rada/plenarni-zasidannya-miskoji-radi | AC23: yes | AD23: http://so.kam.gov.ua/ua/treezas_so/pg/71220607899615_d3/ | AE23: yes | AF23: https://kmr.gov.ua/uk/rozporyadjenya https://kmr.gov.ua/uk/project_poryadku_denogo https://kmr.gov.ua/uk/content/zasidannya-postiynoyi-komisiyi-kyyivskoyi-miskoyi-rady-z-pytan-arhitektury-mistobuduvannya-1 | AG23: no | AH23: http://www.kovelrada.gov.ua/news-9811.html | AI23: no | AJ23: https://konotop-rada.gov.ua/pro-oholoshennia-shchodo-sklykannia-sesii-konotopskoi-miskoi-rady-somoho-sklykannia/ | AK23: yes | AL23: http://konstrada.gov.ua/component/documents/6948:20201123r336 | AM23: yes | AO23: yes | AP23: https://kremen.gov.ua/?view=kremen-page&page-id=24 | AQ23: yes | AR23: http://kr.gov.ua/anonsi_podiy | AS23: yes | AT23: http://www.kr-rada.gov.ua/sesiyi/ http://kr-rada.gov.ua/news/ | AU23: yes | AW23: yes | AX23: https://www.lutskrada.gov.ua/publications/27-sichnia-vidbudetsia-chetverta-sesiia-lutskoi-miskoi-rady https://www.lutskrada.gov.ua/documents?term=&number=&type=17&daterange= | AY23: yes | AZ23: https://www.lvivrada.gov.ua/zasidannia/plany-robotu-secii/item/5444-plany-roboty-sesiji-lyvivsykoji-misykoji-rady-7-go-sklykannya | BA23: yes | BB23: https://mariupolrada.gov.ua/page/plani-roboti-mariupolskoi-miskoi-radi- | BC23: yes | BD23: http://mlt.gov.ua/index.php?option=com_content&task=blogcategory&id=88&Itemid=327 | BE23: yes | BG23: yes | BH23: https://mukachevo-rada.gov.ua/news/chergova-sesiya-miskoyi-radi-vidbudetsya-28-sichnya | BI23: yes | BJ23: https://nizhynrada.gov.ua/nmr/miskiy-golova/rozporyadzhennya-miskogo-golovi/rozporyadzhennya-miskogo-golovi-za-2021-rik | BK23: yes | BL23: http://nikopol-mrada.dp.gov.ua/pbinf/2021_RM/25.docx http://nikopol-mrada.dp.gov.ua/news/oholoshennia-pro-sklykannia-4i-sesii-miskoi-rady-viii-sklykannia | BM23: partially | BN23: https://novomoskovsk-rada.dp.gov.ua/ua/novini-ta-podiyi/novini/pyata-chergova-sesiya-novomoskovskoyi-miskoyi-radi-viii-sklikannya | BO23: yes | BP23: https://www.omr.gov.ua/ua/acts/mayor/182483/ https://www.omr.gov.ua/ua/news/222170/ | BQ23: yes | BR23: http://zakon.olexrada.gov.ua/kartka.php?i=c0310361 http://olexrada.gov.ua/category/city_rada/plenary-sessions | BS23: yes | BT23: https://pavlogradmrada.dp.gov.ua/rozporyadgennya-golovi/pro-sklikannya-6-sesi%d1%97-misko%d1%97-radi-viii-sklikannya.html | BU23: yes | BV23: http://www.rada-poltava.gov.ua/documents/rozporyadzhennya_miskogo_golovi/ | BW23: yes | BX23: http://rivnerada.gov.ua/portal/view-content/9368 | BY23: yes | BZ23: http://sed-rada.gov.ua/plenarni-zasidannya/ogoloshennya-pro-sklikannya | CA23: yes | CB23: http://e-deputat.slavrada.gov.ua/uk/plenary_sessions http://docs.slavrada.gov.ua/dt/14877/ http://docs.slavrada.gov.ua/dt/2656/ | CC23: yes | CD23: https://smr.gov.ua/uk/novini/miska-vlada-news/13379-miskij-golova-sklikae-bereznevu-sesiyu.html | CE23: yes | CF23: https://ternopilcity.gov.ua/sesiya/poryadki-dennih-zasidan-sesii/4716.html | CG23: yes | CH23: https://rada-uzhgorod.gov.ua/search?utf8=%E2%9C%93&q=%D0%BF%D1%80%D0%BE+%D1%81%D0%BA%D0%BB%D0%B8%D0%BA%D0%B0%D0%BD%D0%BD%D1%8F | CI23: partially | CJ23: https://uman-rada.gov.ua/index.php/novyny/prohnozovani-zakhody | CK23: yes | CL23: https://www.city.kharkov.ua/uk/document/pro-sklikannya-37-sesii-kharkivskoi-miskoi-radi-7-sklikannya-59418.html https://www.city.kharkov.ua/uk/news/-45194.html | CM23: yes | CN23: http://www.city.kherson.ua/acts/r8s-200121.pdf | CO23: yes | CP23: : https://khm.gov.ua/uk/content/23-grudnya-sklykayetsya-chergova-druga-sesiya-miskoyi-rady https://khm.gov.ua/uk/agenda-sessions | CQ23: yes | CR23: http://chmr.gov.ua/ua/files.php?s=2&s1=168&s2=241 http://chmr.gov.ua/ua/news.php?s=1&s1=117 http://chmr.gov.ua/ua/newsread.php?view=18928&s=1&s1=117 | CS23: yes | CT23: http://chernivtsy.eu/portal/4/prodovzhennya-sesiyi-4-ta-5-veresnya-127542.html http://chernivtsy.eu/portal/5319-2 | CU23: yes | CV23: https://chernigiv-rada.gov.ua/news/id-46180/ | CW23: yes | CX23: http://shostka-rada.gov.ua/ogoloshennya_pro_sklikannya_sesj/
A24: Q23 | B24: Are the preparatory materials to all sessions (including agenda, draft documents for approval) published on the City Council website at least two days before the meeting? | C24: yes | D24: http://artemrada.gov.ua/sessionproject http://artemrada.gov.ua/isp-proekt | E24: no | G24: yes | H24: https://bmr.gov.ua/index.php?id=800000905 | I24: yes | J24: http://bc-rada.gov.ua/node/2096 | K24: yes | L24: http://brovary-rada.gov.ua/content/grafiki-zasidan-postiynih-deputatskih-komisiy-vii-sklikannya.html | M24: yes | N24: https://www.vmr.gov.ua/Lists/CityCouncil/ShowContent.aspx?ID=55 https://www.vmr.gov.ua/Lists/TheExecutiveCommittee/ShowContent.aspx?ID=32 https://www.vmr.gov.ua/Docs/ExecutiveCommitteeDecisions/Forms/Projects.aspx | O24: yes | P24: https://dniprorada.gov.ua/uk/page/poshuk-proektiv-dokumentiv-dniprovskoi-miskoi-radi | Q24: yes | R24: https://doc.drohobych-rada.gov.ua/category/miska-rada/%d0%bf%d1%80%d0%be%d0%b5%d0%ba%d1%82%d0%b8-%d1%80%d1%96%d1%88%d0%b5%d0%bd%d1%8c-%d1%81%d0%b5%d1%81%d1%96%d1%97/ | S24: yes | T24: http://zt-rada.gov.ua/?3398[0]=12160 | U24: yes | V24: https://zp.gov.ua/uk/sessions/current/projects/ https://zp.gov.ua/uk/documents/category/proekti-rishen-miskvikonkomu/ | W24: yes | X24: https://www.mrada.if.ua/24-mr/%D0%BF%D1%80%D0%BE%D0%B5%D0%BA%D1%82%D0%B8-%D1%80%D1%96%D1%88%D0%B5%D0%BD%D1%8C | Y24: partially | Z24: http://www.izmail-rada.gov.ua/images/stories/2021/2001211.doc http://izmail-rada.gov.ua/2012-04-02-13-48-01/2012-04-02-13-50-26 | AA24: yes | AB24: http://kam-pod.gov.ua/documents/proekti-normativno-pravovikh-aktiv-miskoji-radi | AC24: yes | AD24: http://kam.gov.ua/miska_vlada/miska_rada | AE24: yes | AF24: https://kmr.gov.ua/uk/project_poryadku_denogo https://kmr.gov.ua/uk/comisii https://kmr.gov.ua/uk/proektu-rishenya | AG24: partially | AH24: http://kovelrada.gov.ua/draft_decisions_city_council_2020.html - 2 | AI24: no | AK24: no | AL24: http://konstrada.gov.ua/component/documents/?start=0 | AM24: partially | AO24: partially | AP24: https://kremen.gov.ua/?view=kremen-page&page-id=24 | AQ24: yes | AR24: https://kr.gov.ua/ua/ispolkom_sessii/pg/5157_s/ | AS24: yes | AT24: http://www.kr-rada.gov.ua/sesiyi/perelik-pitan-do-sessiyi/ | AU24: yes | AV24: https://lis.gov.ua/2011-03-25-08-36-56/resheniya/proekty-reshenij.html | AW24: yes | AX24: https://www.lutskrada.gov.ua/documents?term=&number=&type=1&daterange= https://www.lutskrada.gov.ua/documents?term=&number=&type=19&daterange= https://www.lutskrada.gov.ua/document-types/poriadky-denni-sesii-miskoi-rady | AY24: yes | AZ24: https://www.lvivrada.gov.ua/zasidannia/poryadok-dennyy | BA24: yes | BB24: https://mariupolrada.gov.ua/page/finansova-pidtrimka-ta-granti | BC24: yes | BD24: http://mlt.gov.ua/index.php?option=com_content&task=blogcategory&id=88&Itemid=327 http://mlt.gov.ua/index.php?option=com_content&task=blogcategory&id=97&Itemid=339 http://mlt.gov.ua/index.php?option=com_content&task=blogcategory&id=98&Itemid=340 | BE24: yes | BF24: https://mkrada.gov.ua/content/proekti-rishen-miskradi.html; https://mkrada.gov.ua/content/proekti-rishen-vikonkomu.html. | BG24: yes | BH24: https://mukachevo-rada.gov.ua/npas/pro-sklikannya-chergovoyi-sesiyi-mukachivskoyi-miskoyi-radi-8-go-sklikannya?v=60058ff534338 https://mukachevo-rada.gov.ua/npasearch?&category=3&convocation=4&from=15.01.2021&to=28.01.2021 | BI24: yes | BJ24: https://nizhynrada.gov.ua/nmr/miska-rada/proekti-rishen-miskoji-radi/proekti-rishen-miskoji-radi-za-2021-rik/proekti-rishen-miskoji-radi-za-lyutiy-2021-roku | BK24: yes | BL24: http://nikopol-mrada.dp.gov.ua/publichna-informatsiia/plany-vidkrytykh-zasidan/poriadok-dennyi-sessii-nikopolskoi-miskoi-rady http://nikopol-mrada.dp.gov.ua/publichna-informatsiia/dokumenti-nmr/proekty-rishen-miskoi-rady | BM24: yes | BN24: https://novomoskovsk-rada.dp.gov.ua/ua/normativni-akti/vsi-normativni-akti?&category=814 | BO24: yes | BP24: https://www.omr.gov.ua/ua/acts/mayor/182483/ https://www.omr.gov.ua/ua/news/222170/ https://www.omr.gov.ua/ua/acts/projects/council/ | BQ24: yes | BR24: http://zakon.olexrada.gov.ua/kartka.php?i=c0310361 - http://olexrada.gov.ua/category/pub_inf/proektu_rada | BS24: yes | BT24: http://pavlogradmrada.dp.gov.ua/category/miska-rada/proekti-rishen-misko-radi | BU24: yes | BV24: http://www.rada-poltava.gov.ua/news/ http://www.rada-poltava.gov.ua/rule/rada/comission/ | BW24: yes | BX24: http://rivnerada.gov.ua/portal/view-content/9368 | BY24: yes | BZ24: http://sed-rada.gov.ua/plenarni-zasidannya/poryadki-denni-zasidan http://sed-rada.gov.ua/normativna-baza/arhiv-proektiv-rishen-sesiy-miskoyi-radi | CA24: yes | CB24: http://docs.slavrada.gov.ua/pdzas/ http://docs.slavrada.gov.ua/prrishses/ http://docs.slavrada.gov.ua/prrishmvk/ | CC24: yes | CD24: https://smr.gov.ua/uk/dokumenti/proekti-dokumentiv/proekti-poryadkiv-dennikh-sesij.html https://smr.gov.ua/uk/miska-vlada/miska-rada/postijni-komisiji/162-komisia-budget.html | CE24: yes | CF24: https://ternopilcity.gov.ua/sesiya/proekti-rishen-sesii/ | CG24: yes | CH24: https://rada-uzhgorod.gov.ua/proekti-rishen-sesii-miskoi-radi https://rada-uzhgorod.gov.ua/proekti-rishen-na-vikonkom https://rada-uzhgorod.gov.ua/category/anonsy | CI24: no | CK24: partially | CL24: https://www.city.kharkov.ua/uk/document/pro-sklikannya-37-sesii-kharkivskoi-miskoi-radi-7-sklikannya-59418.html https://doc.city.kharkov.ua/uk/profile/project | CM24: yes | CN24: http://www.city.kherson.ua/acts/r8s-200121.pdf http://www.city.kherson.ua/act_search/10?number=&text=&date_from=&date_to=&search=1 | CO24: partially | CP24: https://khm.gov.ua/uk/content/vidbudetsya-zasidannya-postiynoyi-komisiyi-172 | CQ24: yes | CR24: http://chmr.gov.ua/ua/files.php?s=2&s1=27&s2=362 http://chmr.gov.ua/ua/files.php?s=2&s1=27&s2=405 | CS24: yes | CT24: http://chernivtsy.eu/portal/14125-2 | CU24: yes | CW24: yes | CX24: http://shostka-rada.gov.ua/documents/proekti_rshen_dlya_obgovorennya/
A25: Q24 | B25: Is there an instrument allowing the public to submit, track and sign electronic petitions to the City Council on the City Council website? | C25: yes | D25: http://artemrada.gov.ua/petition | E25: yes | F25: http://petition.berdychiv.com.ua/uk | G25: yes | H25: https://petition.bmr.gov.ua/public/ | I25: yes | J25: http://bc-rada.gov.ua/node/5905 | K25: yes | L25: https://petition.brovary-rada.gov.ua/ | M25: yes | N25: https://www.vmr.gov.ua/Lists/Officials/Default.aspx | O25: yes | P25: https://hotline.dniprorada.gov.ua/# | Q25: yes | R25: http://drohobych-rada.gov.ua/gromada/elektronni-petytsiyi-gromadyan/ | S25: yes | T25: http://petitions.zt-rada.gov.ua | U25: yes | V25: http://ep.zp.gov.ua/uk | W25: yes | X25: http://petition.mvk.if.ua/ | Y25: no | AA25: yes | AB25: http://petition.kam-pod.gov.ua/ | AC25: no | AD25: http://e-dem.in.ua/dniprodzerzhynsk | AE25: yes | AF25: https://petition.kyivcity.gov.ua/ | AG25: yes | AH25: http://www.kovelrada.gov.ua/petition.html | AI25: yes | AJ25: https://konotop-rada.gov.ua/wp-content/uploads/2011/12/PRP.pdf https://petition.e-dem.ua/konotop/petition/view/18 | AK25: yes | AL25: http://petition.konstrada.gov.ua/uk | AM25: partially | AN25: https://e-dem.in.ua/kramatorsk http://www.krm.gov.ua/article/view/505 https://e-dem.in.ua/kramatorsk http://www.krm.gov.ua/article/view/505 | AO25: yes | AP25: https://petition.kremen.gov.ua/ | AQ25: yes | AR25: http://pet.kr.gov.ua/ | AS25: yes | AT25: http://kr-rada.gov.ua/mistsevi-petitsiyi/ | AU25: yes | AV25: https://e-dem.in.ua/lisichansk/petition/embedallstate | AW25: yes | AX25: https://petition.e-dem.ua/lutsk | AY25: yes | AZ25: https://e-dem.in.ua/lviv, https://www.lvivrada.gov.ua/gromadska-uchast/elektronni-petycii | BA25: yes | BB25: http://marsovet.org.ua/articles/show/article/2511 | BC25: no | BE25: yes | BF25: http://petition.mkrada.gov.ua/ | BG25: yes | BH25: https://mukachevo-rada.gov.ua/golovna/instrumenti-meshkancya/gromadska-uchast/elektronni-peticiyi | BI25: no | BJ25: https://nizhynrada.gov.ua/nmr/miskiy-golova/elektronni-peticiji | BK25: yes | BL25: https://e-dem.in.ua/nikopol | BM25: yes | BN25: https://petition.e-dem.ua/novomoskovsk | BO25: yes | BP25: https://citizen.odessa.ua/petition/ https://omr.gov.ua/ru/acts/council/81264/ | BQ25: no | BS25: yes | BT25: http://e-dem.in.ua/pavlograd | BU25: yes | BV25: https://petition.rada-poltava.gov.ua/ | BW25: yes | BX25: https://rivnerada.gov.ua/petitions/home | BY25: yes | BZ25: https://e-dem.in.ua/severodonetsk | CA25: yes | CB25: https://e-dem.in.ua/slavyansk | CC25: yes | CD25: https://petition.e-dem.ua/sumy | CE25: yes | CF25: https://e-dem.ua/ | CG25: yes | CH25: https://rada-uzhgorod.gov.ua/add_petition/ | CI25: yes | CJ25: https://petition.e-dem.ua/uman | CK25: yes | CL25: http://petition.city.kharkov.ua/uk/ | CM25: yes | CN25: http://www.city.kherson.ua/articles/elektronni-peticiyi-2 | CO25: yes | CP25: https://petition.e-dem.ua/khmelnytsky | CQ25: yes | CR25: http://rada.ck.ua/petitions/web/ | CS25: yes | CT25: https://petition.e-dem.ua/chernivtsi | CU25: yes | CV25: https://petition.e-dem.ua/chernihiv | CW25: yes | CX25: https://e-dem.in.ua/shostka
A26: Q25 | B26: Are the conditions for providing grants and funding of business projects from the city budget to the city residents published on the City Council website? | C26: yes | D26: http://artemrada.gov.ua/9661 http://artemrada.gov.ua/28060 http://artemrada.gov.ua/15844 | E26: no | G26: yes | H26: https://berdiansk.pb.org.ua | I26: yes | J26: https://www.bila-tserkva.org.ua/granty | K26: yes | L26: http://brovary-rada.gov.ua/content/2020-rik.html | M26: yes | N26: https://www.vmr.gov.ua/Branches/Lists/BusinessSupport/ShowContent.aspx?ID=13 | O26: yes | P26: https://adm.dniprorada.gov.ua/ https://dniprorada.gov.ua https://dniprorada.gov.ua/uk/page/schorichnij-konkurs-proektiv-ta-startapiv-innodnipro https://dniprorada.gov.ua/uk/page/poshuk-prijnyatih-dokumentiv-dniprovskoi-miskoi-radi | Q26: no | S26: no | T26: http://zt-rada.gov.ua/?3398%5B0%5D=6290 | U26: no | W26: yes | X26: http://konkurs.mrada.if.ua/#home http://bu.mvk.if.ua/ | Y26: no | AA26: no | AC26: no | AE26: yes | AF26: https://don.kyivcity.gov.ua/content/granty.html | AG26: yes | AH26: http://www.kovelrada.gov.ua/entrepreneurshipdevelopment.html | AI26: no | AK26: no | AM26: yes | AN26: - http://www.krm.gov.ua/article/view/24 | AO26: yes | AP26: https://kremen.gov.ua/index.php?view=single-str&dep-id=14&page_id=760 | AQ26: yes | AR26: https://kr.gov.ua/ua/news/pg/190719284956139_s/ | AS26: yes | AT26: http://www.kr-rada.gov.ua/pidprimnitstvo | AU26: no | AW26: no | AY26: yes | AZ26: https://lvivrada.gov.ua/gromadska-uchast/gromadskyi-budget https://lvivrada.gov.ua/gromadska-uchast/konkursy-dlja-go | BA26: yes | BB26: https://mariupolrada.gov.ua/page/finansova-pidtrimka-ta-granti | BC26: yes | BD26: https://melitopol-online.gov.ua/ | BE26: yes | BF26: https://mkrada.gov.ua/content/gromadskiy-byudzhet_2017.html http://mykolaiv-budget.e-dem.in.ua/#/ | BG26: no | BI26: yes | BJ26: https://nizhynrada.gov.ua/nmr/ekonomichniy-rozvitok/rozvitok-pidpriyemnictva/granti-finansovo-kreditna-ta-investiciyna-pidtrimka-sub-yektiv-malogo-i-serednogo-pidpriyemnictva | BK26: yes | BL26: http://nikopol-mrada.dp.gov.ua/vykonavchyi-komitet/viddily-ta-upravlinnia-nmr/upravlinnia-ekonomiky-finansiv-ta-miskoho-biudzhetu/byudzhet-uchasti-2020 https://initiativ.e-dem.in.ua/nikopol/in http://nikopol-mrada.dp.gov.ua/vykonavchyi-komitet/viddily-ta-upravlinnia-nmr/upravlinnia-ekonomiky-finansiv-ta-miskoho-biudzhetu/byudzhet-uchasti-2020 | BM26: no | BO26: yes | BP26: 2019-2021 - https://www.omr.gov.ua/ru/acts/council/114628/ https://omr.gov.ua/ua/news/218998/ https://citizen.odessa.ua/projects/ https://www.omr.gov.ua/ua/news/217552 https://odessa5t.com.ua | BQ26: yes | BR26: http://olexrada.gov.ua/category/mf_pp/support_smb | BS26: partially | BT26: https://budget.e-dem.ua/1212400000/projects/%D0%9F%D0%B0%D0%B2%D0%BB%D0%BE%D0%B3%D1%80%D0%B0%D0%B4 https://budget.e-dem.ua/1212400000/competition/1257 https://pavlogradmrada.dp.gov.ua/byudzhet-uchasti-m-pavlograda-2 | BU26: no | BW26: yes | BX26: https://rivne.pb.org.ua/ | BY26: yes | BZ26: http://sed-rada.gov.ua/gromadskiy-byudzhet | CA26: yes | CB26: http://www.slavrada.gov.ua/?view=obyav&obyavID=19822 | CC26: no | CE26: no | CG26: yes | CH26: https://rada-uzhgorod.gov.ua/viddil-mizhnarodnyh-grantovyh-program-ta-innovatsij/#26lr5z1tpyk https://rada-uzhgorod.gov.ua/liniya-pidtrimki | CI26: no | CK26: yes | CL26: - https://www.city.kharkov.ua/uk/news/u-kharkovi-startuvav-priyom-proektiv-na-byudzhet-uchasti-45427.html | CM26: yes | CN26: - http://www.city.kherson.ua/news_detail/informaciya-shodo-vikonannya-zahodiv-miskoyi-cilovoyi-programi-_gromadskiy-byudzhet-u-misti-hersoni-na-2018-2022-roki_ | CO26: yes | CP26: https://khm.gov.ua/uk/content/gromadski-iniciatyvy-zvity https://khm.gov.ua/uk/content/gromadski-iniciatyvy-protokoly | CQ26: yes | CR26: http://chmr.gov.ua/ua/files.php?s=8&s1=46&s2=175 | CS26: yes | CT26: https://gb.city.cv.ua/ http://chernivtsy.eu/portal/1188-2 http://chernivtsy.eu/portal/4/antykoruptsijna-initsiatyva-yes-v-ukrayini-ogoloshuye-konkurs-grantiv-125032.html | CU26: yes | CV26: https://chernigiv-rada.gov.ua/budget-uchasti-news/ | CW26: yes | CX26: https://pb.shostka.net/
A27: Q26 | B27: Is the information on the given grants/business projects financed from the city budget published on the City Council website? | C27: yes | D27: http://artemrada.gov.ua/20114 | E27: no | G27: yes | H27: https://bmr.gov.ua/index.php?%20d—800000125&tx_news_pi%201%20%5Bnews%5D=l%203873&tx_ne%20ws_pi%201%20%5Bcontroller%5D=N%20ews&tx_news_pi%20l%5Baction%20%5D=detail&cHash=f9056fd%20Idb7bb09f939bo9579b5043a%206 | I27: no | K27: yes | L27: http://brovary-rada.gov.ua/news/20911.html | M27: yes | N27: https://www.vmr.gov.ua/Branches/Lists/BusinessSupport/ShowContent.aspx?ID=13 https://www.vmr.gov.ua/Branches/ContentLibrary/4dd4220d-a188-4552-b761-17540974cdab/13/%D0%9F%D0%BE%D1%80%D1%8F%D0%B4%D0%BE%D0%BA%20%D1%87%D0%B0%D1%81%D1%82%D0%BA%D0%BE%D0%B2%D0%BE%D1%97%20%D0%BA%D0%BE%D0%BC%D0%BF%D0%B5%D0%BD%D1%81%D0%B0%D1%86%D1%96%D1%97%20%D0%B2%D1%96%D0%B4%D1%81%D0%BE%D1%82%D0%BA%D1%96%D0%B2%20%D0%B7%D0%B0%20%D0%B7%D0%B0%D0%BB%D1%83%D1%87%D0%B5%D0%BD%D0%B8%D0%BC%D0%B8%20%D0%BA%D1%80%D0%B5%D0%B4%D0%B8%D1%82%D0%B0%D0%BC%D0%B8%20%D1%81%D1%83%D0%B1%E2%80%99%D1%94%D0%BA%D1%82%D0%B0%D0%BC%20%D0%9C%D0%A1%D0%9F.pdf#search=%D0%9F%D0%9E%D0%A0%D0%AF%D0%94%D0%9E%D0%9A%20%D0%A7%D0%90%D0%A1%D0%A2%D0%9A%D0%9E%D0%92%D0%9E%D0%87%20%D0%9A%D0%9E%D0%9C%D0%9F%D0%95%D0%9D%D0%A1%D0%90%D0%A6%D0%86%D0%87%20%D0%92%D0%86%D0%94%D0%A1%D0%9E%D0%A2%D0%9A%D0%86%D0%92%20%D0%97%D0%90%20%D0%9A%D0%A0%D0%95%D0%94%D0%98%D0%A2%D0%90%D0%9C%D0%98 | O27: yes | P27: https://adm.dniprorada.gov.ua/ https://dniprorada.gov.ua/uk/page/schorichnij-konkurs-proektiv-ta-startapiv-innodnipro | Q27: no | S27: no | T27: http://zt-rada.gov.ua/?3398%5B0%5D=6290 | U27: no | W27: yes | X27: http://konkurs.mrada.if.ua/obsiah-finansuvannia/ http://bu.mvk.if.ua/ | Y27: no | AA27: no | AC27: no | AE27: no | AG27: no | AI27: no | AK27: no | AM27: no | AO27: yes | AP27: https://budget.kremen.org.ua/ | AQ27: yes | AR27: http://pet.kr.gov.ua/ | AS27: yes | AT27: http://www.kr-rada.gov.ua/pidprimnitstvo | AU27: no | AW27: no | AY27: yes | AZ27: https://lvivrada.gov.ua/gromadska-uchast/konkursy-dlja-go https://gb.city-adm.lviv.ua/ https://lviv.pb.org.ua/ | BA27: yes | BB27: http://marsovet.org.ua/articles/show/menu/2301 | BC27: yes | BD27: http://mlt.gov.ua/index.php?option=com_content&task=view&id=10414&Itemid=1 | BE27: yes | BF27: https://mkrada.gov.ua/content/gromadskiy-byudzhet_2017.html http://mykolaiv-budget.e-dem.in.ua/#/ | BG27: no | BI27: yes | BJ27: https://nizhynrada.gov.ua/news/novini/proekt-molod-records-otrimav-grant-u-30-000-griven https://nizhynrada.gov.ua/news/novini/aktivistka-molodizhnogo-ruhu-anastasiya-guz-ta-gromadska-organizaciya-laboratoriya-iniciativnoji-molodi-znovu-realizovuvatimut-chergoviy-grantoviy-proekt-v-nizhini | BK27: yes | BL27: http://nikopol-mrada.dp.gov.ua/vykonavchyi-komitet/viddily-ta-upravlinnia-nmr/upravlinnia-ekonomiky-finansiv-ta-miskoho-biudzhetu/byudzhet-uchasti-2020 | BM27: no | BO27: yes | BP27: https://citizen.odessa.ua/projects/2020/catalog/ - https://omr.gov.ua/ru/news/218875/ | BQ27: no | BS27: no | BT27: https://budget.e-dem.ua/1212400000/competition/1257 | BU27: no | BW27: no | BY27: yes | BZ27: http://sed-rada.gov.ua/gromadskiy-byudzhet | CA27: yes | CB27: http://www.slavrada.gov.ua/?view=maliy_biznes http://slavrada.gov.ua/uploads/File/econom/6_monitoring_proektiv.pdf | CC27: partially | CD27: https://smr.gov.ua/uk/dokumenti/partitsipatornij-byudzhet.html | CE27: no | CG27: yes | CH27: https://rada-uzhgorod.gov.ua/viddil-mizhnarodnyh-grantovyh-program-ta-innovatsij/#edswq0jcf7 | CI27: no | CK27: yes | CL27: https://portal.city.kharkov.ua/initiatives-2019/ | CM27: yes | CN27: http://www.city.kherson.ua/news_detail/informaciya-shodo-vikonannya-zahodiv-miskoyi-cilovoyi-programi-_gromadskiy-byudzhet-u-misti-hersoni-na-2018-2022-roki_ | CO27: partially | CP27: https://khm.gov.ua/uk/content/gromadski-iniciatyvy-zvity https://khm.gov.ua/uk/content/gromadski-iniciatyvy-protokoly | CQ27: yes | CR27: http://chmr.gov.ua/ua/files.php?s=8&s1=46&s2=175 | CS27: yes | CT27: https://gb.city.cv.ua/ http://chernivtsy.eu/portal/1188-2 http://chernivtsy.eu/portal/4/antykoruptsijna-initsiatyva-yes-v-ukrayini-ogoloshuye-konkurs-grantiv-125032.html | CU27: yes | CV27: https://chernigiv-rada.gov.ua/budget-uchasti-news/ | CW27: yes | CX27: https://pb.shostka.net/
A28: Q27 | B28: Is there a separate section for publishing information on partnership, cooperation, twinning between towns on the City Council website with links to the common activities and programs? | C28: yes | D28: http://artemrada.gov.ua/16565 | E28: no | G28: yes | H28: https://bmr.gov.ua/index.php?id=49&L=920 | I28: yes | J28: https://bc-rada.gov.ua/node/1918 | K28: yes | L28: http://brovary-rada.gov.ua/content/mista-pobratimi.html | M28: yes | N28: https://www.vmr.gov.ua/en/Lists/CooperationNews/News.aspx | O28: yes | P28: https://dniprorada.gov.ua/uk/articles/category/novini/ | Q28: yes | R28: https://drohobych-rada.gov.ua/%D1%96%D0%BD%D0%B2%D0%B5%D1%81%D1%82%D0%BE%D1%80%D1%83/city-friend/ | S28: yes | T28: http://zt-rada.gov.ua/?3445[0]=54 | U28: yes | V28: https://zp.gov.ua/uk/page/pobratymy | W28: yes | X28: http://www.mvk.if.ua/twincity http://www.mvk.if.ua/plancity http://www.mvk.if.ua/mvisit | Y28: partially | Z28: http://izmailinvest.org.ua/ua/#about http://www.izmail-rada.gov.ua/2012-04-02-13-53-46/2012-04-02-13-57-02/676-2011-02-09-11-59-49 | AA28: yes | AB28: http://kam-pod.gov.ua/novini/town-news http://kam-pod.gov.ua/economika/granti http://kam-pod.gov.ua/nashe-misto/mista-partneri | AC28: no | AE28: yes | AF28: https://kmr.gov.ua/content/activity https://kmr.gov.ua/uk/content/cooperation | AG28: yes | AH28: http://www.kovelrada.gov.ua/partners.html | AI28: no | AK28: no | AM28: yes | AN28: http://www.krm.gov.ua/article/view/768 , http://www.krm.gov.ua/article/view/859, http://www.krm.gov.ua/article/view/861, http://www.krm.gov.ua/article/view/862 | AO28: no | AQ28: yes | AR28: https://kr.gov.ua/investitsiyne_seredovishche/propozitsii_inozemnikh_partneriv | AS28: no | AU28: yes | AV28: https://lis.gov.ua/novosti/notice/24964-shchodo-realizatsiji-programi-energodim.html https://lis.gov.ua/sub-ektam-khozyajstvovaniya/pred/20629-shchodo-realizatsiji-programi-proekt-usaid-ekonomichna-pidtrimka-skhidnoji-ukrajini.html | AW28: yes | AX28: https://www.lutskrada.gov.ua/pages/pobratymy-lutska | AY28: yes | AZ28: https://lvivrada.gov.ua/informacia/mista-partnery | BA28: yes | BB28: https://mariupolrada.gov.ua/page/mizhnarodne-spivrobitnictvo | BC28: no | BE28: yes | BF28: https://mkrada.gov.ua/content/mikolaiv-v-mizhnarodnih-organizaciyah.html | BG28: yes | BH28: https://mukachevo-rada.gov.ua/pro-misto/mista-pobratimi https://mukachevo-rada.gov.ua/tag/mizhnarodne-spivrobitnictvo?&type=all&tag=%D0%9C%D1%96%D0%B6%D0%BD%D0%B0%D1%80%D0%BE%D0%B4%D0%BD%D0%B5%20%D1%81%D0%BF%D1%96%D0%B2%D1%80%D0%BE%D0%B1%D1%96%D1%82%D0%BD%D0%B8%D1%86%D1%82%D0%B2%D0%BE | BI28: yes | BJ28: https://nizhynrada.gov.ua/news/novini/nizhin-pidpisav-memorandum-pro-spivrobitnictvo-z-derzhenergoefektivnosti | BK28: yes | BL28: http://nikopol-mrada.dp.gov.ua/vykonavchyi-komitet/viddily-ta-upravlinnia-nmr/viddil-mizhnarodnoho-spivrobitnytstva-ta-rozvytku | BM28: no | BN28: https://adm.dp.gov.ua/biznesu/investoram/inozemni-investiciyi-granti-ta-mtd https://adm.dp.gov.ua/storage/app/media/uploaded-files/mijnarodni_ugodi_NPB_2021.pdf | BO28: yes | BP28: https://omr.gov.ua/ua/international/ https://forum5t.com.ua/ | BQ28: yes | BR28: http://olexrada.gov.ua/category/spg/twin_city | BS28: no | BU28: yes | BV28: http://www.rada-poltava.gov.ua/ http://www.kultura-poltava.gov.ua/ | BW28: yes | BX28: http://www.city-adm.rv.ua/RivnePortal/ukr/city_partners.aspx ( ), http://rivnerada.gov.ua/portal/cities | BY28: yes | BZ28: http://sed-rada.gov.ua/ekonomika/energetichniy-menedzhment http://sed-rada.gov.ua/ekonomika/iniciativa-meri-za-ekonomichne-zrostannya-m4eg | CA28: yes | CB28: http://slavrada.gov.ua/uploads/File/invest/2019/invest_dogovir.pdf | CC28: yes | CD28: https://smr.gov.ua/uk/misto/mista-partneri.html | CE28: yes | CF28: https://ternopilcity.gov.ua/about/mista-partneri-ta-pobratimi/ | CG28: yes | CH28: 1). https://rada-uzhgorod.gov.ua/mista-pobratymy https://rada-uzhgorod.gov.ua/transkordonna-spivpratsya | CI28: yes | CJ28: http://uman-rada.gov.ua/index.php/mizhnarodni-zviazky | CK28: yes | CL28: https://www.city.kharkov.ua/uk/o-xarkove/goroda-partneryi.html | CM28: yes | CN28: http://www.city.kherson.ua/articles/mizhnarodne-spivrobitnictv | CO28: yes | CP28: - http://khm.gov.ua/uk/twin-cities | CQ28: yes | CR28: http://chmr.gov.ua/ua/text.php?s=8&s1=46&s2=69 | CS28: yes | CT28: http://chernivtsy.eu/portal/1155-2 | CU28: yes | CV28: https://chernigiv-rada.gov.ua/citypartners-list/ | CW28: yes | CX28: http://shostka-rada.gov.ua/town/msta_pobratimi/
A29: Q28 | B29: Is the information on the completed and ongoing projects with foreign funding, implemented in the territory of the community (grant projects, international technical assistance projects), including reports on their implementation published on the City Council website? | C29: yes | D29: http://artemrada.gov.ua/16565 | E29: yes | F29: https://berdychiv.com.ua/%d0%b5%d0%ba%d0%be%d0%bd%d0%be%d0%bc%d1%96%d0%ba%d0%b0/%d0%bc%d1%96%d0%b6%d0%bd%d0%b0%d1%80%d0%be%d0%b4%d0%bd%d0%b5-%d1%81%d0%bf%d1%96%d0%b2%d1%80%d0%be%d0%b1%d1%96%d1%82%d0%bd%d0%b8%d1%86%d1%82%d0%b2%d0%be/ | G29: yes | H29: https://bmr.gov.ua/index.php? id=800000816&no cache- 1 https://bmr.gov.ua/index.php?id=800001794&L=520 https://bmr.gov.ua/index.php? id=800000424&L=520 | I29: no | K29: no | M29: yes | N29: https://www.vmr.gov.ua/en/default.aspx | O29: no | P29: http://dda.dp.ua/proekty/ | Q29: yes | R29: http://drohobych-rada.gov.ua/category/proekty-zahody-podiyi/, the City Council cooperates with the UNDP https://drohobych-rada.gov.ua/%d0%b5%d0%ba%d0%be%d0%bd%d0%be%d0%bc%d1%96%d0%ba%d0%b0/%d0%bf%d1%80%d0%be%d0%b3%d1%80%d0%b0%d0%bc%d0%b8-%d1%80%d0%be%d0%b7%d0%b2%d0%b8%d1%82%d0%ba%d1%83/ | S29: no | U29: yes | V29: http://invest.zp.gov.ua/uk/pages/successful_projects | W29: yes | X29: http://invest-if.com/uk/ http://mvk.if.ua/invclim/41195 http://www.komynalka.com.ua/investytsiyi/mistsevi-prohramy http://www.komynalka.com.Ua/investytsiyi/derzhavni-prohramy | Y29: partially | Z29: http://izmailinvest.org.ua/ua/#about | AA29: partially | AB29: http://kam-pod.gov.ua/novini/town-news/item/1808-miskteplovodenerhiyu-inspektuvav-svitovyy-bank http://kam-pod.gov.ua/economika/invest-politika/investitsijni-proekti | AC29: yes | AD29: http://kam.gov.ua/investitsiyna_diyalnist/proekti/realizatsiya_proektiv | AE29: no | AG29: yes | AH29: http://koryukivka-rada.gov.ua/korysna-informatsiya/proektnyj-menedzhment/aktualni-konkursy-ta-granty/ | AI29: no | AK29: no | AM29: partially | AN29: 2019.- http://www.krm.gov.ua/article/view/851 2019. http://www.krm.gov.ua/article/view/852 -http://www.krm.gov.ua/article/view/756, http://www.krm.gov.ua/article/view/757 http://www.krm.gov.ua/article/view/649 2019.- http://www.krm.gov.ua/article/view/851 2019. http://www.krm.gov.ua/article/view/852 -http://www.krm.gov.ua/article/view/756, http://www.krm.gov.ua/article/view/757 http://www.krm.gov.ua/article/view/649 | AO29: no | AQ29: no | AS29: yes | AT29: http://www.kr-rada.gov.ua/investitsiyna-diyalnist | AU29: yes | AV29: https://lis.gov.ua/otkrytye-dannye.htmll, https://lis.gov.ua/component/content/article/19-2011-03-24-14-31-46/2011-03-24-06-57-08/23545-miskij-golova-sergij-shilin-zustrivsya-z-predstavnikami-dityachogo-fondu-oon-unicef.html | AW29: yes | AX29: https://www.lutskrada.gov.ua/pages/proekty https://www.lutskrada.gov.ua/pages/realizovani-proekty | AY29: no | BA29: yes | BB29: https://mariupolrada.gov.ua/page/proekti | BC29: yes | BD29: http://invest-melitopol.gov.ua/#ratings | BE29: yes | BF29: https://mkrada.gov.ua/news/1211.html https://mkrada.gov.ua/news/8168.html https://mkrada.gov.ua/news/8448.html https://mkrada.gov.ua/news/10634.html | BG29: yes | BH29: https://mukachevo-rada.gov.ua/tag/mizhnarodne-spivrobitnictvo?&type=all&tag=%D0%9C%D1%96%D0%B6%D0%BD%D0%B0%D1%80%D0%BE%D0%B4%D0%BD%D0%B5%20%D1%81%D0%BF%D1%96%D0%B2%D1%80%D0%BE%D0%B1%D1%96%D1%82%D0%BD%D0%B8%D1%86%D1%82%D0%B2%D0%BE | BI29: yes | BJ29: https://nizhynrada.gov.ua/nmr/miskiy-byudzhet/miski-cilovi-programi/proekti-miskih-cilovih-program/proekti-miskih-cilovih-program-na-2021-rik | BK29: yes | BL29: http://nikopol-mrada.dp.gov.ua/vykonavchyi-komitet/viddily-ta-upravlinnia-nmr/viddil-mizhnarodnoho-spivrobitnytstva-ta-rozvytku/mizhnarodne-spivrobitnytstvo | BM29: no | BN29: https://adm.dp.gov.ua/biznesu/investoram/inozemni-investiciyi-granti-ta-mtd | BO29: no | BQ29: partially | BR29: http://olexrada.gov.ua/doc/eco/cooperation.pdf | BS29: partially | BT29: https://pavlogradmrada.dp.gov.ua/vikonkom-2/proekti-rishen-vikonkomu/pro-stan-realizaci%d1%97-grantovikh-program-u-m-pavlogradi-u-2018roci.html | BU29: yes | BW29: yes | BX29: http://www.city-adm.rv.ua/RivnePortal/ukr/international_projects.aspx ( ), http://investrv.org.ua/ | BY29: yes | BZ29: http://sed-rada.gov.ua/mizhnarodna-spivpracya | CA29: yes | CB29: http://www.slavrada.gov.ua/?view=invest | CC29: yes | CD29: https://finance.smr.gov.ua/45-proekt-pidvishchennya-energoefektivnosti-v-osvitnikh-zakladakh-m-sumi | CE29: yes | CF29: https://ternopilcity.gov.ua/ekonomika/konkursi-ta-granti/ | CG29: yes | CH29: 1). https://rada-uzhgorod.gov.ua/transkordonna-spivpratsya - https://rada-uzhgorod.gov.ua/post/v-uzhhorodi-bude-realizovuvatysia-shche-odyn-hrantovyi-proekt-spilno-z-partneramy-slovatskym-mikhalovtse-ta-uhorskym-shatoraliauikhei - https://rada-uzhgorod.gov.ua/post/pidpysannia-chotyrokh-hrantovykh-uhod-z-peremozhtsiamy-konkursu-initsiatyv-mistsevykh-karpatskykh-hromad | CI29: no | CK29: partially | CL29: https://www.city.kharkov.ua/uk/news/eib-nadav-kharkovu-10-milyoniv-evro-na-zakupivlyu-troleybusiv-44566.html | CM29: partially | CN29: http://www.city.kherson.ua/news_detail/u-hersoni-yaponskomu-poslu-prezentuvali-obladnannya-u-likarnyah-im-ye-ye-karabelesha-ta-im-o-s-luchanskogo | CO29: yes | CP29: https://khm.gov.ua/sites/default/files/Economy/Info_about_finans.pdf http://khm.gov.ua/uk/content/prezentaciya-tehniko-ekonomichne-obgruntuvannya-budivnyctva-smittyepererobnogo-kompleksu-u http://khm.gov.ua/uk/content/zavdyaky-vydobutku-zvalyshchnogo-gazu-zi-smittyezvalyshcha-u-travni-vdalosya-otrymaty-170 http://khm.gov.ua/uk/content/u-hmelnyckomu-vstanovleno-pershi-dva-pidzemni-konteynery-dlya-smittya http://khm.gov.ua/uk/content/vidteper-z-hmelnyckogo-smittyezvalyshcha-specialna-ustanovka-vydobuvaye-gaz-ta-pereroblyaye http://khm.gov.ua/uk/content/na-poligoni-vstanovlyuyut-obladnannya-dlya-degazaciyi-smittyezvalyshcha http://khm.gov.ua/uk/content/ogolosheno-tender-na-vygotovlennya-tehniko-ekonomichnogo-obgruntuvannya-dlya-budivnyctva | CQ29: yes | CR29: http://chmr.gov.ua/ua/text.php?s=8&s1=46&s2=637 | CS29: yes | CT29: http://chernivtsy.eu/portal/4/povidomlennya-pro-ochikuvani-zakupivli-na-2019-rik-po-proektu-nefco-124242.html | CU29: yes | CV29: https://chernigiv-rada.gov.ua/investuite-u-chernihiv/ https://chernigiv-rada.gov.ua/sp-uer-energo/ | CW29: yes
A30: Q29 | B30: Is the information on the open educational and cultural competitions for participation of youth and citizens published on the City Council website? | C30: yes | D30: http://artemrada.gov.ua/20633 http://artemrada.gov.ua/news/26435 | E30: no | G30: yes | H30: https://bmr.gov.ua/index.php?id=800001795&no_cache=1&sword_list%5B%5D=%D0%B3%D1%80%D0%B0%D0%BD%D1%82 | I30: yes | J30: https://new.bc-rada.gov.ua/pro_misto/novyny/u_bilii_tserkvi_vidbuvsia_miskyi_konkurs_chyttsiv_patriotychnoi_poezii_slovo_pro_ukrainu.html | K30: yes | L30: http://brovary-rada.gov.ua/news/20756.html | M30: yes | N30: https://schoolprojects.vmr.gov.ua/default.aspx https://www.vmr.gov.ua/Lists/CivicOrganizations/ShowContent.aspx?ID=14 https://gromada.vmr.gov.ua/default.aspx | O30: yes | P30: https://dniprorada.gov.ua/uk/page/news | Q30: yes | R30: https://drohobych-rada.gov.ua/category/news/%d0%be%d1%81%d0%b2%d1%96%d1%82%d0%b0/ https://drohobych-rada.gov.ua/category/news/%d0%ba%d1%83%d0%bb%d1%8c%d1%82%d1%83%d1%80%d0%b0/ https://drohobych-rada.gov.ua/category/news/announcements/ | S30: yes | U30: no | W30: yes | X30: http://konkurs.mrada.if.ua/#home http://bu.mvk.if.ua/ http://www.mvk.if.ua/osprz | Y30: no | AA30: yes | AB30: http://kam-pod.gov.ua/economika/granti http://kam-pod.gov.ua/gromadianam/konkurs-molodizhnykh-proektiv | AC30: yes | AD30: http://kam.gov.ua/ua/news/pg/260121694915242_p13/ | AE30: yes | AF30: https://don.kyivcity.gov.ua/content/granty.html https://dk.kyivcity.gov.ua/news/?c=12&d=0 | AG30: no | AI30: yes | AJ30: https://konotop-rada.gov.ua/category/konkursy-proektiv/ | AK30: no | AM30: no | AO30: no | AQ30: yes | AR30: https://kr.gov.ua/ua/news/pg/260220400427286_n/ http://kr.gov.ua/novini | AS30: yes | AT30: http://www.kr-rada.gov.ua/news/u-kropivnitskomu-ogoloshutsya-hudozhniy-konkurs-molodizhna-palitra-2021.html http://www.kr-rada.gov.ua/news/kropivnitsku-molod-zaproshuyut-do-virtualnogo-dialogovogo-maydanchika.html | AU30: yes | AV30: https://lis.gov.ua/novosti/2011-03-25-08-09-17.html https://lis.gov.ua/novosti/2017-09-21-08-09-18.html | AW30: yes | AX30: https://www.lutskrada.gov.ua/publications/rozpochato-pryiom-zaiavok-na-natsionalnyi-konkurs-blahodiina-ukraina-2020 hhttps://www.lutskrada.gov.ua/publications/rozpochavsia-vseukrainskyi-konkurs-dytiachoho-maliunka-okhorona-pratsi-ochyma-ditei-2021 | AY30: yes | AZ30: https://lvivrada.gov.ua/gromadska-uchast/konkursy-dlja-go | BA30: yes | BB30: http://marsovet.org.ua/articles/show/menu/74 | BC30: yes | BD30: https://mlt.gov.ua/index.php?option=com_content&task=view&id=13662&Itemid=17514 | BE30: yes | BF30: http://osvita.mkrada.gov.ua/ http://nmc.mkrada.gov.ua/ , https://mkrada.gov.ua/content/festivali-vistavki-konkursi.html | BG30: yes | BH30: https://mukachevo-rada.gov.ua/searchresult?key=%D0%BA%D0%BE%D0%BD%D0%BA%D1%83%D1%80%D1%81 https://mukachevo-rada.gov.ua/searchresult?key=%D0%BA%D0%BE%D0%BD%D0%BA%D1%83%D1%80%D1%81 | BI30: yes | BJ30: https://nizhynrada.gov.ua/nmr/kultura/konkursi-kulturi | BK30: no | BM30: yes | BN30: https://novomoskovsk-rada.dp.gov.ua/ua/novini-ta-podiyi/novini/trivaye-reyestraciya-na-uchast-v-nacionalnomu-proyekti-rodinna-slava-ukrayini https://novomoskovsk-rada.dp.gov.ua/ua/novini-ta-podiyi/novini/rozumnikiv-novomoskovska-vidznachili-imennimi-stipendiyami-miskradi | BO30: yes | BP30: 2016-2020 - https://www.omr.gov.ua/ru/acts/council/81377/ 2020-2022 - https://www.omr.gov.ua/ru/acts/council/96856/ 2019-2021 - https://www.omr.gov.ua/ru/acts/council/114627/ | BQ30: no | BS30: no | BU30: yes | BV30: http://www.rada-poltava.gov.ua/news/ http://www.kultura-poltava.gov.ua/ | BW30: yes | BX30: http://www.rosvita.rv.ua/; http://rivnerada.gov.ua/portal/content-list/1/223 | BY30: yes | BZ30: http://sed-rada.gov.ua/ogoloshennya | CA30: no | CC30: yes | CD30: https://smr.gov.ua/uk/novini/podiji/6371-u-sumakh-samovdoskonalyuvalisya-molodizhni-pratsivniki.html https://smr.gov.ua/uk/2016-03-14-08-10-17/partijni-ta-gromadski-organizatsiji/konkursy-ta-hranty.html | CE30: yes | CF30: https://ternopilcity.gov.ua/ekonomika/konkursi-ta-granti/ | CG30: partially | CH30: https://rada-uzhgorod.gov.ua/post/slovachchyna-prezentuye-v-uzhgorodi-osvitni-mozhlyvosti-pidpysano-chotyrystoronnyu-ugodu https://rada-uzhgorod.gov.ua/post/v-uzhhorodskii-miskii-radi-z-lideramy-molodi-obhovoryly-realizatsiiu-molodizhnykh-initsiatyv | CI30: no | CK30: no | CM30: no | CO30: yes | CP30: http://khm.gov.ua/uk/content/konkursy-foto-video-blagoustroyu-ta-pryvitannya-do-dnya-mista https://khm.gov.ua/uk/content/hmelnyckyh-studentiv-zaproshuyut-vzyaty-uchast-u-konkursi-rozumnym-buty-modno?fbclid=IwAR1lSGXwh9IQuFJnYknUnfDrjNK06DAT96ppW9B50JAbTtMl-hg143yyiLY https://khm.gov.ua/uk/content/do-21-lypnya-tryvaye-pryyom-zayavok-vid-dyzayneriv-u-ramkah-proektu-modni?fbclid=IwAR1kJli2axUBkx3fz0w0KovJGVUccI1BxbqgYioH8w0yRBV5Sg_dIz082r0 https://khm.gov.ua/uk/content/uvaga-tryvaye-pryyom-dokumentiv-na-zdobuttya-miskyh-premiy-0?fbclid=IwAR0PsfmYfhA7S-nDqAWSAIuxILJ5k-_JUl3fw7AylUC2RKUePIGx2ZRVSJQ https://khm.gov.ua/uk/content/zaproshuyemo-studentiv-koledzhiv-zareyestruvatysya-ta-vzyaty-uchast-u-shkoli-suchasnogo?fbclid=IwAR3EDfsEJUeIw_Pdj6YDpsmti-GXmqonufQ2oDIuN6r3ieCjFt1oA8wH8Ys https://khm.gov.ua/uk/content/molod-mista-hmelnyckogo-maye-unikalnu-mozhlyvist-proyty-stazhuvannya-u-vykonavchyh-organah?fbclid=IwAR3WTpsMfyVxnIxFMN8fe88ldSAA3ooPWRq-WmzrHhIV5P0qKa1iQ3-FUUY https://khm.gov.ua/uk/content/zaproshuyemo-studentiv-vpu-zareyestruvatysya-ta-vzyaty-uchast-u-shkoli-suchasnyh-lideriv?fbclid=IwAR3_XIoG9Pf53klt4zVScR8qZb5WYNwVcZ91AsOwsh_jEUrououPhB_jmj4 https://khm.gov.ua/uk/content/semyklasnykiv-zaproshuyut-vzyaty-uchast-u-vseukrayinskomu-konkursi-dytyachogo-chytannya?fbclid=IwAR3EIsYXcnjuFO92j6jmIFHZZjO-ByjactGlqjy95yoTvs6CWs1dwNSP5sc https://khm.gov.ua/uk/content/startuvav-konkursnyy-vidbir-u-animaciynu-laboratoriyu?fbclid=IwAR085xmR44c6zTEXyxQ0zWvs1CC8M80-yc8He7WKbds3h7uEuu8H04IO7UU https://khm.gov.ua/uk/content/do-9-sichnya-2019-roku-tryvatyme-fotokonkurs-rizdvyanyy-hmelnyckyy?fbclid=IwAR3_XIoG9Pf53klt4zVScR8qZb5WYNwVcZ91AsOwsh_jEUrououPhB_jmj4 | CQ30: yes | CR30: http://chmr.gov.ua/ua/news.php?s=1&s1=18 http://chmr.gov.ua/ua/newsread.php?view=18316&s=1&s1=18 | CS30: yes | CT30: http://chernivtsy.eu/portal/4/future-photo-days-2021-konkurs-dlya-pidlitkiv-shho-tsikavlyatsya-fotografiyeyu-136143.html http://chernivtsy.eu/portal/4/u-vikipediyi-startuye-misyats-kulturnoyi-dyplomatiyi-ukrayiny-136154.html | CU30: yes | CV30: http://www.chernigiv-rada.gov.ua/news/ | CW30: yes | CX30: http://shostka-rada.gov.ua/investments/fnansov-nstrumenti/ http://shostka-rada.gov.ua/rozvitok_pdprimnictva/
A31: Q30 | B31: Is the list of fields and areas that require the involvement of the relevant international assistance published on the City Council website? | C31: yes | D31: http://artemrada.gov.ua/economics/investment | E31: no | G31: yes | H31: https://bmr.gov.ua/index.php?id=800001796&L=520 | I31: no | K31: no | M31: yes | N31: https://www.vmr.gov.ua/Branches/Lists/EconomicsBusinessAndInvestmens/ShowContent.aspx?ID=309 https://www.vmr.gov.ua/Branches/ContentLibrary/792eccf1-4802-4756-ae13-b2280969f6cf/309/%D0%91%D1%96%D0%B7%D0%BD%D0%B5%D1%81-%D0%BF%D1%80%D0%BE%D1%84%D1%96%D0%BB%D1%8C%20%D0%BD%D0%B0%2001.07.2020.pdf | O31: yes | P31: https://dniprorada.gov.ua/uk/articles/category/novini/ . (https://dniprorada.gov.ua/uk/page/komunalne-pidpriemstvo-agenstvo-rozvitku-dnipra-dniprovskoi-miskoi-radi) | Q31: yes | R31: https://drohobych-rada.gov.ua/%d1%96%d0%bd%d0%b2%d0%b5%d1%81%d1%82%d0%be%d1%80%d1%83/%d0%be%d0%bc%d1%81-%d1%82%d0%b0-%d0%bf%d1%80%d0%be%d0%b5%d0%ba%d1%82%d0%b8-%d0%bc%d1%96%d0%b6%d0%bd%d0%b0%d1%80%d0%be%d0%b4%d0%bd%d0%be%d1%97-%d0%b4%d0%be%d0%bf%d0%be%d0%bc%d0%be%d0%b3%d0%b8/ | S31: no | U31: no | W31: yes | X31: http://www.mvk.if.ua/energmod | Y31: yes | Z31: http://www.izmail-rada.gov.ua/2012-02-07-10-14-54/184-2012-02-07-10-13-29/1812-2012-02-07-10-39-03 | AA31: yes | AB31: http://kam-pod.gov.ua/economika/invest-politika/investitsijnij-potentsial-mista http://kam-pod.gov.ua/economika/invest-politika/investitsijni-proekti | AC31: yes | AD31: https://www.google.com/maps/d/viewer?mid=1xKshx22l_ieUP777BZ6cxnqjT24mTgW9&ll=48.53995430908585%2C34.64526550000005&z=12 http://kam.gov.ua/investitsiyna_diyalnist | AE31: yes | AF31: http://kievcity.gov.ua/news/?c=254 http://investinkyiv.gov.ua/ua/projects/10 | AG31: no | AI31: no | AK31: no | AM31: no | AO31: no | AQ31: yes | AR31: https://ig.krmisto.gov.ua/ua/feedback/index https://ig.krmisto.gov.ua/en/ideas/index https://kr.gov.ua/investitsiyne_seredovishche | AS31: yes | AT31: http://www.kr-rada.gov.ua/investitsiyna-diyalnist | AU31: yes | AV31: http://lis.gov.ua/sub-ektam-khozyajstvovaniya/investitsii.html | AW31: yes | AX31: https://www.lutskrada.gov.ua/pages/obiekty-enerhoservisu | AY31: no | BA31: yes | BB31: https://mariupolrada.gov.ua/page/investicijna-karta | BC31: no | BE31: yes | BF31: https://mkrada.gov.ua/documents/27463.html | BG31: no | BI31: no | BK31: partially | BL31: https://www.google.com/maps/d/embed?mid=1f2D-8ELslgMEiuMZYAlkqXMejJU&hl=ru | BM31: no | BO31: yes | BP31: https://omr.gov.ua/ua/business/investment-passport/ https://odessa5t.com.ua/projects https://investodessa.com/ | BQ31: yes | BR31: http://olexrada.gov.ua/category/invest_pol http://olexrada.gov.ua/doc/eco/invsest_prop.pdf | BS31: partially | BT31: https://pavlogradmrada.dp.gov.ua/torgovlya/pavlograd-invest/pro-zatverdzhennya-programi-spriyannya-rozvitku-pidpriehmnictva-v-m-pavlograd-na-2019-2021-roki.html | BU31: no | BW31: yes | BX31: http://economy.rv.ua/PDZ/; http://investrv.org.ua/actual-propositions | BY31: yes | BZ31: http://sed-rada.gov.ua/ekonomika/investiciyniy-portal-mista | CA31: yes | CB31: http://www.slavrada.gov.ua/?view=maliy_biznes http://www.slavrada.gov.ua/?view=invest | CC31: yes | CD31: https://smr.gov.ua/uk/2016-03-14-08-11-32/karta-zaluchennya-mizhnarodnoji-dopomogi.html | CE31: yes | CF31: https://ternopilcity.gov.ua/ekonomika/pidpriemnitstvo/ https://ternopilcity.gov.ua/ekonomika/investitsii/ https://ternopilcity.gov.ua/ekonomika/industrialniy-park/ | CG31: yes | CH31: https://rada-uzhgorod.gov.ua/strategiya-rozvytku-mista/ https://rada-uzhgorod.gov.ua/rada_docs/show/investytsijnyj-pasport | CI31: no | CK31: no | CM31: no | CO31: yes | CP31: https://khmcityforum.com/projects/ https://invest.khm.gov.ua/ | CQ31: yes | CR31: http://chmr.gov.ua/ua/textexread.php?s=8&s1=203&s2=322&row=6&view=2 http://chmr.gov.ua/ua/files.php?s=8&s1=203&s2=709 https://www.google.com/maps/d/u/0/viewer?ll=49.44564360736592%2C32.04196389999993&z=12&mid=1LEbTQeHj2JKsGSCxKEMeju6JEhs | CS31: no | CU31: no | CW31: no
A32: Q31 | B32: Is there a separate section on the City Council website for the submission of proposals for attracting the available tools of international cooperation? | C32: yes | D32: http://artemrada.gov.ua/economics/investment | E32: no | G32: yes | H32: https://bmr.gov.ua/index.php?id=800001797&L=520 | I32: no | K32: no | M32: no | O32: no | Q32: yes | R32: https://drohobych-rada.gov.ua/%d1%96%d0%bd%d0%b2%d0%b5%d1%81%d1%82%d0%be%d1%80%d1%83/%d0%be%d0%bc%d1%81-%d1%82%d0%b0-%d0%bf%d1%80%d0%be%d0%b5%d0%ba%d1%82%d0%b8-%d0%bc%d1%96%d0%b6%d0%bd%d0%b0%d1%80%d0%be%d0%b4%d0%bd%d0%be%d1%97-%d0%b4%d0%be%d0%bf%d0%be%d0%bc%d0%be%d0%b3%d0%b8/ | S32: no | U32: yes | V32: http://invest.zp.gov.ua/uk | W32: yes | X32: http://mvk.if.ua/program | Y32: no | AA32: yes | AB32: http://kam-pod.gov.ua/economika/invest-politika/investitsijni-proekti | AC32: yes | AD32: http://kam.gov.ua/investitsiyna_diyalnist/korisna_informatsiya/ novini_grantiv_ta_fandreyzingu | AE32: no | AG32: no | AI32: no | AK32: no | AM32: no | AO32: no | AQ32: yes | AR32: https://ig.krmisto.gov.ua/ua/feedback/index https://ig.krmisto.gov.ua/en/news/index https://kr.gov.ua/investitsiyne_seredovishche | AS32: yes | AT32: (https://www.facebook.com/kropyvnytskyi.invest/). | AU32: yes | AV32: http://lis.gov.ua/sub-ektam-khozyajstvovaniya/investitsii.html | AW32: no | AY32: no | BA32: yes | BC32: yes | BD32: http://investmelitopol.org/index.php/search-for-partners/citys-proposition http://investmelitopol.org/index.php/search-for-partners/investors-proposition | BE32: yes | BF32: https://mkrada.gov.ua/content/galuzevi-programi-es.html | BG32: yes | BH32: https://mukachevo-rada.gov.ua/investoram | BI32: yes | BJ32: https://nizhynrada.gov.ua/nmr/investiciyna-diyalnist/proekti-mista https://nizhynrada.gov.ua/nmr/investiciyna-diyalnist/investoru/investiciyna-diyalnist | BK32: no | BM32: no | BO32: yes | BP32: https://www.omr.gov.ua/ua/city/departments/economy/ | BQ32: partially | BR32: http://olexrada.gov.ua/doc/eco/granty.pdf | BS32: partially | BT32: https://pavlogradmrada.dp.gov.ua/category/small-bussiness https://pavlogradmrada.dp.gov.ua/news/nabir-uchasnikiv-do-programi-innovaci%d1%97-ukra%d1%97ni-dlya-pidpriehmciv-pochatkivciv.html | BU32: no | BW32: no | BY32: partially | BZ32: http://sed-rada.gov.ua/ekonomika/investiciyniy-portal-mista | CA32: yes | CB32: http://www.slavrada.gov.ua/?view=invest http://cba.org.ua/mapd/ | CC32: no | CE32: yes | CF32: https://ternopilcity.gov.ua/ekonomika/investitsii/ | CG32: no | CI32: no | CK32: partially | CL32: https://ppr.kharkov.ua/ua | CM32: yes | CN32: http://www.city.kherson.ua/articles/zaluchennya-mizhnarodnoyi-tehnichnoyi-dopomogi | CO32: yes | CP32: https://invest.khm.gov.ua/ | CQ32: yes | CR32: http://chmr.gov.ua/ua/files.php?s=8&s1=46&s2=175 | CS32: no | CU32: no | CW32: yes | CX32: http://shostka-rada.gov.ua/investments/fnansov-nstrumenti/
A33: Q32 | B33: Is there a separate section in English on the City Council website, where the foreigners may find postal contact details, phone numbers of the City Council management in specific fields and the mayor? | C33: partially | D33: http://artemrada.gov.ua/ | E33: no | G33: partially | H33: https://bmr.gov.ua/index.php?id=800000871&L=920 | I33: no | K33: yes | L33: http://brovary-rada.gov.ua/en/content/telefonniy-dovidnik.html | M33: yes | N33: https://www.vmr.gov.ua/en/Lists/ExecutiveBodies/Default.aspx https://www.vmr.gov.ua/en/Lists/ExecutiveCommittee/Default.aspx https://www.vmr.gov.ua/en/Lists/ExecutiveCommittee/ShowContent.aspx?ID=2 | O33: partially | P33: http://edeputat.dniprorada.gov.ua/en | Q33: no | S33: partially | T33: http://zt-rada.gov.ua/?3398[0]=6279 http://zt-rada.gov.ua/files/upload/sitefiles/doc1548074008.pdf | U33: yes | V33: https://zp.gov.ua/en | W33: yes | X33: http://www.mvk.if.ua/en/ http://www.mvk.if.ua/de/ http://www.mvk.if.ua/pl/ | Y33: partially | Z33: Google translate - http://translate.google.com/translate?client=tmpg&hl=en&langpair=ru|en&u=http%3A//www.izmail-rada.gov.ua/ | AA33: no | AC33: partially | AD33: https://drive.google.com/file/d/1GsNUQSTj3xyMdo8zf89hc0svngYA_X28/view | AE33: yes | AF33: https://kmr.gov.ua/uk/content/cooperation | AG33: no | AI33: no | AK33: no | AM33: no | AO33: partially | AP33: "Google translate" | AQ33: yes | AR33: https://ig.krmisto.gov.ua/en/feedback/index | AS33: yes | AU33: no | AW33: yes | AX33: https://www.lutskrada.gov.ua/en | AY33: no | BA33: yes | BB33: http://mariupolrada.gov.ua/en/person/bojchenko-vadim-sergijovich - , http://mariupolrad.gov.ua/en/person/assstants - | BC33: yes | BD33: http://investmelitopol.org/index.php/contacts | BE33: no | BG33: partially | BH33: https://mukachevo-rada.gov.ua/investors | BI33: no | BK33: no | BM33: no | BO33: partially | BP33: http://old.omr.gov.ua/ www.omr.gov.ua | BQ33: partially | BR33: http://olexrada.gov.ua/ | BS33: no | BU33: yes | BV33: http://www.rada-poltava.gov.ua/foreign/ | BW33: yes | BX33: http://rivnerada.gov.ua/portal/city | BY33: yes | BZ33: http://sed-rada.gov.ua/informaciya-kontakti/kontakti | CA33: no | CC33: partially | CD33: https://smr.gov.ua/en | CE33: partially | CF33: https://ternopilcity.gov.ua/en/vikonavchi-organi-radi/ | CG33: yes | CH33: https://rada-uzhgorod.gov.ua/the-organizational-structure-of--uzhgorod-city-council | CI33: no | CK33: no | CM33: no | CO33: yes | CP33: https://invest.khm.gov.ua/ http://khm.gov.ua/uk/content/investoru | CQ33: no | CS33: no | CU33: yes | CV33: http://chernigiv-rada.gov.ua/investuite-u-chernihiv/ | CW33: no
A34: Q33 | B34: Is the City Council procurement plan for the current period published on the City Council website? | C34: yes | D34: http://artemrada.gov.ua/18101 | E34: yes | F34: https://berdychiv.com.ua/%d0%bf%d1%80%d0%be%d0%b7%d0%be%d1%80%d1%96%d1%81%d1%82%d1%8c/%d1%80%d1%96%d1%87%d0%bd%d1%96-%d0%bf%d0%bb%d0%b0%d0%bd%d0%b8-%d0%b7%d0%b0%d0%ba%d1%83%d0%bf%d1%96%d0%b2%d0%b5%d0%bb%d1%8c/ Prozorro | G34: no | I34: no | K34: yes | L34: http://brovary-rada.gov.ua/content/derzhavni-zakupivli.html | M34: yes | N34: https://www.vmr.gov.ua/TransparentCity/Lists/TenderPlans/Default.aspx | O34: yes | P34: https://dniprorada.gov.ua/uk/page/vikonavchi-organi-miskoi-radi . https://opendata.dniprorada.gov.ua/dataset/-- | Q34: yes | R34: https://drohobych-rada.gov.ua/%d0%b5%d0%ba%d0%be%d0%bd%d0%be%d0%bc%d1%96%d0%ba%d0%b0/%d0%b7%d0%b0%d0%ba%d1%83%d0%bf%d1%96%d0%b2%d0%bb%d1%96-%d1%80%d0%be%d0%b7%d0%bf%d0%be%d1%80%d1%8f%d0%b4%d0%bd%d0%b8%d0%ba%d1%96%d0%b2/ | S34: partially | T34: http://zt-rada.gov.ua/files/upload/sitefiles/doc1587128395.pdf | U34: partially | V34: https://zp.gov.ua/uk/documents/category/tenders/ https://zp.gov.ua/uk/page/prozorro-1 | W34: no | X34: http://www.mvk.if.ua/rplzak | Y34: no | Z34: http://www.izmail-rada.gov.ua/2010-03-18-10-53-55 | AA34: no | AB34: 2021 https://kam-pod.gov.ua/economika/dergavni-zakupivli/richni-plani-zakupivel https://kam-pod.gov.ua/gromadianam/zakupivli | AC34: yes | AD34: http://kam.gov.ua/prozori_zakupivli http://kam.gov.ua/prozori_zakupivli/richni_plani_zakupivel_vikonavchikh_ organiv_miskoi_radi http://kam.gov.ua/viddili/upravlinnya_transportnoi_infrastrukturi_ta_zvyazku/ finansova_diyalnist/plan_zakupivel | AE34: yes | AF34: https://kmr.gov.ua/uk/plan-zakupivel https://kyivcity.gov.ua/publichna_informatsiia_Tag_166122.html?number=&dt1=&dt2=&tag=0&cat=21# | AG34: yes | AH34: http://www.kovelrada.gov.ua/tenderni_zakupivli.html | AI34: yes | AJ34: https://konotop-rada.gov.ua/7512-2019-07-08-13-50-51/ | AK34: yes | AL34: http://konstrada.gov.ua/images/doc/2017/01/20170119rpz.doc | AM34: yes | AN34: http://www.krm.gov.ua/article/view/842 https://odp.krm.gov.ua/dataset/fc523faf-0579-4435-af9d-4ac48751e8ad https://odp.krm.gov.ua/dataset/fc523faf-0579-4435-af9d-4ac48751e8ad | AO34: yes | AP34: https://opendata.kremen.gov.ua/dataset/%D1%80%D1%96%D1%87%D0%BD%D1%96-%D0%BF%D0%BB%D0%B0%D0%BD%D0%B8-%D0%B7%D0%B0%D0%BA%D1%83%D0%BF%D1%96%D0%B2%D0%B5%D0%BB%D1%8C | AQ34: no | AR34: https://kr.gov.ua/ua/st/pg/300818371429080_s/ 2016-2018 . | AS34: yes | AT34: http://kr-rada.gov.ua/derzhavni-zakupivli/ http://kr-rada.gov.ua/upravlinnya-z-nadzvichaynih-situatsiy/publichna-informatsiya-snn/ (https://prozorro.gov.ua/plan/search?query=26321546) http://kr-rada.gov.ua/zviti/ https://data.gov.ua/dataset/a08a2471-4881-49ae-bc43-09679a8305a5 | AU34: yes | AV34: http://lis.gov.ua/otkrytye-dannye/21724-plani-zakupivel-vikonavchikh-organiv-lisichanskoji-miskoji-radi.html | AW34: yes | AX34: https://www.lutskrada.gov.ua/pages/richnyi-plan-zakupivel | AY34: yes | AZ34: https://city-adm.lviv.ua/lmr/economy/plany-zakupivel | BA34: yes | BB34: http://mariupolrada.gov.ua/page/elektronni-zakupivli | BC34: partially | BD34: «ProZorro» | BE34: partially | BF34: https://www.dzo.com.ua/ | BG34: yes | BH34: https://mukachevo-rada.gov.ua/upravlinnya-mistom/biznes/publichni-zakupivli/richni-plani-zakupivel | BI34: yes | BJ34: https://nizhynrada.gov.ua/nmr/ekonomichniy-rozvitok/zakupivli/richni-plani-zakupivel | BK34: yes | BL34: Prozorro - http://nikopol-mrada.dp.gov.ua/prijmalnya/koshty-mista/zakupivli-za-biudzhetni-koshty | BM34: no | BO34: yes | BP34: Prozorro - https://www.omr.gov.ua/ua/open-city/prozorro/ | BQ34: yes | BR34: http://olexrada.gov.ua/category/gov_supply | BS34: yes | BT34: https://pavlogradmrada.dp.gov.ua/plani-zakupivel | BU34: yes | BV34: http://www.rada-poltava.gov.ua/files/dod_rpz_110119.zip http://www.rada-poltava.gov.ua/files/dod_rpz_090819.zip | BW34: yes | BX34: https://prozorro.gov.ua/tender/search?query=04057758 ( Prozorro ) | BY34: yes | BZ34: http://sed-rada.gov.ua/prozorro | CA34: no | CB34: Prozorro | CC34: partially | CD34: https://smr.gov.ua/uk/miska-vlada/vikonavchi-organi/strukturni-pidrozdili-sumskoji-miskoji-radi/2015-12-10-09-03-28/departament-infrastrukturi-mista.html; - 2019 https://smr.gov.ua/uk/miska-vlada/tsentr-koordinatsiji-derzhavnikh-zakupivel/richni-plani-zakupivel.html | CE34: yes | CF34: https://ternopilcity.gov.ua/byudget-ternopolya/elektronni-zakupivli/richni-plani-dergavnih-zakupivel/ | CG34: no | CH34: https://rada-uzhgorod.gov.ua/rada_docs/zakupivli?start_date=01%2F02%2F2019&end_date=13%2F02%2F2021 | CI34: yes | CJ34: https://uman-rada.gov.ua/index.php/hromadskosti/publichni-zakupivli | CK34: no | CM34: no | CO34: yes | CP34: http://khm.gov.ua/uk/content/richni-plany-zakupivel | CQ34: yes | CR34: http://chmr.gov.ua/ua/text.php?s=33&s1=445 http://chmr.gov.ua/ua/sections.php?s=33 | CS34: yes | CT34: https://drive.google.com/drive/folders/1QhNNRwkzU4vw0iI8sFIH3t4H3G2FPWtv | CU34: no | CW34: yes | CX34: http://shostka-rada.gov.ua/purchasing/
A35: Q34 | B35: Is there a separate section on the City Council website containing publication of information on the City Council procurements, including notifications on the planned City Council procurements? | C35: yes | D35: http://artemrada.gov.ua/22966 https://prozorro.gov.ua/plan/search/?query=%20%20 https://prozorro.gov.ua/tender/search?edrpou=04052732 | E35: no | G35: yes | H35: https://bmr.gov.ua/index.php? id-800000176 | I35: yes | J35: http://bc-rada.gov.ua/node/5196 https://bc-rada.gov.ua/node/8429 | K35: yes | L35: http://brovary-rada.gov.ua/content/derzhavni-zakupivli.html | M35: yes | N35: https://www.vmr.gov.ua/TransparentCity/Lists/TenderMonitoring/Default.aspx | O35: yes | P35: https://dniprorada.gov.ua «Prozorro»: - https://dniprorada.gov.ua/uk/page/prozorro | Q35: yes | R35: https://drohobych-rada.gov.ua/%d0%b5%d0%ba%d0%be%d0%bd%d0%be%d0%bc%d1%96%d0%ba%d0%b0/%d0%b7%d0%b0%d0%ba%d1%83%d0%bf%d1%96%d0%b2%d0%bb%d1%96-%d1%80%d0%be%d0%b7%d0%bf%d0%be%d1%80%d1%8f%d0%b4%d0%bd%d0%b8%d0%ba%d1%96%d0%b2/ | S35: yes | T35: http://zt-rada.gov.ua/onlineport | U35: yes | V35: https://zp.gov.ua/uk/page/prozorro-1 | W35: partially | X35: http://www.mvk.if.ua/tender | Y35: partially | Z35: http://www.izmail-rada.gov.ua/2010-03-18-10-53-55 | AA35: partially | AB35: https://kam-pod.gov.ua/economika/dergavni-zakupivli https://kam-pod.gov.ua/gromadianam/zakupivli | AC35: yes | AD35: http://kam.gov.ua/prozori_zakupivli | AE35: yes | AF35: (https://kyivaudit.gov.ua/) | AG35: yes | AH35: http://www.kovelrada.gov.ua/tenderni_zakupivli.html | AI35: yes | AJ35: https://konotop-rada.gov.ua/7512-2019-07-08-13-50-51/ | AK35: yes | AL35: http://konstrada.gov.ua/sotsialno-ekonomichnij-rozvitok/ekonomika-ta-torgivlya/123-sotsialno-ekonomichnij-rozvitok/ekonomika-ta-torgivlya/168-informatsiya-dlya-biznesa | AM35: yes | AN35: http://www.krm.gov.ua/article/view/830 | AO35: yes | AP35: https://opendata.kremen.gov.ua/dataset/-- | AQ35: partially | AR35: https://kr.gov.ua/ua/st/pg/300818848519573_s/ http://krmisto.gov.ua/ua/tenders/purchases/index https://kr.gov.ua/ua/st/pg/300818371429080_s/ | AS35: yes | AT35: http://kr-rada.gov.ua/upravlinnya-z-nadzvichaynih-situatsiy/publichna-informatsiya-snn/ (https://prozorro.gov.ua/plan/search?query=26321546) prozzoro.gov.ua | AU35: yes | AV35: http://lis.gov.ua/otkrytye-dannye/21724-plani-zakupivel-vikonavchikh-organiv-lisichanskoji-miskoji-radi.html | AW35: yes | AX35: https://www.lutskrada.gov.ua/pages/elektronni-zakupivli-lutskoi-miskoi-rady | AY35: yes | AZ35: https://city-adm.lviv.ua/public-information/tenders https://city-adm.lviv.ua/lmr/elektronni-zakupivli | BA35: yes | BB35: http://mariupolrada.gov.ua/page/informacija-pro-richni-plani-zakupivel | BC35: partially | BD35: http://mlt.gov.ua/index.php?option=com_content&task=view&id=15782&Itemid=538 | BE35: partially | BF35: https://depfin.mkrada.gov.ua/documentation/plani-zakupivel https://www.dzo.com.ua/ | BG35: yes | BH35: https://mukachevo-rada.gov.ua/upravlinnya-mistom/biznes/publichni-zakupivli/richni-plani-zakupivel | BI35: yes | BJ35: https://nizhynrada.gov.ua/nmr/ekonomichniy-rozvitok/zakupivli | BK35: yes | BL35: http://nikopol-mrada.dp.gov.ua/prijmalnya/koshty-mista/zakupivli-za-biudzhetni-koshty | BM35: no | BN35: https://novomoskovsk-rada.dp.gov.ua/ua/nashe-misto/zakupivli | BO35: yes | BP35: https://www.omr.gov.ua/ua/open-city/prozorro/ | BQ35: yes | BR35: http://olexrada.gov.ua/category/gov_supply | BS35: yes | BT35: http://pavlogradmrada.dp.gov.ua/category/tenders/ogoloshennya-tender - https://pavlogradmrada.dp.gov.ua/plani-zakupivel | BU35: partially | BW35: yes | BX35: https://prozorro.gov.ua/tender/search?query=04057758 ( Prozorro ) | BY35: yes | BZ35: http://sed-rada.gov.ua/prozorro | CA35: yes | CB35: http://www.slavrada.gov.ua/?view=prozorro | CC35: yes | CD35: https://smr.gov.ua/uk/miska-vlada/tsentr-koordinatsiji-derzhavnikh-zakupivel.html | CE35: yes | CF35: https://ternopilcity.gov.ua/byudget-ternopolya/elektronni-zakupivli/ | CG35: no | CH35: https://rada-uzhgorod.gov.ua/pub_zakupivli#xj66aid1yt | CI35: partially | CJ35: https://uman-rada.gov.ua/index.php/hromadskosti/publichni-zakupivli | CK35: yes | CL35: https://www.city.kharkov.ua/uk/dokumentyi/gosudarstvennyie-zakupki/e-tender.html | CM35: yes | CN35: http://mvk.kherson.ua/komitety-konkursnykh-torgov - http://mvk.kherson.ua/obgruntuvannya-tekhnichnikh-ta-yakisnikh-kharakteristik-predmeta-zakupivli-rozmiru-byudzhetnogo-priznachennya-ochikuvanoji-vartosti-predmeta-zakupivli | CO35: yes | CP35: http://khm.gov.ua/uk/content/monitoryng-miscevyh-zakupivel | CQ35: yes | CR35: http://chmr.gov.ua/ua/text.php?s=33&s1=445 http://chmr.gov.ua/ua/sections.php?s=33 | CS35: yes | CT35: http://chernivtsy.eu/portal/publichni-zakupivili-2022 | CU35: yes | CV35: http://chernigiv-rada.gov.ua/e-zakupivli/ | CW35: yes | CX35: http://shostka-rada.gov.ua/purchasing/
A36: Q35 | B36: Is the information on the completed City Council procurements published in the respective section (type of procurement, date, price, candidates, their proposals, minutes of meetings of the Commission)? | C36: yes | D36: http://artemrada.gov.ua/22966 https://prozorro.gov.ua/tender/search?edrpou=04052732 | E36: no | F36: Prozorro | G36: no | I36: yes | J36: https://bc-rada.gov.ua/node/8429 https://www.zvit.pro/ | K36: no | M36: yes | N36: https://www.vmr.gov.ua/TransparentCity/Lists/TenderMonitoring/Default.aspx https://opendata.gov.ua/organization/940035d2-fb74-4331-8ee4-42bfefa6ac8d | O36: yes | P36: https://dniprorada.gov.ua «Prozorro»: - https://dniprorada.gov.ua/uk/page/prozorro | Q36: yes | R36: https://drohobych-rada.gov.ua/%d0%b5%d0%ba%d0%be%d0%bd%d0%be%d0%bc%d1%96%d0%ba%d0%b0/%d0%b7%d0%b0%d0%ba%d1%83%d0%bf%d1%96%d0%b2%d0%bb%d1%96-%d1%80%d0%be%d0%b7%d0%bf%d0%be%d1%80%d1%8f%d0%b4%d0%bd%d0%b8%d0%ba%d1%96%d0%b2/ | S36: yes | T36: ZAKUPKI.PROM.UA http://zt-rada.gov.ua/onlineport | U36: yes | V36: https://zp.gov.ua/uk/page/prozorro-1 | W36: yes | X36: http://www.mvk.if.ua/tender http://www.mvk.if.ua/dzprot | Y36: no | AA36: partially | AB36: http://kam-pod.gov.ua/gromadianam/zakupivli | AC36: yes | AD36: http://kam.gov.ua/prozori_zakupivli | AE36: yes | AF36: https://kmr.gov.ua/uk/plan-zakupivel | AG36: yes | AH36: http://www.kovelrada.gov.ua/tenderni_zakupivli.html | AI36: no | AK36: no | AM36: yes | AN36: http://www.krm.gov.ua/article/view/842 | AO36: yes | AP36: https://opendata.kremen.gov.ua/dataset/%D1%96%D0%BD%D1%84%D0%BE%D1%80%D0%BC%D0%B0%D1%86%D1%96%D1%8F-%D0%BF%D1%80%D0%BE-%D0%B2%D1%81%D1%96%D1%85-%D1%80%D0%BE%D0%B7%D0%BF%D0%BE%D1%80%D1%8F%D0%B4%D0%BD%D0%B8%D0%BA%D1%96%D0%B2-%D0%BA%D0%BE%D1%88%D1%82%D1%96%D0%B2-%D1%89%D0%BE-%D0%B7%D0%B4%D1%96%D0%B9%D1%81%D0%BD%D1%8E%D1%8E%D1%82%D1%8C-%D0%B7%D0%B0%D0%BA%D1%83%D0%BF%D1%96%D0%B2%D0%BB%D1%96-%D1%87%D0%B5%D1%80%D0%B5%D0%B7-%D0%BF%D1%83%D0%B1%D0%BB%D1%96%D1%87%D0%BD%D1%96-%D1%81%D0%B5%D1%80%D0%B2%D1%96%D1%81%D0%B8-0#{} | AQ36: partially | AR36: https://kr.gov.ua/ua/st/pg/300818848519573_s/ http://krmisto.gov.ua/ua/tenders/purchases/index | AS36: yes | AT36: http://kr-rada.gov.ua/upravlinnya-z-nadzvichaynih-situatsiy/publichna-informatsiya-snn/ (https://prozorro.gov.ua/tender/search?edrpou=26321546) https://prozorro.gov.ua/tender/search?edrpou=23227605 prozzoro.gov.ua | AU36: yes | AV36: http://lis.gov.ua/otkrytye-dannye/21487-perelik-ukladenikh-dogovoriv-ukladeni-dogovori-inshi-pravochini-dodatki-dodatkovi-ugodi-ta-inshi-materiali-do-nikh.html | AW36: yes | AX36: https://www.lutskrada.gov.ua/pages/elektronni-zakupivli-lutskoi-miskoi-rady | AY36: yes | AZ36: https://city-adm.lviv.ua/lmr/economy/analiz-zakupivel | BA36: yes | BB36: http://mariupolrada.gov.ua/page/elektronni- zakupivli | BC36: partially | BD36: «ProZorro» | BE36: partially | BF36: https://www.dzo.com.ua/ | BG36: yes | BH36: https://mukachevo-rada.gov.ua/upravlinnya-mistom/biznes/publichni-zakupivli/informaciya-pro-zakupivli-do-50-tis-grn https://prozorro.gov.ua/tender/search?edrpou=04053743 | BI36: no | BK36: yes | BL36: http://nikopol-mrada.dp.gov.ua/prijmalnya/koshty-mista/zakupivli-za-biudzhetni-koshty/zaversheni-zakupivli-arkhiv | BM36: no | BO36: yes | BP36: https://www.omr.gov.ua/ua/open-city/prozorro/ | BQ36: yes | BR36: http://olexrada.gov.ua/category/gov_supply | BS36: yes | BT36: - https://pavlogradmrada.dp.gov.ua/elektronni-zakupili-prozorro | BU36: partially | BW36: yes | BX36: https://prozorro.gov.ua/tender/search?query=04057758 ( Prozorro ) | BY36: yes | BZ36: http://sed-rada.gov.ua/prozorro | CA36: yes | CB36: http://slavrada.gov.ua/?view=prozorro | CC36: no | CE36: yes | CF36: https://ternopilcity.gov.ua/byudget-ternopolya/elektronni-zakupivli/publichniy-modul-analitiki-vi/39701.html https://ternopilcity.gov.ua/byudget-ternopolya/elektronni-zakupivli/servis-dlya-zdiysnennya-elektronnih-zakupivel/ | CG36: no | CI36: no | CK36: yes | CL36: https://www.city.kharkov.ua/uk/dokumentyi/gosudarstvennyie-zakupki/e-tender.html | CM36: no | CO36: yes | CP36: http://khm.gov.ua/uk/content/monitoryng-miscevyh-zakupivel | CQ36: yes | CR36: http://chmr.gov.ua/ua/text.php?s=33&s1=445 http://chmr.gov.ua/ua/sections.php?s=33 | CS36: yes | CT36: https://drive.google.com/drive/folders/1334MR9gsjgWgYKX_MvDY1EJJ4DNsbe4n | CU36: yes | CV36: http://chernigiv-rada.gov.ua/e-zakupivli/ | CW36: yes | CX36: http://shostka-rada.gov.ua/purchasing/
A37: Q36 | B37: Are all the contracts and the amendments thereto published on the City Council website on a regular basis (providing hyperlinks between contracts, invoices and amendments to contracts for easy access to all the documents relating to the respective contract)? | C37: yes | D37: http://artemrada.gov.ua/22966 https://prozorro.gov.ua/tender/search?edrpou=04052732 | E37: no | F37: Edata | G37: no | I37: yes | J37: http://www.zvit.pro/ | K37: no | M37: yes | N37: https://www.vmr.gov.ua/TransparentCity/Lists/TenderMonitoring/Default.aspx https://opendata.gov.ua/dataset?groups=oihahcn https://spending.gov.ua/new/disposers/03084813/agreements | O37: yes | P37: https://dniprorada.gov.ua/uk/page/vikonavchi-organi-miskoi-radi - https://spending.gov.ua/new/, . https://opendata.dniprorada.gov.ua/dataset/-----------1 | Q37: no | R37: https://drohobych-rada.gov.ua/%d0%b5%d0%ba%d0%be%d0%bd%d0%be%d0%bc%d1%96%d0%ba%d0%b0/%d0%b7%d0%b0%d0%ba%d1%83%d0%bf%d1%96%d0%b2%d0%bb%d1%96-%d1%80%d0%be%d0%b7%d0%bf%d0%be%d1%80%d1%8f%d0%b4%d0%bd%d0%b8%d0%ba%d1%96%d0%b2/ | S37: partially | T37: ZAKUPKI.PROM.UA http://zt-rada.gov.ua/onlineport | U37: yes | V37: https://zp.gov.ua/uk/page/prozorro-1 | W37: yes | X37: https://spending.gov.ua/new/disposers/04054346/agreements | Y37: no | AA37: no | AC37: yes | AD37: http://kam.gov.ua/prozori_zakupivli | AE37: yes | AF37: https://kmr.gov.ua/uk/content/informaciya-pro-ukladeni-dogovory/ | AG37: yes | AH37: http://www.kovelrada.gov.ua/tenderni_zakupivli.html https://data.gov.ua/organization/vykonavchyi-komitet-kovelskoyi-miskoyi-rady-volynskoyi-oblasti | AI37: no | AK37: no | AM37: no | AO37: no | AQ37: partially | AR37: https://kr.gov.ua/ua/st/pg/300818848519573_s/ https://od.kr.gov.ua/ua/odata_dataset/pg/180416948640157/ https://od.kr.gov.ua/ua/odata_list/page/1/ | AS37: yes | AT37: http://kr-rada.gov.ua/upravlinnya-z-nadzvichaynih-situatsiy/publichna-informatsiya-snn/ Edata https://spending.gov.ua/new/ | AU37: partially | AV37: Prozorro | AW37: yes | AX37: https://www.lutskrada.gov.ua/pages/elektronni-zakupivli-lutskoi-miskoi-rady | AY37: yes | AZ37: https://city-adm.lviv.ua/lmr/economy/analiz-zakupivel | BA37: yes | BB37: http://mariupolrada.gov.ua/page/elektronni-zakupivli | BC37: no | BE37: partially | BF37: https://www.dzo.com.ua/ https://prozorro.gov.ua/ | BG37: yes | BH37: https://mukachevo-rada.gov.ua/upravlinnya-mistom/biznes/publichni-zakupivli/informaciya-pro-zakupivli-do-50-tis-grn https://prozorro.gov.ua/tender/search?edrpou=04053743 | BI37: no | BK37: yes | BL37: http://nikopol-mrada.dp.gov.ua/prijmalnya/koshty-mista/zakupivli-za-biudzhetni-koshty/zaversheni-zakupivli-arkhiv | BM37: no | BO37: yes | BP37: https://www.omr.gov.ua/ua/open-city/prozorro/ | BQ37: yes | BR37: http://olexrada.gov.ua/category/gov_supply | BS37: yes | BT37: https://pavlogradmrada.dp.gov.ua/elektronni-zakupili-prozorro | BU37: partially | BW37: yes | BX37: https://prozorro.gov.ua/tender/search?query=04057758 ( Prozorro ) | BY37: yes | BZ37: http://sed-rada.org.ua/prozorro | CA37: no | CB37: Prozorro, | CC37: no | CE37: yes | CF37: https://ternopilcity.gov.ua/byudget-ternopolya/elektronni-zakupivli/publichniy-modul-analitiki-vi/39701.html https://ternopilcity.gov.ua/byudget-ternopolya/elektronni-zakupivli/servis-dlya-zdiysnennya-elektronnih-zakupivel/ | CG37: partially | CH37: https://rada-uzhgorod.gov.ua/golovni-rozporyadniki-koshtiv-na-sayti https://rada-uzhgorod.gov.ua/byudzhet-na-mapi/ | CI37: no | CK37: yes | CL37: https://www.city.kharkov.ua/uk/dokumentyi/gosudarstvennyie-zakupki/e-tender.html | CM37: no | CO37: yes | CP37: https://mycity.khm.gov.ua/OpenData/GetAllDocByEdu?eduCode=04060772 | CQ37: yes | CR37: http://chmr.gov.ua/ua/files.php?s=33&s1=363 http://chmr.gov.ua/ua/text.php?s=33&s1=445 http://chmr.gov.ua/ua/files.php?s=33&s1=360 http://chmr.gov.ua/ua/files.php?s=33&s1=361 | CS37: yes | CT37: https://drive.google.com/drive/folders/1CHu5tjbfgzjDQSSUvDgwUFx38TFRh_C3 | CU37: yes | CV37: http://chernigiv-rada.gov.ua/e-zakupivli/ | CW37: yes | CX37: http://shostka-rada.gov.ua/purchasing/komitet1/
A38: Q37 | B38: Is there a possibility to track on the City Council website in a real-time mode the information on procurements carried out through the Prozorro system with the respective hyperlinks to the current offers? | C38: yes | D38: http://artemrada.gov.ua/22966 https://prozorro.gov.ua/tender/search?edrpou=04052732 | E38: yes | F38: https://berdychiv.com.ua/%d0%bf%d1%80%d0%be%d0%b7%d0%be%d1%80%d1%96%d1%81%d1%82%d1%8c/%d0%b5%d0%bb%d0%b5%d0%ba%d1%82%d1%80%d0%be%d0%bd%d0%bd%d1%96-%d0%b7%d0%b0%d0%ba%d1%83%d0%bf%d1%96%d0%b2%d0%bb%d1%96/ | G38: yes | H38: https://bmr.gov.ua/index.php? id=800000936 | I38: yes | J38: http://bc-rada.gov.ua/node/8429 | K38: yes | L38: https://spending.gov.ua/new/disposers/04054932/agreements | M38: yes | N38: https://www.vmr.gov.ua/Executives/Lists/DepartmentOfWorkAndSocialProtection/ShowContent.aspx?ID=41 | O38: yes | P38: https://dniprorada.gov.ua/uk/page/prozorro | Q38: yes | R38: https://drohobych-rada.gov.ua/%d0%b5%d0%ba%d0%be%d0%bd%d0%be%d0%bc%d1%96%d0%ba%d0%b0/%d0%b7%d0%b0%d0%ba%d1%83%d0%bf%d1%96%d0%b2%d0%bb%d1%96-%d1%80%d0%be%d0%b7%d0%bf%d0%be%d1%80%d1%8f%d0%b4%d0%bd%d0%b8%d0%ba%d1%96%d0%b2/ | S38: yes | T38: http://zt-rada.gov.ua/?3398[0]=7912 | U38: yes | V38: https://zp.gov.ua/uk/page/prozorro-1 | W38: yes | X38: http://www.mvk.if.ua/tender | Y38: no | AA38: yes | AB38: http://kam-pod.gov.ua/gromadianam/zakupivli | AC38: yes | AD38: http://kam.gov.ua/prozori_zakupivli | AE38: yes | AF38: https://kmr.gov.ua/uk/plan-zakupivel | AG38: yes | AH38: http://www.kovelrada.gov.ua/tenderni_zakupivli.html | AI38: yes | AJ38: https://konotop-rada.gov.ua/7512-2019-07-08-13-50-51/ | AK38: no | AM38: yes | AN38: DOZORRO: https://dozorro.org/customers/04052809/tenders?tid=&status=®ion=&reaction=0 | AO38: yes | AP38: https://opendata.kremen.gov.ua/dataset/%D1%96%D0%BD%D1%84%D0%BE%D1%80%D0%BC%D0%B0%D1%86%D1%96%D1%8F-%D0%BF%D1%80%D0%BE-%D0%B2%D1%81%D1%96%D1%85-%D1%80%D0%BE%D0%B7%D0%BF%D0%BE%D1%80%D1%8F%D0%B4%D0%BD%D0%B8%D0%BA%D1%96%D0%B2-%D0%BA%D0%BE%D1%88%D1%82%D1%96%D0%B2-%D1%89%D0%BE-%D0%B7%D0%B4%D1%96%D0%B9%D1%81%D0%BD%D1%8E%D1%8E%D1%82%D1%8C-%D0%B7%D0%B0%D0%BA%D1%83%D0%BF%D1%96%D0%B2%D0%BB%D1%96-%D1%87%D0%B5%D1%80%D0%B5%D0%B7-%D0%BF%D1%83%D0%B1%D0%BB%D1%96%D1%87%D0%BD%D1%96-%D1%81%D0%B5%D1%80%D0%B2%D1%96%D1%81%D0%B8-0#{}https://www.kremen.gov.ua/index.php?view=prozorro | AQ38: no | AR38: https://kr.gov.ua/ua/st/pg/300818848519573_s/ 2019-2020 . | AS38: yes | AT38: http://kr-rada.gov.ua/upravlinnya-z-nadzvichaynih-situatsiy/publichna-informatsiya-snn/ ((https://prozorro.gov.ua/tender/search?edrpou=26321546) | AU38: partially | AV38: Prozorro | AW38: yes | AX38: https://www.lutskrada.gov.ua/pages/elektronni-zakupivli-lutskoi-miskoi-rady | AY38: yes | AZ38: https://city-adm.lviv.ua/lmr/economy/elektronni-zakupivli | BA38: yes | BB38: http://mariupolrada.gov.ua/page/elektronni-zakupivli | BC38: no | BE38: partially | BF38: https://prozorro.gov.ua/ https://www.dzo.com.ua/ | BG38: yes | BH38: https://mukachevo-rada.gov.ua/upravlinnya-mistom/biznes/publichni-zakupivli/informaciya-pro-zakupivli-do-50-tis-grn https://prozorro.gov.ua/tender/search?edrpou=04053743 | BI38: no | BK38: yes | BL38: - http://nikopol-mrada.dp.gov.ua/prijmalnya/koshty-mista/zakupivli-za-biudzhetni-koshty/pryiom-propozytsii - http://nikopol-mrada.dp.gov.ua/prijmalnya/koshty-mista/zakupivli-za-biudzhetni-koshty/auktsion | BM38: no | BO38: yes | BP38: https://www.omr.gov.ua/ua/open-city/prozorro/ | BQ38: yes | BR38: http://olexrada.gov.ua/category/gov_supply | BS38: yes | BT38: https://pavlogradmrada.dp.gov.ua/elektronni-zakupili-prozorro | BU38: no | BW38: yes | BX38: https://prozorro.gov.ua/tender/search?query=04057758 ( Prozorro ) | BY38: yes | BZ38: http://sed-rada.gov.ua/prozorro | CA38: yes | CB38: http://slavrada.gov.ua/?view=prozorro | CC38: no | CE38: yes | CF38: https://ternopilcity.gov.ua/byudget-ternopolya/elektronni-zakupivli/publichniy-modul-analitiki-vi/39701.html | CG38: yes | CH38: ProZorro https://rada-uzhgorod.gov.ua/golovni-rozporyadniki-koshtiv-na-sayti | CI38: no | CK38: yes | CL38: https://www.city.kharkov.ua/uk/dokumentyi/gosudarstvennyie-zakupki/e-tender.html | CM38: no | CO38: yes | CP38: http://khm.gov.ua/uk/content/monitoryng-miscevyh-zakupivel | CQ38: yes | CR38: http://chmr.gov.ua/ua/text.php?s=33&s1=445 http://chmr.gov.ua/ua/sections.php?s=33 | CS38: no | CU38: yes | CV38: http://chernigiv-rada.gov.ua/e-zakupivli/ | CW38: yes | CX38: http://shostka-rada.gov.ua/purchasing/
A39: Q38 | B39: Are the procedure and conditions of communal property objects’ privatization published on the City Council website? | C39: yes | D39: http://artemrada.gov.ua/documents/%D0%B1%D0%B0%D1%85%D0%BC%D1%83%D1%82/144-%D0%B2%D1%96%D0%B4-22072020/20200722-%E2%84%966144-3056 | E39: yes | F39: https://berdychiv.com.ua/%d0%bf%d1%80%d0%be%d0%b7%d0%be%d1%80%d1%96%d1%81%d1%82%d1%8c/%d0%bf%d1%80%d0%b8%d0%b2%d0%b0%d1%82%d0%b8%d0%b7%d0%b0%d1%86%d1%96%d1%8f-%d0%b2%d1%96%d0%b4%d1%87%d1%83%d0%b6%d0%b5%d0%bd%d0%bd%d1%8f-%d0%bc%d0%b0%d0%b9%d0%bd%d0%b0-%d0%bc%d1%96%d1%81%d1%8c%d0%ba/ | G39: yes | H39: https://bmr.gov.ua/index.php? id=800000880 | I39: yes | J39: https://www.bc-ukv.org.ua/%d0%b7%d0%b0%d0%ba%d0%be%d0%bd%d0%be%d0%b4%d0%b0%d0%b2%d1%87%d1%96-%d0%b0%d0%ba%d1%82%d0%b8/ | K39: no | M39: yes | N39: https://www.vmr.gov.ua/Branches/Lists/GMDepkomunresursiv/ShowContent.aspx?ID=16 | O39: yes | P39: https://dniprorada.gov.ua/uk/page/poshuk-prijnyatih-dokumentiv-dniprovskoi-miskoi-radi | Q39: no | S39: yes | T39: http://zt-rada.gov.ua/?3445[0]=19 | U39: yes | V39: https://zp.gov.ua/uk/sessions/48/resolutions/. https://zp.gov.ua/upload/editor/programa_privatizacii_.pdf | W39: yes | X39: http://depkr.if.ua/index.php/2018-09-15-19-23-32/pryvatyzatsiia-komunalnoho-maina/normatyvno-pravovi-akty | Y39: no | AA39: partially | AB39: https://kam-pod.gov.ua/economika/komunalne-maino/ogoloshennya-pro-komunalne-majno | AC39: yes | AE39: yes | AF39: (https://kmr.gov.ua/sites/default/files/4225_0.pdf) | AG39: yes | AH39: http://www.kovelrada.gov.ua/privatization_communal.html | AI39: no | AK39: no | AM39: no | AO39: no | AQ39: yes | AR39: https://kr.gov.ua/ua/news/pg/280220881715713_n/ | AS39: yes | AT39: http://kr-rada.gov.ua/uploads/documents/21152-rish_1948_06-11-2018.pdf | AU39: no | AW39: no | AX39: https://www.lutskrada.gov.ua/documents/pro-diialnist-auktsionnoi-komisii-dlia-prodazhu-ob-iektiv-maloi-pryvatyzatsii-shcho-nalezhat-terytorialnii-hromadi-mista-lutska | AY39: yes | AZ39: http://mayno.lviv.ua/normatyvno-pravova-baza/pryvatyzaciya | BA39: no | BC39: no | BE39: no | BG39: yes | BH39: https://mukachevo-rada.gov.ua/npas/pro-zatverdzhennya-pereliku-obyektiv-komunalnoyi-vlasnosti-shcho-pidlyagayut-privatizaciyi-v-2021-2022-rokah-shlyahom-aukcionu-data-oprilyudnennya-15012021 | BI39: yes | BJ39: https://nizhynrada.gov.ua/nmr/ekonomichniy-rozvitok/pidpriyemstva-mista/komunalni-pidpriyemstva-mista/komunalne-mayno https://nizhynrada.gov.ua/nmr/investiciyna-diyalnist/ob-yekti-shcho-pidlyagayut-privatizaciji-v-2020-roci-na-teritoriji-m-nizhina | BK39: partially | BL39: http://nikopol-mrada.dp.gov.ua/mayno/mayno_docs/pologennyaporpd.pdf | BM39: no | BO39: partially | BP39: https://www.omr.gov.ua/ru/acts/council/104960/ | BQ39: yes | BR39: http://zakon.olexrada.gov.ua/kartka.php?i=c018613 | BS39: partially | BT39: https://pavlogradmrada.dp.gov.ua/wp-content/uploads/2020/10/%D0%9D%D0%B0%D0%BA%D0%B0%D0%B7-60-%D1%81%D0%B0%D0%B9%D1%82.pdf | BU39: yes | BV39: (http://odata.rada-poltava.gov.ua/) | BW39: no | BY39: yes | BZ39: http://sed-rada.gov.ua/diyuchi-programi-sievierodoneckoyi-miskoyi-radi/programa-vidchuzhennya-obiektiv-komunalnoyi-vlasnosti-teritorialnoyi-gromadi-m-sievierodoneck-na-2019-rik | CA39: no | CC39: no | CE39: yes | CF39: https://ternopilcity.gov.ua/poslugi-ta-mayno-gromadi/mayno-komunalnoi-vlasnosti/normativno-pravova-baza/24196.html https://ternopilcity.gov.ua/poslugi-ta-mayno-gromadi/zemelni-resursi/poryadok-prodagu-zemelnih-dilyanok-ta-prav-na-nih-richnogo-rozmiru-orendnoi-plati-na-zemelnih-torgah-u-formi-auktsionu/ | CG39: yes | CH39: https://rada-uzhgorod.gov.ua/media/1/%D0%A0%D0%A1_1457.pdf https://rada-uzhgorod.gov.ua/media/1/%D0%A0%D0%A1_1458.pdf | CI39: yes | CJ39: https://uman-rada.gov.ua/index.php/ekonomika/komunalne-maino/pryvatyzatsiia/item/12913-povidomlennia-shchodo-protsesiv-pryvatyzatsii-komunalnoho-maina https://uman-rada.gov.ua/index.php/ekonomika/komunalne-maino/pryvatyzatsiia | CK39: yes | CL39: https://www.city.kharkov.ua/uk/document/rishennya-24-sesii-kharkivskoi-miskoi-radi-7-sklikannya-vid-19122018-138218-pro-zatverdzhennya-polozhennya-pro-privatizatsiyu-obektiv-komunalnoi-vlasnosti-teritorialnoi-gromadi-m-kharkova-54400.html , | CM39: yes | CN39: http://www.city.kherson.ua/articles/vidchuzhennya-ob-yektiv-komunalnoyi-vlasnosti | CO39: yes | CP39: https://khm.gov.ua/uk/content/informaciyne-povidomlennya-upravlinnya-komunalnogo-mayna-hmelnyckoyi-miskoyi-rady-pro-3 | CQ39: yes | CR39: http://chmr.gov.ua/ua/news.php?s=8&s1=48&s2=616 | CS39: yes | CT39: http://chernivtsy.eu/portal/f/mr/ses2015065-1639-d1.doc - http://chernivtsy.eu/portal/f/mr/ses2010050-1284.doc http://chernivtsy.eu/portal/f/mr/ses2014055-1354.doc http://chernivtsy.eu/portal/f/mr/ses2015065-1639.doc http://chernivtsy.eu/portal/f/mr/ses2016008-276.doc 2010., 2014., 2015., 2016. | CU39: yes | CV39: https://chernigiv-rada.gov.ua/rishennya-sesii/sid-59/scid-3/id-45988/ | CW39: yes | CX39: http://shostka-rada.gov.ua/government/departaments/viddil_komunalnoi_vlasnosti/dostup_do_publ_chno_nformac/poryadok-privatizac-derzhavnogo-komunalnogo-majna/
A40: Q39 | B40: Are the procedure and conditions for the deprivation of the right to use communal property objects published on the City Council website? | C40: yes | D40: http://artemrada.gov.ua/documents/%D0%B1%D0%B0%D1%85%D0%BC%D1%83%D1%82/125-%D0%B2%D1%96%D0%B4-30012019/20190130-%E2%84%966125-2439 | E40: yes | F40: https://berdychiv.com.ua/%d0%bf%d1%80%d0%be%d0%b7%d0%be%d1%80%d1%96%d1%81%d1%82%d1%8c/%d0%bf%d1%80%d0%b8%d0%b2%d0%b0%d1%82%d0%b8%d0%b7%d0%b0%d1%86%d1%96%d1%8f-%d0%b2%d1%96%d0%b4%d1%87%d1%83%d0%b6%d0%b5%d0%bd%d0%bd%d1%8f-%d0%bc%d0%b0%d0%b9%d0%bd%d0%b0-%d0%bc%d1%96%d1%81%d1%8c%d0%ba/ | G40: no | I40: yes | J40: http://www.bc-ukv.org.ua | K40: yes | L40: http://brovary-rada.gov.ua/documents/30702.html | M40: yes | N40: https://www.vmr.gov.ua/Branches/Lists/GMDepkomunresursiv/ShowContent.aspx?ID=15 | O40: yes | P40: https://dniprorada.gov.ua/uk/articles/category/ogoloshennya/ | Q40: no | S40: no | T40: http://zt-rada.gov.ua/?3445[0]=19 | U40: yes | V40: https://zp.gov.ua/uk/documents/item/1237 | W40: yes | X40: http://depkr.if.ua/index.php/2018-09-15-19-23-32/pryvatyzatsiia-komunalnoho-maina/normatyvno-pravovi-akty | Y40: no | AA40: partially | AB40: https://kam-pod.gov.ua/economika/komunalne-maino/ogoloshennya-pro-komunalne-majno | AC40: yes | AE40: yes | AF40: (https://kmr.gov.ua/sites/default/files/4225_0.pdf, https://kmr.ligazakon.net/document/mr181527$2018_09_27) | AG40: no | AH40: http://www.kovelrada.gov.ua/news-4039.html | AI40: yes | AJ40: https://konotop-rada.gov.ua/wp-content/uploads/2009/05/P20144.pdfhttps://konotop-rada.gov.ua/wp-content/uploads/2009/05/P20148a.pdf | AK40: no | AM40: no | AO40: no | AQ40: yes | AR40: https://so.kr.gov.ua/ua/treezas_so/pg/3033377777_d1/ | AS40: yes | AT40: http://kr-rada.gov.ua/uploads/documents/21152-rish_1948_06-11-2018.pdf | AU40: no | AW40: yes | AX40: https://www.lutskrada.gov.ua/search?q=%D0%B2%D1%96%D0%B4%D1%87%D1%83%D0%B6%D0%B5%D0%BD%D0%BD%D1%8F | AY40: yes | AZ40: http://mayno.lviv.ua/pro-upravlinnya/polozhennya | BA40: no | BC40: no | BE40: yes | BF40: https://mkrada.gov.ua/content/informaciya-pro-hid-ta-rezultati-vidchuzhennya-komunalnogo-mayna-m-mikolaeva.html | BG40: yes | BH40: https://mukachevo-rada.gov.ua/npas/pro-zatverdzhennya-polozhennya-pro-konkurentniy-vidbir-subektiv-pidpriemnitskoi-diyalnosti-z-otsinochnoi-diyalnosti-ta-rozrobki-tsilovoi-dokumentatsii-z-vidchuzhennya-mayna-komunalnoi-vlasnos https://mukachevo-rada.gov.ua/npas/pro-vnesennya-zmin-do-rishennya-11-sesiyi-mukachivskoyi-miskoyi-radi-6-sklikannya-pro-zatverdzhennya-polozhennya-pro-konkurentnij-vidbir-subyektiv-pidpriyemnickoyi-diyalnosti-z-ocinochnoyi--2 | BI40: yes | BJ40: https://nizhynrada.gov.ua/nmr/ekonomichniy-rozvitok/pidpriyemstva-mista/komunalni-pidpriyemstva-mista/komunalne-mayno https://nizhynrada.gov.ua/nmr/investiciyna-diyalnist/ob-yekti-shcho-pidlyagayut-privatizaciji-v-2020-roci-na-teritoriji-m-nizhina | BK40: no | BM40: no | BO40: partially | BP40: https://www.omr.gov.ua/ru/acts/council/104960/ | BQ40: yes | BR40: http://zakon.olexrada.gov.ua/kartka.php?i=c018613 | BS40: partially | BT40: https://pavlogradmrada.dp.gov.ua/wp-content/uploads/2020/10/%D0%9D%D0%B0%D0%BA%D0%B0%D0%B7-60-%D1%81%D0%B0%D0%B9%D1%82.pdf | BU40: yes | BV40: (http://odata.rada-poltava.gov.ua/), | BW40: no | BY40: yes | BZ40: http://sed-rada.gov.ua/diyuchi-programi-sievierodoneckoyi-miskoyi-radi/programa-vidchuzhennya-obiektiv-komunalnoyi-vlasnosti-teritorialnoyi-gromadi-m-sievierodoneck-na-2019-rik | CA40: no | CC40: yes | CD40: https://smr.gov.ua/uk/2016-03-14-08-10-17/komunalne-majno-mista/5886-informatsiya-pro-prodazh-na-auktsioni-nezhitlovogo-primishchennya-03-05-2017.html | CE40: yes | CF40: https://ternopilcity.gov.ua/poslugi-ta-mayno-gromadi/mayno-komunalnoi-vlasnosti/normativno-pravova-baza/24196.html https://ternopilcity.gov.ua/poslugi-ta-mayno-gromadi/zemelni-resursi/poryadok-prodagu-zemelnih-dilyanok-ta-prav-na-nih-richnogo-rozmiru-orendnoi-plati-na-zemelnih-torgah-u-formi-auktsionu/ | CG40: yes | CH40: http://cnap.rada-uzhgorod.gov.ua/info/service/152/documents?languageId=0http://cnap.rada-uzhgorod.gov.ua/info/service/160/documents?languageId=0 | CI40: yes | CJ40: https://uman-rada.gov.ua/index.php/ekonomika/komunalne-maino/pryvatyzatsiia/item/12913-povidomlennia-shchodo-protsesiv-pryvatyzatsii-komunalnoho-maina https://uman-rada.gov.ua/index.php/ekonomika/komunalne-maino/pryvatyzatsiia | CK40: no | CL40: https://www.city.kharkov.ua/uk/document/rishennya-24-sesii-kharkivskoi-miskoi-radi-7-sklikannya-vid-19122018-138218-pro-zatverdzhennya-polozhennya-pro-privatizatsiyu-obektiv-komunalnoi-vlasnosti-teritorialnoi-gromadi-m-kharkova-54400.html | CM40: yes | CN40: http://www.city.kherson.ua/articles/vidchuzhennya-ob-yektiv-komunalnoyi-vlasnosti | CO40: yes | CP40: https://khm.gov.ua/uk/content/informaciyne-povidomlennya-upravlinnya-komunalnogo-mayna-hmelnyckoyi-miskoyi-rady-pro-3 https://prozorro.sale/info/elektronni-majdanchiki-ets-prozorroprodazhi-cbd2 | CQ40: yes | CR40: http://chmr.gov.ua/ua/news.php?s=8&s1=48&s2=616 | CS40: yes | CT40: http://chernivtsy.eu/portal/f/mr/ses2015065-1639-d1.doc - http://chernivtsy.eu/portal/f/mr/ses2010050-1284.doc http://chernivtsy.eu/portal/f/mr/ses2014055-1354.doc http://chernivtsy.eu/portal/f/mr/ses2015065-1639.doc http://chernivtsy.eu/portal/f/mr/ses2016008-276.doc 2010., 2014., 2015., 2016. | CU40: yes | CV40: https://chernigiv-rada.gov.ua/rishennya-sesii/sid-59/scid-3/id-45988/ | CW40: yes | CX40: http://shostka-rada.gov.ua/government/departaments/viddil_komunalnoi_vlasnosti/poryadok-privatizac-derzhavnogo-komunalnogo-majna1/
A41: Q40 | B41: Are the procedure and conditions of the territorial community’s property rental published on the City Council website? | C41: yes | D41: http://artemrada.gov.ua/documents/%D0%B1%D0%B0%D1%85%D0%BC%D1%83%D1%82/144-%D0%B2%D1%96%D0%B4-22072020/20200722-%E2%84%966144-3056 http://artemrada.gov.ua/20689 | E41: yes | F41: https://berdychiv.com.ua/%d0%bf%d1%80%d0%be%d0%b7%d0%be%d1%80%d1%96%d1%81%d1%82%d1%8c/%d0%be%d1%80%d0%b5%d0%bd%d0%b4%d0%b0-%d0%bc%d0%b0%d0%b9%d0%bd%d0%b0-%d0%bc%d1%96%d1%81%d1%8c%d0%ba%d0%be%d1%97-%d0%ba%d0%be%d0%bc%d1%83%d0%bd%d0%b0%d0%bb%d1%8c%d0%bd%d0%be%d1%97-%d0%b2%d0%bb%d0%b0/ | G41: no | I41: yes | J41: http://www.bc-ukv.org.ua// | K41: yes | L41: http://brovary-rada.gov.ua/documents/30702.html | M41: yes | N41: https://www.vmr.gov.ua/Branches/Lists/GMDepkomunresursiv/ShowContent.aspx?ID=4 | O41: yes | P41: https://dniprorada.gov.ua/uk/page/orenda-neruhomogo-majna-komunalnoi-vlasnosti | Q41: no | S41: no | T41: http://zt-rada.gov.ua/?3445[0]=19 | U41: yes | V41: https://zp.gov.ua/uk/documents/item/1237 | W41: yes | X41: http://depkr.if.ua/index.php/2018-09-15-19-23-32/orenda-komunalnoho-maina/normatyvno-pravovi-akty | Y41: no | AA41: partially | AB41: https://kam-pod.gov.ua/economika/komunalne-maino/ogoloshennya-pro-komunalne-majno | AC41: yes | AD41: http://kam.gov.ua/ua/news/pg/141118169666173_p9/ http://kam.gov.ua/komunalna_vlasnist_ta_zemelni_resursi/orenda_nerukhomogo_mayna | AE41: yes | AF41: (https://kmr.ligazakon.net/document/mr150642$2018_12_20) | AG41: yes | AH41: http://www.kovelrada.gov.ua/regulatorypolicy.html | AI41: yes | AJ41: https://konotop-rada.gov.ua/wp-content/uploads/2009/05/P20148a.pdf | AK41: yes | AL41: http://konstrada.gov.ua/sotsialno-ekonomichnij-rozvitok/zhitlovo-gospodarske-gospodarstvo/orenda | AM41: no | AO41: no | AQ41: yes | AR41: http://kr.gov.ua/ua/osxfile/name/291111692030173_s_2o/ 726 https://kr.gov.ua/ua/news/pg/110219647801384_n/ | AS41: yes | AT41: http://kr-rada.gov.ua/files/content/files/vlas-21-01-13.rar | AU41: no | AW41: yes | AX41: https://www.lutskrada.gov.ua/documents/pro-vrehuliuvannia-orendy-nerukhomoho-maina-terytorialnoi-hromady-mista-lutska1 | AY41: yes | AZ41: http://mayno.lviv.ua/normatyvno-pravova-baza/orenda | BA41: no | BC41: no | BE41: yes | BF41: https://mkrada.gov.ua/documents/3004.html | BG41: yes | BH41: https://mukachevo-rada.gov.ua/npas/pro-ukladannya-dogovoriv-orendi-zemel-komunalnoyi-vlasnosti-mukachivskoyi-miskoyi-teritorialnoyi-gromadi-redakciya-vid-27012021 | BI41: yes | BJ41: https://nizhynrada.gov.ua/news/novini/vidbulosya-obgovorennya-zu-pro-orendu-derzhavnogo-ta-komunalnogo-mayna-yakiy-vvoditsya-v-diyu-z-1-lyutogo-2020-roku | BK41: no | BM41: no | BO41: no | BQ41: yes | BR41: http://zakon.olexrada.gov.ua/kartka.php?i=c01467 http://zakon.olexrada.gov.ua/kartka.php?i=c0110081 | BS41: partially | BT41: http://pavlogradmrada.dp.gov.ua/kommayno/poryadok-provedennya-konkursu-na-pravo-orendi-majjna.html https://pavlogradmrada.dp.gov.ua/wp-content/uploads/2020/08/2242-%D0%9F%D1%80%D0%BE-%D0%BF%D0%BE%D0%B2%D0%BD%D0%BE%D0%B2%D0%B0%D0%B6%D0%B5%D0%BD%D0%BD%D1%8F-%D1%83-%D1%81%D1%84%D0%B5%D1%80i-%D0%BE%D1%80%D0%B5%D0%BD%D0%B4%D0%BD%D0%B8%D1%85-%D0%B2i%D0%B4%D0%BD%D0%BE%D1%81%D0%B8%D0%BD.doc | BU41: yes | BV41: (http://odata.rada-poltava.gov.ua/) | BW41: no | BY41: yes | BZ41: http://sed-rada.gov.ua/diyuchi-programi-sievierodoneckoyi-miskoyi-radi/programa-orendi-obiektiv-komunalnoyi-vlasnosti-teritorialnoyi-gromadi-m-sievierodonecka-luganskoyi-oblasti-na-2019-rik http://sed-rada.gov.ua/pidrozdili-vikonavchih-organiv-miskoyi-radi/fond-komunalnogo-mayna-sievierodoneckoyi-miskoyi-radi | CA41: yes | CB41: http://www.slavrada.gov.ua/?view=doc&docID=3210 | CC41: partially | CD41: https://smr.gov.ua/images/documents/Reestr_diu4ih_norm_aktiv/ Porjadok_peredachi_majna_komunalnoji_vlasnosti.doc | CE41: yes | CF41: https://ternopilcity.gov.ua/poslugi-ta-mayno-gromadi/mayno-komunalnoi-vlasnosti/normativno-pravova-baza/24196.html | CG41: yes | CH41: http://cnap.rada-uzhgorod.gov.ua/info/service/145/documents?languageId=0 https://rada-uzhgorod.gov.ua/media/1/%D0%A0%D0%A1_1455.pdf | CI41: yes | CJ41: https://uman-rada.gov.ua/index.php/diialnist/rehuliatorna-diialnist/opryliudnennia-proektiv-rehuliatornykh-aktiv-ta-analizu-rehuliatornoho-vplyvu/item/439-pro-zatverdzhennia-polozhen-pro-poriadok-rozmishchennia-tymchasovykh-sporud-dlia-zdiisnennia-pidpryiemnytskoi-diialnosti https://uman-rada.gov.ua/index.php/ekonomika/komunalne-maino/orenda | CK41: no | CM41: no | CO41: yes | CP41: https://khm.gov.ua/uk/content/vid-13092018-no-684-pro-zatverdzhennya-poryadku-provedennya-konkursu-na-pravo-orendy | CQ41: yes | CR41: http://chmr.gov.ua/ua/notice.php?s=8&s1=48&s2=187 | CS41: yes | CT41: http://chernivtsy.eu/portal/f/mr/ses2009047-1180.doc http://chernivtsy.eu/portal/f/mr/ses2011018-364.doc http://chernivtsy.eu/portal/f/mr/ses2013043-1049.doc - 2009., 2011., 2013. http://chernivtsy.eu/portal/f/mr/ses2009047-1180-pol.doc http://chernivtsy.eu/portal/f/mr/ses2009047-1180-d.doc | CU41: yes | CV41: https://chernigiv-rada.gov.ua/storage/files/26/23/18/23/17d3b27b1e3be29dc8948d9c53195d65.pdf | CW41: yes | CX41: http://www.shostka-rada.gov.ua/documents/rishennya_rada/rshennya_shostkinsko_msko_radi_vigo_sklikannya/sessiya6/pro_udoskonalennya_orendnih_vdnosin_u_shostka/
A42: Q41 | B42: Is the procedure of competition for the right to purchase/rent the territorial community’s property published on the City Council website? | C42: yes | D42: https://drive.google.com/file/d/1oPFcG4Xephya4cb1_ievEGlZLaF3q-Lm/view | E42: no | F42: Prozorro | G42: yes | H42: https://bmr.gov.ua/index.php? id=800000880 | I42: yes | J42: http://www.bc-ukv.org.ua// | K42: no | M42: yes | N42: https://www.vmr.gov.ua/Branches/Lists/GMDepkomunresursiv/ShowContent.aspx?ID=4 | O42: yes | P42: https://dniprorada.gov.ua/uk/articles/category/ogoloshennya/ | Q42: no | S42: no | T42: http://zt-rada.gov.ua/?3445[0]=19 | U42: yes | V42: https://zp.gov.ua/uk/documents/item/1237 https://zp.gov.ua/upload/editor/programa_privatizacii_.pdf | W42: yes | X42: http://depkr.if.ua/index.php/2018-09-15-19-23-32/orenda-komunalnoho-maina/normatyvno-pravovi-akty http://depkr.if.ua/index.php/2018-09-15-19-23-32/pryvatyzatsiia-komunalnoho-maina/normatyvno-pravovi-akty | Y42: partially | Z42: http://izmail-rada.gov.ua/2020-06-12-06-37-16/10056-----------403 http://izmail-rada.gov.ua/component/content/article/55-2010-03-18-12-40-14/9161-2019-05-29-13-39-39 | AA42: yes | AB42: https://kam-pod.gov.ua/economika/komunalne-maino/ogoloshennya-pro-komunalne-majno | AC42: yes | AD42: http://kam.gov.ua/ua/news/pg/141118436657775_p9/ http://kam.gov.ua/komunalna_vlasnist_ta_zemelni_resursi/orenda_nerukhomogo_mayna | AE42: yes | AF42: (https://kmr.ligazakon.net/document/mr150642$2018_12_20) | AG42: no | AI42: no | AK42: yes | AL42: http://konstrada.gov.ua/sotsialno-ekonomichnij-rozvitok/zhitlovo-gospodarske-gospodarstvo/orenda | AM42: no | AO42: yes | AP42: https://kremen.gov.ua/index.php?view=search&search_type=all&search_all=%D0%BF%D1%80%D0%BE%D0%B2%D0%B5%D0%B4%D0%B5%D0%BD%D0%BD%D1%8F+%D0%BA%D0%BE%D0%BD%D0%BA%D1%83%D1%80%D1%81%D1%83+%D0%BD%D0%B0+%D0%BF%D1%80%D0%B0%D0%B2%D0%BE+%D0%BE%D1%80%D0%B5%D0%BD%D0%B4%D0%B8+%D0%BC%D0%B0%D0%B9%D0%BD%D0%B0 | AQ42: yes | AR42: http://kr.gov.ua/ua/osxfile/name/291111692030173_s_2o/ | AS42: yes | AT42: http://kr-rada.gov.ua/files/content/files/vlas-21-01-13.rar | AU42: yes | AV42: http://lis.gov.ua/2011-03-25-08-36-56/resheniya/resheniya-sessij-gorodskogo-soveta/393-resheniya-sessij-gorodskogo-soveta-6-sozyva/resheniya-45-sessii-6-go-sozyva.html | AW42: yes | AX42: https://www.lutskrada.gov.ua/documents/pro-vdoskonalennya-organizaciyi-ta-provedennya-konkursiv-na-pravo-orendy-nezhytlovyh | AY42: yes | AZ42: https://city-adm.lviv.ua/competitions https://city-adm.lviv.ua/public-information/search?searchword=%D0%BF%D1%80%D0%BE%D0%B2%D0%B5%D0%B4%D0%B5%D0%BD%D0%BD%D1%8F+%D0%BA%D0%BE%D0%BD%D0%BA%D1%83%D1%80%D1%81%D1%83&search_cat=1 | BA42: no | BC42: no | BE42: partially | BF42: https://mkrada.gov.ua/documents/3004.html | BG42: yes | BH42: https://mukachevo-rada.gov.ua/npas/pro-peredachu-majna-mukachivskoyi-miskoyi-teritorialnoyi-gromadi-v-operativne-upravlinnya https://mukachevo-rada.gov.ua/npas/pro-vnesennya-zmin-do-rishennya-11-sesiyi-mukachivskoyi-miskoyi-radi-6-sklikannya-pro-zatverdzhennya-polozhennya-pro-konkurentnij-vidbir-subyektiv-pidpriyemnickoyi-diyalnosti-z-ocinochnoyi--3 | BI42: no | BK42: no | BM42: no | BO42: partially | BP42: (https://www.omr.gov.ua/ua/city/departments/dks/informacionnie-materiali/) - https://www.omr.gov.ua/ru/acts/mayor/7962/ https://www.omr.gov.ua/ua/news/216443 | BQ42: yes | BR42: http://zakon.olexrada.gov.ua/kartka.php?i=c02146 | BS42: no | BU42: yes | BV42: (http://odata.rada-poltava.gov.ua/) | BW42: no | BY42: yes | BZ42: http://sed-rada.gov.ua/diyuchi-programi-sievierodoneckoyi-miskoyi-radi/programa-orendi-obiektiv-komunalnoyi-vlasnosti-teritorialnoyi-gromadi-m-sievierodonecka-luganskoyi-oblasti-na-2019-rik https://data.gov.ua/dataset/d7f7840d-b364-462c-92b6-24978a5aa454 | CA42: yes | CB42: http://www.slavrada.gov.ua/?view=doc&docID=3210 | CC42: yes | CD42: https://smr.gov.ua/uk/2016-03-14-08-10-17/komunalne-majno-mista/orenda-nerukhomogo-majna/1876-dokumenti-shcho-podayutsya-uchasnikom-konkursu-na-pravo-orendi-komunalnogo-majna.html ( ) | CE42: yes | CF42: https://ternopilcity.gov.ua/poslugi-ta-mayno-gromadi/mayno-komunalnoi-vlasnosti/ogoloshennya-vikonavchogo-komitetu-ternopilskoi-miskoi-radi-pro-namir-peredati-v-orendu-mayno-komunalnoi-vlasnosti/ | CG42: yes | CH42: https://rada-uzhgorod.gov.ua/page/komunalna-vlasnist-2/#z59cucdxsji | CI42: yes | CJ42: http://uman-rada.gov.ua/index.php/komunalne-maino https://uman-rada.gov.ua/index.php/ekonomika/komunalne-maino/orenda | CK42: no | CL42: https://www.city.kharkov.ua/uk/document/pro-zatverdzhennya-polozhennya-pro-poryadok-viznachennya-rozmiriv-orendnoyi-plati-3087.html | CM42: no | CO42: yes | CP42: https://khm.gov.ua/uk/content/vid-13092018-no-684-pro-zatverdzhennya-poryadku-provedennya-konkursu-na-pravo-orendy | CQ42: yes | CR42: http://chmr.gov.ua/ua/notice.php?s=8&s1=48&s2=187 | CS42: yes | CT42: http://chernivtsy.eu/portal/f/mr/ses2009047-1180-pol.doc | CU42: yes | CV42: https://chernigiv-rada.gov.ua/rishennya-sesii/sid-59/scid-3/id-45988/ | CW42: yes | CX42: http://www.shostka-rada.gov.ua/documents/rishennya_rada/rshennya_shostkinsko_msko_radi_vigo_sklikannya/sessiya6/pro_udoskonalennya_orendnih_vdnosin_u_shostka/
A43: Q42 | B43: Is the information on the planned competitive procedures for the sale/rental of the territorial community’s property published on the City Council website? | C43: yes | D43: http://artemrada.gov.ua/news/23462 | E43: no | G43: yes | H43: https://bmr.gov.ua/index.php? id=800000396&no_cache=l https://bmr.gov.ua/index.php? id=800000384&no_cache=1 | I43: yes | J43: https://www.bc-ukv.org.ua/ | K43: yes | L43: http://brovary-rada.gov.ua/news/18027.html | M43: yes | N43: https://www.vmr.gov.ua/Lists/Actual/ShowNews.aspx?ID=1067 | O43: yes | P43: https://dniprorada.gov.ua/uk/articles/category/konkursi/, https://dniprorada.gov.ua/uk/articles/category/ogoloshennya/ | Q43: yes | R43: https://drohobych-rada.gov.ua/%d0%b2%d1%80%d1%83%d1%87%d0%b5%d0%bd%d0%bd%d1%8f-%d0%ba%d0%bb%d1%8e%d1%87%d1%96%d0%b2-%d0%b2%d1%96%d0%b4-%d0%ba%d0%b2%d0%b0%d1%80%d1%82%d0%b8%d1%80%d0%b8-%d0%b4%d0%b8%d1%82%d0%b8%d0%bd%d1%96-%d1%81/ | S43: no | T43: http://zt-rada.gov.ua/?3398[0]=10165 | U43: yes | V43: https://zp.gov.ua https://zp.gov.ua/uk/page/karta-rozdilu-ekonomika https://zp.gov.ua/uk/page/admin-services https://zp.gov.ua/uk/page/orenda-ta-privatizaciya https://zp.gov.ua/uk/sessions/48/resolutions | W43: yes | X43: http://depkr.if.ua/index.php/2018-09-15-19-23-32/orenda-komunalnoho-maina/konkursy-na-pravo-orendy http://depkr.if.ua/index.php/2018-09-15-19-23-32/orenda-komunalnoho-maina/oholoshennia-pro-namir-peredaty-v-orendu-obiekty-komunalnoi-vlasnosti http://depkr.if.ua/index.php/2018-09-15-19-23-32/pryvatyzatsiia-komunalnoho-maina/auktsiony-z-prodazhu-komunalnoho-maina | Y43: yes | Z43: http://izmail-rada.gov.ua/2010-06-08-07-00-19/2013-06-05-05-35-55/9179-2019-06-06-13-55-34 | AA43: yes | AB43: https://kam-pod.gov.ua/economika/komunalne-maino/ogoloshennya-pro-komunalne-majno | AC43: yes | AD43: http://kam.gov.ua/ua/news/pg/141118771021785_p9/ | AE43: yes | AF43: https://kyivcity.gov.ua/publichna_informatsiia_Tag_166122.html?number=&dt1=&dt2=&tag=0&cat=3# https://kmr.gov.ua/privatizac | AG43: yes | AH43: http://www.kovelrada.gov.ua/news-9644.html | AI43: yes | AJ43: https://konotop-rada.gov.ua/viddil-komunalnoho-majna-konotopskoi-miskoi-rady-informuie/ | AK43: yes | AL43: http://konstrada.gov.ua/sotsialno-ekonomichnij-rozvitok/zhitlovo-gospodarske-gospodarstvo/orendaa | AM43: yes | AN43: http://www.krm.gov.ua/article/view/169 | AO43: no | AQ43: yes | AR43: http://kr.gov.ua/karta_saytu_pidrozdili_vikonkomu/upravlinnya_komunalnoi_vlasnosti_mista/ofitsiyni_povidomlennya https://kr.gov.ua/ua/news/pg/251111559829142_s/ | AS43: yes | AT43: https://data.gov.ua/dataset/a94794c6-9ee7-433e-b74f-79d277adb5e7 | AU43: yes | AV43: https://lis.gov.ua/upravlenie-sobstvennosti/novosti/22921-12-bereznya-konkurs-z-vidboru-vikonavtsiv-robit-iz-zemleustroyu.html ZVIT_VRRA_14_05_2020(2).doc | AW43: yes | AX43: https://www.lutskrada.gov.ua/departments/viddil-upravlinnia-mainom-miskoi-komunalnoi-vlasnosti/publications | AY43: yes | AZ43: https://city-adm.lviv.ua/news/city/land-policy | BA43: yes | BB43: http://mariupolrada.gov.ua/page/ogoloshennia-pro-provedennia-zakupivli-zhitla http://mariupolrada.gov.ua/page/obekti-neruhomogo-maina-komunalnoi-vlasnosti-teritoriainoi-gromadi-mista-mariupolja http://mariupolrada.gov.ua/page/orenda-maina-miskoi-komunalnoi-vlasnosti Prozorro.Sales | BC43: yes | BD43: http://mlt.gov.ua/index.php?option=com_content&task=blogcategory&id=104&Itemid=355 ' 2018 . | BE43: partially | BF43: https://mkrada.gov.ua/news/8700.html | BG43: yes | BH43: https://mukachevo-rada.gov.ua/zemlekoristuvannya-komunalna-vlasnist-ta-budivelna-politika/aukcion-komunalnoyi-vlasnosti/aukcion-z-orendi https://mukachevo-rada.gov.ua/zemlekoristuvannya-komunalna-vlasnist-ta-budivelna-politika/aukcion-komunalnoyi-vlasnosti/aukcion-z-prodazhu | BI43: no | BJ43: https://nizhynrada.gov.ua/nmr/ekonomichniy-rozvitok/pidpriyemstva-mista/komunalni-pidpriyemstva-mista/komunalne-mayno/ogoloshennya-shchodo-orendi-komunalnogo-mayna https://nizhynrada.gov.ua/nmr/ekonomichniy-rozvitok/pidpriyemstva-mista/komunalni-pidpriyemstva-mista/komunalne-mayno/ogoloshennya-shchodo-prodazhu-komunalnogo-mayna | BK43: partially | BL43: http://nikopol-mrada.dp.gov.ua/vykonavchyi-komitet/viddily-ta-upravlinnia-nmr/upravlinnia-komunalnoho-maina http://nikopol-mrada.dp.gov.ua/mayno/mayno_docs/konjurs.pdf | BM43: no | BO43: yes | BP43: https://omr.gov.ua/ua/news/216647/ https://www.omr.gov.ua/ua/news/217065 https://www.omr.gov.ua/ua/news/215868 | BQ43: yes | BR43: http://olexrada.gov.ua/category/privatization/privat_info http://olexrada.gov.ua/privatization/privat_info/upravlinnya-pryvatyzatsiyi-orendy-majna-ta-zemli-miskoyi-rady-proponuye-dlya-zdachi-v-orendu-nezhytlove-prymishhennya-3.html | BS43: yes | BT43: - http://pavlogradmrada.dp.gov.ua/category/kommayno/orenda - https://pavlogradmrada.dp.gov.ua/wp-content/uploads/2020/10/%D0%86%D0%BD%D1%84%D0%BE%D1%80%D0%BC%D0%B0%D1%86%D1%96%D0%B9%D0%BD%D0%B5-%D0%BF%D0%BE%D0%B2%D1%96%D0%B4%D0%BE%D0%BC%D0%BB%D0%B5%D0%BD%D0%BD%D1%8F_5-%D1%81%D0%B0%D0%B9%D1%82.pdf - https://pavlogradmrada.dp.gov.ua/news/perelik-nerukhomogo-komunalnogo-majjna-shho-mozhe-buti-peredano-v-orendu-v-2011-r.html | BU43: yes | BV43: (http://odata.rada-poltava.gov.ua/ | BW43: yes | BX43: http://rivnerada.gov.ua/portal/view-content/5943 | BY43: yes | BZ43: http://sed-rada.gov.ua/pidrozdili-vikonavchih-organiv-miskoyi-radi/fond-komunalnogo-mayna-sievierodoneckoyi-miskoyi-radi https://data.gov.ua/dataset/7508614d-a059-4649-88bd-cc9eb4f09c1d | CA43: yes | CB43: http://www.slavrada.gov.ua/?view=km http://www.slavrada.gov.ua/?view=obyav http://www.slavrada.gov.ua/?view=obyav&obyavID=24107 http://www.slavrada.gov.ua/?view=obyav&obyavID=23666 | CC43: yes | CD43: https://smr.gov.ua/uk/2016-03-14-08-10-17/komunalne-majno-mista/orenda-nerukhomogo-majna/182-ogoloshennya-pro-provedennya-konkursu.html ( ) | CE43: yes | CF43: https://ternopilcity.gov.ua/auktsioni-tenderi-ogoloshennya/ogoloshennya---auktsioni/ | CG43: yes | CH43: https://rada-uzhgorod.gov.ua/page/komunalna-vlasnist-2/#z59cucdxsji | CI43: yes | CJ43: https://uman-rada.gov.ua/index.php/ekonomika/komunalne-maino/orenda | CK43: yes | CL43: https://www.city.kharkov.ua/uk/dokumentyi/koristuvannya-komunalnim-majnom/orenda.html https://www.city.kharkov.ua/ru/document/pro-peredachu-mayna-v-gospodarske-vidannya-komunalnomu-pidpriemstvu-munitsipalna-apteka-mista-kharkova-60660.html https://www.city.kharkov.ua/ru/document/informatsiyne-povidomlennya-pro-privatizatsiyu-obekta-maloi-privatizatsii-nezhitlovikh-primischen-1-go-poverkhu-v-lit-a-9-zagalnoyu-ploscheyu-11135-kvm-za-adresoyu-m-kharkiv-vul-koneva-7-59910.html | CM43: yes | CN43: - http://www.city.kherson.ua/upload/bul_29.11.2019.doc - http://www.city.kherson.ua/upload/bul_120719_auk.doc | CO43: yes | CP43: https://khm.gov.ua/uk/content/informaciya-pro-pryynyattya-rishennya-pro-pryvatyzaciyu https://khm.gov.ua/uk/content/informaciyne-povidomlennya-upravlinnya-komunalnogo-mayna-hmelnyckoyi-miskoyi-rady-pro-3 https://khm.gov.ua/uk/content/informaciyne-povidomlennya-upravlinnya-komunalnogo-mayna-hmelnyckoyi-miskoyi-rady-pro-1 https://khm.gov.ua/uk/content/informaciya-pro-ogoloshennya-konkursu-z-vyznachennya-orendariv-neruhomogo-mayna-yake-0 | CQ43: yes | CR43: http://chmr.gov.ua/ua/notice.php?s=8&s1=48&s2=187 | CS43: yes | CT43: http://chernivtsy.eu/portal/6/departamentom-rozvytku-miskoyi-rady-rozmishheno-v-elektronnij-torgovij-systemi-prozorro-prodazhi-torgovyj-majdanchyk-smarttender-informatsijni-povidomlennya-pro-pryvatyzatsiyu-ob-yektiv-komunalnoyi-vl-126527.html#more-126527 http://chernivtsy.eu/portal/6/departament-rozvytku-ogoloshuye-pro-namiry-peredaty-v-orendu-neruhome-majno-2-126652.html#more-126652 http://chernivtsy.eu/portal/6/departament-rozvytku-chernivetskoyi-miskoyi-rady-ogoloshuye-konkurs-na-pravo-ukladennya-dogovoru-orendy-nezhytlovogo-prymishhennya-126654.html#more-126654 | CU43: no | CW43: yes | CX43: http://shostka-rada.gov.ua/vddl-komunalno-vlasnost-nformu/
